Workbook
Name CLASE: #REF!

Sheet 1. COND. BÁSICAS TRDM
B3: DEPARTAMENTO ADMINISTRATIVO PARA LA PROSPERIDAD SOCIAL - PROSPERIDAD SOCIAL
B4: ANEXO No. 1 - CONDICIONES OBLIGATORIAS (MÍNIMAS TÉCNICAS)
B5: GRUPO No. 1
B7: 1. PÓLIZA DE SEGURO DE TODO RIESGO DAÑOS MATERIALES COMBINADOS
B8: 1.1. | C8: INFORMACIÓN GENERAL
B9: TOMADOR: | C9: =+B3 -> DEPARTAMENTO ADMINISTRATIVO PARA LA PROSPERIDAD SOCIAL - PROSPERIDAD SOCIAL | F9: NIT. | G9: 900.039.533-8
B10: ASEGURADO: | C10: =+C9 -> DEPARTAMENTO ADMINISTRATIVO PARA LA PROSPERIDAD SOCIAL - PROSPERIDAD SOCIAL | F10: NIT. | G10: =+G9 -> 900.039.533-8
B11: BENEFICIARIO: | C11: =+C10 -> DEPARTAMENTO ADMINISTRATIVO PARA LA PROSPERIDAD SOCIAL - PROSPERIDAD SOCIAL | F11: NIT. | G11: =+G10 -> 900.039.533-8
B12: 1.2. | C12: OBJETO DEL SEGURO
B13: Amparar todos los activos (bienes inmuebles y muebles) de propiedad del DEPARTAMENTO ADMINISTRATIVO PARA LA PROSPERIDAD SOCIAL - PROSPERIDAD SOCIAL, o aquellos que se encuentren bajo su control, tenencia, responsabilidad o custodia, contra los daños o pérdidas materiales a consecuencia de cualquier riesgo, tanto por eventos internos o externos, incluyendo las pérdidas consecuenciales por todo concepto y en general los recibidos a cualquier título o por los que tenga algún interés asegurable, ubicados en el territorio nacional o por aquellos que por su naturaleza se deban trasladar a nivel mundial, dentro o fuera de las instalaciones del asegurado y/o en predios de terceros o a la intemperie y los utilizados en desarrollo del objeto social del DPS.
B14: 1.3. | C14: BIENES ASEGURADOS
B15: Las aseguradoras aceptan que no obstante las siguientes definiciones generales de bienes asegurados, el alcance de éstas se amplía al objeto establecido en el Manual de Procedimientos Administrativos y Contables para el manejo y control de los bienes de la Entidad.
B16: Los bienes asegurados comprenden absolutamente toda propiedad de bienes materiales del DEPARTAMENTO ADMINISTRATIVO PARA LA PROSPERIDAD SOCIAL - PROSPERIDAD SOCIAL o de terceros que se estén bajo su cuidado, custodia, control o por los cuales sea legal o contractualmente responsable y en general los recibidos a cualquier título o por los que tenga o tenga interés asegurable, localizados dentro del territorio nacional dentro o fuera de las instalaciones del asegurado y/o en predios de terceros y utilizados en desarrollo del objeto social del DPS, consistentes principalmente pero no limitados a los siguientes bienes:
B17: EDIFICIOS: Corresponde a las edificaciones y obras civiles, sus estructuras, cimientos, construcciones fijas con todas sus adiciones y en general toda clase de construcciones propias y no propias, de edificios e inherentes a ellos, de propiedad del DEPARTAMENTO ADMINISTRATIVO PARA LA PROSPERIDAD SOCIAL - PROSPERIDAD, o bajo su cuidado, tenencia y control , incluido anexos, escaleras externas, instalaciones eléctricas, de comunicación, intercomunicación o sonido, incluidos anexos y estructuras sanitarias, alcantarillado, para agua, aire acondicionado, (subterráneas o no), sistema de drenaje y aguas negras, tuberías, conductos, tuberías, conductos, desagües, tanques para almacenamiento, ductos, mallas, patios, aceras, instalaciones permanentes de protección contra incendio y demás instalaciones que se encuentren o no por debajo del nivel del suelo y/o subterráneas, vidrios internos y externos que conforman y hacen parte de las construcciones, rampas de acceso, tanques de almacenamiento, similares, que formen parte integrante, del edificio, o edificios asegurados, aunque no se hayan informado específicamente, entre otros ubicados en el territorio nacional y que estén bajo su responsabilidad, tenencia y/o control del DPS.
B18: MEJORAS LOCATIVAS: Todas aquellas mejoras a los inmuebles realizadas por el DEPARTAMENTO ADMINISTRATIVO PARA LA PROSPERIDAD SOCIAL - PROSPERIDAD, aún en el caso de no ser propietaria del bien, que haya realizado inversiones para adecuarlas a sus necesidades, tales como tapetes, tapizados, enchapes, mejoras eléctricas, cielos rasos, etc.
B19: CONTENIDOS Y BIENES EN GENERAL: Corresponden a todo tipo de bienes como muebles y enseres en general propios de la actividad general de una entidad pública, incluidos equipos de oficina no eléctricos ni electrónicos, entre otros, sistemas de oficina abierta, al igual que los documentos de cualquier tipo, que se encuentren localizados dentro de los predios asegurados o fuera de los mismos y que esten bajo su responsabilidad, tenencia y/o control del DEPARTAMENTO ADMINISTRATIVO PARA LA PROSPERIDAD SOCIAL - PROSPERIDAD.
B20: PLANTA, EQUIPOS Y MÁQUINAS: Corresponde a todo tipo de equipos y máquinas, extendida esta definión a aquellos que son de adhesión o para la operatividad de la infraestructura de las edificaciones al igual que cualquier tipo de herramientas, accesorios, ascensores, plantas eléctricas, calderas, generadores, ascensores, equipos del sistema hidráulico, motobombas y cualquier tipo de equipo sumergible, aire acondicionado, extractores de olores, entre otros.
B21: EQUIPOS ELÉCTRICOS, ELECTRÓNICOS Y DE COMUNICACIÓN: Comprende todos aquellos equipos eléctricos, electrónicos, electromecánicos y los de comunicación (incluidas antenas) y todas aquellas por las que sea legalmente responsable)extendida esta definición a salas de control, servidores, equipos de computo con todos sus accesorios periféricos scanner, ploters, servidores, impresoras software, equipos de telecomunicaciones, equipos celulares, equipos de comunicación portátil, tabletas, equipos móviles y/o portátiles, equipos científicos de laboratorio, electrodomésticos, entre otros y que esten bajo su tenencia y/o control del DEPARTAMENTO ADMINISTRATIVO PARA LA PROSPERIDAD SOCIAL - PROSPERIDAD.
B22: BIENES O ACTIVOS DE ALMÁCEN E INVENTARIOS: Comprende todos los elementos de consumo, devolutivos nuevos, recuperables, inservibles, papelería, útiles de oficina, equipos en general, repuestos, muestras de oferentes y demás bienes contenidos en las diferentes dependencias del DEPARTAMENTO ADMINISTRATIVO PARA LA PROSPERIDAD SOCIAL - PROSPERIDAD y en general todo elemento que los Asegurados determinen como existencias o elementos de almacén, aunque no se hayan determinado específicamente.
B23: 1.4. | C23: VALORES ASEGURADOS
B24: 1.4.1. Bienes Asegurables (Anexo No. 2) | F24: VALORES ASEGURADOS
B25: A1. Edificios | F25: =4442262000+249400000 -> 4691662000
B26: A2. Edificios en Comodato | F26: 380000000
B27: A. Total Edificios | F27: =SUM(F25:G26)+253583100 -> 5325245100
B28: B. Contenidos, Muebles y Enseres | F28: 2138629354
B29: C. Equipo Eléctricos, Electrónicos y de Comunicación (incluidos equipos móviles y portátiles, software y licencias) | F29: 36641073907
B30: D. Equipo y Maquinaría | F30: 838921061
B31: E. Bienes Devolutivos | F31: 2647455079
B32: F. Equipo de Transporte Tracción y Elevación | F32: 1218720977
B33: G. Dineros y Títulos Valores | F33: 2000000
B34: H. Donanciones | G34: 2.5619873e+10
B35: H. Adecuación de Construcciones a Normas Sismoresistentes | F35: =+F27*10% -> 532524510
B36: I. Adecuación de Suelos y Terrenos | F36: =+F27*10% -> 532524510
B37: SUBTOTAL | F37: =SUM(F27:G36) -> 7.5496968e+10
B38: INDICE VARIABLE 5% (ITEMS A y C) | F38: =SUM(F27:G32)*5% -> 2.4405023e+09
B39: TOTAL VALOR ASEGURADO | F39: =+F37+F38 -> 7.793747e+10
B40: Nota: Las aseguradoras debe tener en cuenta que el índice variable esta calculado con relación a la vigencia minima exigida, por tanto la aseguradora debe calcular el índice variable con relación a la vigencia ofertada.
B41: 1.4.2. Bienes con Sublímites
B42: BIENES Y/O RIESGO CON SUBLÍMITE A PRIMERA PÉRDIDA ABSOLUTA | F42: SUBLÍMITE
B43: Papeleria y Consumibles | F43: 1128877136
B44: TOTAL SUBLIMITES | F44: =SUM(F43:F43) -> 1128877136
B45: TOTAL VALOR ASEGURADO + SUBLÍMITES | F45: =+F44+F39 -> 7.9066347e+10
B46: NOTAS APLICABLE AL NUMERAL 1.4.2 Bienes con Sublímites
B47: 1 - Los Sublímites antes indicados corresponden al monto mínimo que deben contemplar las aseguradoras para la propuesta de cobertura de los bienes y/o riesgos.
B48: 2 - Teniendo en cuenta la imposibilidad de establecer valor asegurable para este tipo de bienes por sus características y/o su condición de flotantes, queda expresamente declarado y aceptado por la aseguradora que la misma admite que para estos no exigirá el reporte de valor asegurable y por lo tanto no aplica la condición de seguro insuficiente
B49: 1.4.1. | C49: BASE DE VALORACIÓN DE LOS BIENES ASEGURADOS
B50: EDIFICIOS: Valor de reconstrucción.
B51: CONTENIDOS, EQUIPOS ELECTRICOS, ELECTRÓNICOS Y DE COMUNICACIÓN (INCLUIDO LICENCIAS Y SOFTWARE): Valor de reposición o reemplazo.
B52: BIENES DEVOLUTIVOS Y/O INSERVIBLES O PARA DAR DE BAJA O REMATE Y/O GASTADOS: Valor fiscal y/o de uso o de remate.
B53: BIENES DE ARTE Y CULTURA: Valor Admitido.
B54: 1.4.2. | C54: BASE PARA LA DETERMINACIÓN Y APLICACIÓN DEL CONCEPTO SUBLÍMITE / VIGENCIA / AGREGADO ANUAL.
B55: Esta condición es a nivel informativo y se debe tener en cuenta que para la totalidad de Coberturas y/o condiciones básicas sublímitadas, queda expresamente aceptado por parte de los proponentes que, en concordancia con la vigencia de la póliza que se adjudique, cada Sublímite operará así:
B56: - Si la vigencia es igual o mayor a doce (12) meses: Sublímite indicado Evento /Agregado Anual.
B57: En caso de discrepancia en alguna cobertura o cláusula básicas con relación al concepto de aplicación del sublímite / vigencia / agregado anual, frente a la vigencia ofertada, prevalece el establecido en este numeral con relación al plazo de la condición ofertada.
B58: 1.5. | C58: COBERTURAS BÁSICAS
B59: Todo Riesgo: Bajo esta póliza se otorga amparo en la modalidad de todo riesgo por las pérdidas y/o daños materiales que afecten los bienes asegurados activos o inactivos por cualquier riesgo o causas, incluidos, entre otros, pero no limitados a, incendio, rayo, explosión, anegación, daños por agua, rotura de maquinaria, equipo electrónico, hurto y hurto calificado, hurto de parte y elementos de las edificaciones, actos mal intencionados de terceros, asonada, motín, conmoción civil o popular, sabotaje y terrorismo, vientos fuertes, granizo y cualquier evento de la naturaleza, impacto de vehículos terrestres, caída de aeronaves y/o piezas o partes que se desprendan o caigan de ellas, humo, impericia, descuido, sabotaje, manejo inadecuado, acción directa de la energía eléctrica como resultado de cortos circuitos, arcos voltaicos, sobrevoltajes, cualquier equipo sumergible (incluidas bombas hidráulicas) y las relacionadas a continuación que aplican para rotura de maquinaria: defectos de fabricación, fundición y uso de materiales defectuosos, errores de diseño, fatiga de los materiales, sobrecalentamiento, defectos de mano de obra, montaje incorrecto y/o defectuoso, rotura debido a fuerza centrífuga, cuerpos extraños que se introduzcan en la maquinaria asegurada, implosión, explosión química de gases impropiamente quemados en la cámara de combustión de calderas o máquinas de combustión interna, explosión física, y las demás que no se encuentren expresamente excluidas en las condiciones generales de la póliza. Se entienden incluidos los riesgos mencionados en el artículo 1105 del Código de Comercio, excepto Guerra Civil o Internacional.
B60: NOTA 1: | C60: LAS ASEGURADORAS DEBEN TENER EN CUENTA QUE NO SE ACEPTA PROPUESTA BAJO LA MODALIDAD DE RIESGOS NOMBRADOS, Y EL OFERENTE CON LA PRESENTACIÓN DEL FORMATO No.1 ACEPTA ESTA CONDICIÓN.
B61: NOTA 2: | C61: QUEDA EXPRESAMENTE ACEPTADO POR LA ASEGURADORA QUE LAS CONDICIONES, COBERTURAS Y CLAUSULAS BÁSICAS PARA LAS CUALES NO SE INDIQUE SUBLÍMITE, OPERARÁN AL 100% DEL VALOR ASEGURADO.
B62: NOTA 3: | C62: CADA SUBLÍMITE INDICADO APLICA COMBINADO PARA TODOS LOS BIENES ASEGURADOS Y ESTAN CONTEMPLADOS DENTRO DEL VALOR ASEGURADO.
B63: TERREMOTO, TEMBLOR Y/O ERUPCIÓN VOLCÁNICA Y DEMÁS EVENTOS DE LA NATURALEZA, (100%). | E63: Bajo este amparo, la aseguradora se compromete a indemnizar al Asegurado hasta el límite del valor asegurado de este sublímite, los daños y/o pérdidas materiales que sufran los bienes asegurados causados por terremoto, temblor y/o erupción volcánica y demás eventos de la naturaleza, o por incendio originado por tales fenómenos.
B64: ACTOS MAL INTENCIONADOS DE TERCEROS ASONADA, MOTÍN, CONMOCIÓN CIVIL O POPULAR Y HUELGA (INCLUIDO TERRORISMO Y SABOTAJE). Sublímite básico obligatorio de $10.000.000.000 (vigencia 1.4.2.) combinado para las coberturas de daños materiales. Se califica en Condiciones Adicionales (Formato No. 3) el aumento del sublímite ofrecido. | E64: La aseguradora se compromete a indemnizar al Asegurado hasta el límite del valor asegurado de este sublímite, los daños y/o pérdidas materiales que sufran los bienes asegurados causados por: Actos Mal Intencionados de Terceros y Terrorismo: Destrucción y daños materiales provenientes de actos terroristas, aún aquellos que sean cometidos por individuos pertenecientes a movimientos subversivo, incluida la explosión originada en tales fenómenos. Asonada, Motín, Conmoción Civil o Popular: Los daños y/o pérdidas materiales causados por personas intervinientes en desordenes, confusiones, alteraciones, y disturbios de carácter violento y tumultuario. Así como asonada según la definición del Código Penal. Huelga: Los daños y/o pérdidas materiales causados por huelguistas o por personas que tomen parte en conflictos colectivos de trabajo o suspensión de hecho de labores. Saqueo: Los daños y/o pérdidas materiales causados por eventos de saqueo (apropiación de bienes como consecuencia de de AMCCoPH y AMIT incluido T&S)
B65: COBERTURA POR ROTURA DE VIDRIOS Sublímite de $2.000.000.000 (vigencia 1.4.2.) incluidos los eventos de Actos Mal Intencionados de Terceros Asonada, Motín, Conmoción Civil o Popular y Huelga (Incluido Terrorismo y sabotaje). SIN APLICACION DE DEDUCIBLE. | E65: La aseguradora se compromete a indemnizar al Asegurado hasta el límite del valor asegurado de este sublímite, la rotura que sufran los vidrios, domos, acrílicos u otros materiales que hagan sus veces, al igual que los cristales, espejos y unidades sanitarias instalados y que formen parte del predio asegurado, incluidos aquellos que sean parte decorativas de los mismos.
B66: HURTO Y HURTO CALIFICADO Sublímite de $6.000.000.000 (vigencia 1.4.2.) combinado para todos los bienes. Sublímite para Desaparición Misteriosa $300.000.000 (vigencia 1.4.2.) Se califica en Condiciones Adicionales (Formato No. 3) el aumento del sublímite ofrecido. | E66: La aseguradora se compromete a indemnizar al Asegurado hasta el límite del valor asegurado de este sublímite, las pérdidas y/o daños materiales de los bienes asegurados, ocasionados por cualquier evento de hurto y hurto calificado, inclusive aquellos que se deriven de: - Hurto Calificado o Hurto Simple (éste último extendido a la la desaparición misteriosa de bienes únicamente en el desarrollo de las actividades de la entidad) según se define en el Código Penal. - Terremoto, temblor, erupción volcánica o cualquier otro fenómeno de la naturaleza. - Caída o destrucción total o parcial del predio asegurado.
B67: GASTOS PARA LA ADECUACIÓN DE SUELOS Y TERRENOS. Hasta el 10% del valor asegurable del bien inmueble afectado. | E67: La aseguradora se compromete a indemnizar al asegurado los gastos razonables para la adecuación de suelos y terrenos y hasta el límite del porcentaje acá establecido, las pérdidas que sufra la Entidad por daños materiales como consecuencia de Terremoto, temblor, erupción volcánica o cualquier otro evento de la naturaleza, que se originen en las siguientes situaciones: a) Alteración de las características del suelo sobre el cual se levante la edificación asegurada, de tal forma que las nuevas características de dicho suelo pongan en condiciones inhabitables dicha edificación. b) Imposibilidad del asegurado para reparar o reconstruir la edificación asegurada, en virtud de disposiciones legales o administrativas, adoptadas por autoridad competente como consecuencia de la ocurrencia de un evento asegurado, que afecte en forma grave y notoria las características del terreno. De igual forma queda expresamente aclarado y convenido que la responsabilidad de la aseguradora se establece respectivamente así: a) El valor de los costos y gastos en que necesaria y razonablemente deba incurrir el asegurado para la recuperación de la estabilidad y capacidad portante del suelo, de tal manera que se garantice la estabilidad de la edificación asegurada. b) El costo de adquisición de un lote o terreno de características y ubicación similares al lote sobre el cual se levante la edificación asegurada. Sujeto hasta el monto del límite establecido para esta condición. Para los efectos de este amparo se entenderá por valor asegurado el valor comercial del lote de terreno asegurado de acuerdo con su superficie y ubicación. Para los efectos de este amparo, la aseguradora efectuará el pago de la indemnización a que se refiere el segundo ítem del presente amparo, una vez el asegurado haya efectuado a su costa, mediante escritura pública debidamente registrada, el traspaso de los derechos sobre el terreno asegurado a nombre de la aseguradora.
B68: GASTOS PARA LA EXTINCIÓN DEL SINIESTRO. 100% DE LOS DEMOSTRADOS POR EL ASEGURADO. | E68: La Compañía se obliga a indemnizar el 100% de los gastos en que necesaria y razonablemente incurra el asegurado con el fin extinguir cualquier siniestro amparado por la póliza o para evitar su propagación, de acuerdo con lo señalado en el artículo 1074 del Código de Comercio. Se precisa que bajo ninguna circunstancia se considerara como gastos de extinción de un incendio la colaboración personal prestada por el asegurado, ni la de sus empleados, obreros o sus contratistas para el apoyo a la gestión.
B69: GASTOS ADICIONALES. Sublímite por la suma de $5.000.000.000 (vigencia 1.4.2.), incluido en el valor asegurado,sin aplicación de deducible y combinado para los siguientes gastos y coberturas. Se califica en Condiciones Adicionales (Formato No. 3) el aumento del sublímite ofrecido. | E69: No obstante, lo que se diga en contrario en las condiciones generales de la póliza, la Compañía se obliga a indemnizar los gastos adicionales (que no tengan carácter de permanentes), debidamente comprobados en que necesaria y razonablemente incurra o deba incurrir el asegurado, como consecuencia directa del siniestro. Estos gastos deben ser previamente aprobados por la aseguradora y la Entidad se compromete para estos casos presentar previamente cotización de estos gastos (cuando se requiera), la aseguradora se reserva el derecho de poder cotizar con sus proveedores los servicios que demanden la aplicación de estos gastos.
B70: 1. Gastos razonables de horas extras, trabajo nocturno o en días festivos y flete expreso y aéreo. | E70: Bajo esta cobertura se amparan los gastos adicionales y extraordinarios por concepto de horas extras, trabajo nocturno o en días festivos, flete expreso y aéreo, que se incurran o deba incurrir con motivo de una pérdida o daño amparado.
B71: 2. Gastos razonables de viajes y estadía. | E71: Bajo esta cobertura se amparan los gastos (que incurra o deba incurrir) de viajes de y estadía de funcionarios, empleados y técnicos que intervienen en la planificación de la reconstrucción o adquisición de los bienes asegurados.
B72: 3. Remoción de Escombros y Gastos de Demolición. | E72: Mediante este amparo la compañía indemnizará, los gastos razonables (en que incurra o deba incurrir) demostrados por remoción de escombros, desmantelamiento, demolición o de apuntalamiento de los bienes asegurados, que hayan sido dañados o destruidos por la ocurrencia de cualquiera de los riesgos amparados, incluyendo los gastos de limpieza, recuperación de materiales y el traslado de los escombros a sitio autorizado, con ocasión de un siniestro.
B73: 4. Gastos para la Demostración del Siniestro. | E73: Bajo este amparo se cubren los gastos razonables en que incurra o deba incurrir el asegurado, para la demostración de la ocurrencia y cuantía del siniestro y serán indemnizados bajo esta póliza. Se sublímita hasta un máximo del 15% del valor de la pérdida previa aprobación de la aseguradora.
B74: 5. Gastos para la extinción del incendio. | E74: No obstante, lo que se diga en contrario en las condiciones generales y particulares de la póliza, la Compañía se obliga a indemnizar los costos de los productos o sustancias utilizadas, así como los elementos o equipos destruidos total o parcialmente, como consecuencia de las actividades dirigidas a la extinción del incendio o para evitar su propagación, hasta el 100% de los gastos en que incurra o deba incurrir y que sean debidamente demostrados.
... B91: ACTOS DE AUTORIDAD | E91: La póliza se extiende a cubrir los daños o pérdidas materiales de los bienes asegurados, causados directamente por la acción de la autoridad legalmente constituida, ejercida con el fin de disminuir o aminorar las consecuencias de cualquiera de los riesgos amparados. Se excluye el embargo y la confiscación de bienes.
B92: 1.6. | C92: CLÁUSULAS BÁSICAS
B93: REVOCACIÓN DE LA PÓLIZA, CLÁUSULAS O CONDICIONES. Con Termino de Noventa (90) días y para AMIT, AMCCOPH, Terrorismo y Sabotaje diez (10) días. | E93: La aseguradora podrá revocar la póliza, cláusulas o condiciones unilateralmente por la compañía, mediante noticia escrita enviada al asegurado, a su última dirección registrada, con no menos de noventa (90) días y para AMIT Y AMCCOPH diez (10) días, de antelación; contados a partir de la fecha del envío. El asegurado podrá pedir la revocación en cualquier momento, según lo previsto en el Código de Comercio. Así mismo, en el caso de que la aseguradora decida no otorgar renovación o prorroga del contrato de seguro, excepto para AMIT, AMCCOPH, Terrorismo y Sabotaje, deberá dar aviso de ello al asegurado con no menos de noventa (90) días de antelación a la fecha de vencimiento de la póliza, en caso contrario se dará por entendido que la aseguradora acepta la renovación o prorroga hasta el límite legal establecido en la Ley 80 de 1993, para la adición de los contratos y manteniendo las mismas condiciones ofertadas en este proceso de aseguradoras.
B94: AMPLIACIÓN DEL AVISO DE SINIESTRO. Término de noventa (90) días Y para AMIT, AMCCOPH, Terrorismo y Sabotaje diez (10) días. | E94: La póliza extiende el término de aviso de la ocurrencia del siniestro, por parte del asegurado a un término de noventa (90) días y para AMIT Y AMCCOPH diez (10) días siguientes a la fecha en que lo haya conocido o debido conocer.
B95: COBERTURA AUTOMÁTICA PARA NUEVAS PROPIEDADES Y BIENES. Sublímite de $500.000.000 (vigencia 1.4.2.). y aviso de ciento veinte (120) días. Se califica en Condiciones Adicionales (Formato No. 3) el aumento del sublímite ofrecido. | E95: Mediante la presente cláusula, la aseguradora se obliga a otorgar cobertura automática para los bienes que adquiera, construya, estén en montajes, instale, remodele o adecúe, a cualquier título, sean nuevos o usados, sobre los cuales éste tuviere interés asegurable o queden bajo su responsabilidad, cuidado o control del asegurado, bajo las mismas condiciones ofrecidas en el presente proceso y a partir del momento en que el asegurado asuma la responsabilidad por los mismos. La aplicación de esta condición queda sujeta a que el asegurado se obliga a dar aviso a la aseguradora dentro del término señalado a la adquisición o recibo de los mismos. Esta condición dará derecho a la compañía al cobro de la prima proporcional, calculada a prorrata, con las tasas adjudicadas y correspondiente al periodo de amparo, incluido el término automático otorgado para esta condición. Así mismo queda acordado y convenido, que si el valor supera el sublímite de la presente cláusula, la cobertura aplicará hasta dicho monto y la cobertura del valor adicional operará a partir de la fecha de reporte y solicitud formulada por la entidad asegurada. En el caso de bienes en construcción, montaje y remodelación se excluye ALOP, RCE, Mantenimiento, Pruebas, Errores de diseño y Riesgo Petroquímico.
B96: AMPARO AUTOMÁTICO POR CAMBIO DE UBICACIÓN DEL RIESGO. Aviso a la aseguradora 90 días. | E96: Mediante la presente condición, queda expresamente acordado que la cobertura del seguro se extiende a cubrir los bienes asegurados, que cambien de dirección, ubicación o sean trasladados a otro(s) sitio(s), siempre y cuando ello se genere por las necesidades de la operación y/o servicio de la entidad asegurada o tomadora.
B97: EXPERTICIO TÉCNICO | E97: Queda convenido, entendido y aceptado que en el evento de existir una discrepancia entre la compañía y el asegurado en cuanto a si el siniestro constituye una pérdida total o parcial, o con relación a otros aspectos de orden técnico, la cuestión será sometida a decisión de la decisión de ingenieros, técnicos o peritos expertos en la actividad que desarrolla el asegurado (peritos o a expertos en la materia de siniestros), según los intereses afectados por el siniestro, siguiendo el procedimiento que para tal regulación previo los artículos 2026 y siguientes del código del comercio.
B98: CONOCIMIENTO DEL RIESGO | E98: La Compañía acepta mediante la presente cláusula que la Entidad, le ha brindado la oportunidad para realizar la inspección de los bienes y riesgos a que están sujetos los mismos y el patrimonio del Asegurado, razón por la cual se deja constancia del conocimiento y aceptación de los hechos, circunstancias y, en general, condiciones de los mismos. La compañía se reserva el derecho de llevar a cabo la inspección cuantas veces lo juzgue pertinente.
B99: NOMBRAMIENTO Y DESIGNACIÓN DE AJUSTADORES | E99: El nombramiento de ajustadores deberá efectuarse de común acuerdo entre la aseguradora y el asegurado, para lo cual la aseguradora presentará para cada reclamo una relación de cinco (5) firmas ajustadoras. No obstante la anterior condición, el asegurador con su propuesta se obliga a presentar la lista de todos sus ajustadores y la Entidad se reserva el derecho de nombrar al ajustador que considere más adecuado o solicitar el cambio de los mismos en caso de que no fueren de su entera satisfacción, sin que para ello se requiera motivación alguna.
B100: EXTENSIÓN DE COBERTURA PARA DAÑOS Y/O PÉRDIDAS CONSECUENCIALES | E100: La aseguradora acepta y conviene que la presente póliza se extiende a amparar los daños y/o pérdidas consecuenciales que afecten los bienes asegurados que sean derivadas de cualquier tipo de riesgo, bajo los mismos términos del seguro; siempre y cuando las mismas sean causadas por alguno de los riesgos amparados con la presente póliza, incluyendo las pérdidas y/o daños en medios de operación, como combustibles, lubricantes, refrigerantes o agentes químicos, entre otros. NOTA: No se cubren las pérdidas consecuenciales de cualquier tipo, tales como lucro cesante, incremento en costos de operación, pérdida de ingresos y pérdida de utilidades o pérdida de beneficios, pérdida de mercado.
B101: NO APLICACIÓN DE DÉMERITO POR USO O MEJORÁ TECNOLÓGICA PARA DAÑOS O PÉRDIDAS DE EQUIPOS ELÉCTRICOS, ELECTRÓNICOS Y/O DE ROTURA DE MAQUINARÍA. PARA BIENES CON EDAD DE HASTA CINCO (5) AÑOS. | E101: La aseguradora acepta no aplicará demérito por uso y/o mejora tecnológica, o cualquier otro concepto, en la liquidación de la indemnizaciones de los siniestros que afecten las coberturas de equipos eléctricos, electrónicos y/o rotura de maquinaria; según el término de años de edad ofrecido por la aseguradora y con base en la siguiente tabla de demérito a aplicar:
B102: - TABLA DE DEMÉRITO A APLICAR | E102: EDAD DEL EQUIPO | F102: PORCENTAJE | G102: ACUMULADO
E103: Superior a 0 años y hasta 5 años | F103: 0 | G103: 0
E104: Superior a 5 años y hasta 8 años | F104: 2 | G104: 6
E105: Superior a 8 años y hasta 10 años | F105: 5 | G105: 16
E106: Superior a 10 años | F106: 8 | G106: 24
E107: Aplicación de máximo el 24% en conjunto, por concepto de demérito por uso y/o mejora tecnológica para riesgos de Equipo Eléctricos, Electrónicos y/o Rotura de Maquinaría.
B108: NO APLICACIÓN DE DÉMERITO POR USO O MEJORÁ TECNOLÓGICA PARA DAÑOS O PÉRDIDAS DIFERENTES A LAS DE EQUIPOS ELÉCTRICOS, ELECTRÓNICOS Y/O ROTURA DE MAQUINARÍA. | E108: La aseguradora acepta mediante la presente póliza la no aplicación por demérito, uso, vetustez, obsolescencia tecnológica o, en fin, cualquier otro concepto para los riesgos de Sustracción, Incendio y anexos (se exceptúa los bienes correspondientes a equipos eléctricos y electrónicos). Para las coberturas de equipos eléctricos, electrónicos y rotura de maquinaría aplicará en la liquidación de las indemnizaciones las siguientes condiciones:
B109: - RECONSTRUCCIÓN, REPOSICIÓN, REPARACIÓN O REEMPLAZO. | E109: Bajo esta cláusula la Compañía pagará la indemnización por el valor de la reposición o reemplazo del bien o bienes asegurados, cuando el conjunto o la totalidad de ellos queden destruidos o de tal modo averiados que pierdan la aptitud para el fin a que están destinados o cuando no obstante no perder esa aptitud, su reparación aunque se facilite, implique perjuicios en la calidad o eficiencia en la producción u operación y de conformidad con lo siguiente y en concordancia con la tabla de demérito a aplicar:
E110: a) Se entiende por valor de reposición del bien o los bienes, el valor a nuevo del mismo o de los mismos, sin deducción alguna por depreciación, demérito, uso, vetustez, o en fin, por cualquier otro concepto.
E111: b) Si con ocasión del siniestro, la reposición o reparación del bien, conjunto o totalidad de los bienes, o de un grupo de estos o de cualquiera de ellos, el asegurado hiciera cualquier cambio o reforma en sus instalaciones, o reemplazare el o los bienes siniestrados por otro u otros de diferente naturaleza, o de mayor capacidad, serán de su cuenta los mayores costos que dichos cambios ocasionen. Se indemnizará a valor de reposición cuando el conjunto o la totalidad ellos queden destruidos o de tal modo averiados que pierdan la aptitud para el fin para el que están destinados o cuando, no obstante, no perder esa aptitud, su reparación, aunque se facilite, implique perjuicios en la calidad o eficiencia en la producción u operación.
E112: c) La Aseguradora también se obliga a indemnizar el siniestro total o parcial con base en el valor de la reconstrucción, reposición, reparación o reemplazo, si se hace conveniente o necesaria la reconstrucción en un sitio distinto al del sitio afectado por el siniestro, sin que la indemnización exceda de la suma que hubiere debido indemnizar en casos normales.
E113: d) Sin importar que la indemnización se haga bajo cualesquiera de las modalidades antes previstas, la compañía no estará obligada a responder sino hasta la concurrencia del valor asegurado, ajustado según lo estipulado en las condiciones de la póliza. Se precisa que la aseguradora en estos caso solo es el medio de pago.
E114: e) En el evento que la Entidad requiera la reposición de algún bien mueble y/o equipo o elemento, la aseguradora realizará el proceso de compra y adquisición de los equipos o bienes, en este sentido, la Entidad entregará las especificaciones técnicas de los equipos a reponer, esto con el fin que se realice la reposición por un bien de las mismas o similares características de los bienes afectados y se realice el proceso adquisición y entrega de los mismos a la Entidad. Dado lo anterior, el pago de la indemnización se realizará con base en las cotizaciones presentadas por la Entidad y/o de los proveedores que designe el asegurado.
E115: f) Queda expresamente convenido y acordado que, en caso de siniestro de bienes cotizados bajo cualquier denominación de moneda extranjera, la aseguradora liquidará el bien con la Tasa Representativa del Mercado (TRM) del día del siniestro. En caso que para efectos de la indemnización se tenga una variación significativa de la TRM, la aseguradora se compromete a ajustar la liquidación con la TRM de la fecha del día del pago.
B116: CLÁUSULA DE ADECUACIÓN DE CONSTRUCCIONES A LAS NORMAS DE SISMO RESISTENCIA. Sublímite del 10% del valor de la reparación o reconstrucción de la parte de la edificación afectada. | E116: Queda expresamente convenido y acordado que en caso de siniestro la aseguradora indemnizará los costos razonables de adecuación, del o de los inmuebles afectados a las normas de sismo resistencia vigentes al momento del siniestro, en exceso del monto total de la reparación o la reconstrucción de los daños o pérdidas que afecten los inmuebles o construcciones aseguradas, que se generen a consecuencia de cualquier evento amparado bajo la presente póliza. Los costos amparados bajo la presente cláusula comprenden, costos razonables de diseño y rediseño, honorarios profesionales de ingenieros, arquitectos, topógrafos, interventores, consultores, tecnólogos, técnicos o cualquier otro profesional, para efectuar trabajos de planos, especificaciones y/o cualquier otro trabajo y ejecución de obras relacionadas con la reparación y/o reconstrucción de las partes del inmueble afectado y dirigidas a la adecuación de las mismas a las normas de sismo resistencia.
B117: DESIGNACIÓN O DENOMINACIÓN DE BIENES | E117: La aseguradora acepta el título, nombre, designación, denominación o nomenclatura con que el asegurado identifica o describe los bienes asegurados en sus registros o libros de comercio o contabilidad.
B118: MODIFICACIONES A FAVOR DEL ASEGURADO | E118: Los cambios o modificaciones a las condiciones de la presente póliza, serán acordados mutuamente entre la compañía y el asegurado. El certificado, documento o comunicaciones que se expidan para formalizarlos debe ser firmado, en señal de aceptación, por un representante legal del asegurado o funcionario autorizado, prevaleciendo sobre las condiciones de esta póliza. No obstante, si durante la vigencia de la póliza se presentan modificaciones en las condiciones del seguro, legalmente aprobadas que representen un beneficio a favor del asegurado, tales modificaciones se consideran automáticamente incorporadas. Siempre y cuando no causen cobro de prima adicional.
B119: ERRORES, OMISIONES O INEXACTITUDES | E119: El tomador está obligado a declarar sinceramente los hechos y circunstancias que determinen el estado del riesgo. La inexactitud sobre hechos o circunstancias que, conocidas por la compañía, la hubieren retraído de celebrar el contrato o inducido a estipular condiciones más onerosas, produce la nulidad relativa del seguro. Sin embargo, si se incurriere en errores, omisiones e inexactitudes inculpables al tomador o al asegurado, el contrato no será nulo ni habrá lugar a la aplicación del inciso tercero del artículo 1058 del Código de Comercio sobre reducción porcentual de la prestación asegurada. En este caso se deberá pagar la prima adecuada al verdadero estado del riesgo.
...

Sheet 2. COND. BÁSICAS MANEJO
B3: =+'1. COND. BÁSICAS TRDM'!B3:G3 -> DEPARTAMENTO ADMINISTRATIVO PARA LA PROSPERIDAD SOCIAL - PROSPERIDAD SOCIAL
B4: ANEXO No. 1 - CONDICIONES OBLIGATORIAS (MÍNIMAS TÉCNICAS)
B5: GRUPO No. 1
B7: 2. PÓLIZA DE SEGURO GLOBAL DE MANEJO PARA ENTIDADES OFICIALES
B8: 2.1. | C8: INFORMACIÓN GENERAL
B9: TOMADOR: | C9: =+'1. COND. BÁSICAS TRDM'!$C$9:$E$9 -> DEPARTAMENTO ADMINISTRATIVO PARA LA PROSPERIDAD SOCIAL - PROSPERIDAD SOCIAL | F9: NIT. | G9: =+'1. COND. BÁSICAS TRDM'!G9 -> 900.039.533-8
B10: ASEGURADO: | C10: =+C9 -> DEPARTAMENTO ADMINISTRATIVO PARA LA PROSPERIDAD SOCIAL - PROSPERIDAD SOCIAL | F10: NIT. | G10: =+G9 -> 900.039.533-8
B11: BENEFICIARIO: | C11: =+C10 -> DEPARTAMENTO ADMINISTRATIVO PARA LA PROSPERIDAD SOCIAL - PROSPERIDAD SOCIAL | F11: NIT. | G11: =+G10 -> 900.039.533-8
B12: 2.2. | C12: OBJETO DEL SEGURO
B13: Amparar los riesgos que impliquen menoscabo de los fondos y/o bienes de propiedad del DEPARTAMENTO ADMINISTRATIVO PARA LA PROSPERIDAD SOCIAL - PROSPERIDAD o que estén bajo su tenencia, control y/o responsabilidad causados por acciones u omisiones de sus servidores, que incurran en delitos contra la administración pública o fallos con responsabilidad fiscal, por incumplimiento de las disposiciones legales y reglamentarias, incluyendo el costo de la rendición de cuentas en caso de abandono del cargo o fallecimiento del empleado, en concordancia con la Resolución 014249 del 15 de mayo de 1992, aprobada por la Contraloría General de la República.
B14: 2.3. | C14: LÍMITE ASEGURADO EVENTO /AGREGADO ANUAL
B15: Oferta Básica: Se califica en Condiciones Adicionales (Formato No. 2) el aumento del sublímite ofrecido. | F15: 680000001
B16: 2.3.1. | C16: MODALIDAD DE COBERTURA:
B17: Los amparos otorgados, en la presente póliza, operan bajo la modalidad de delimitación temporal de cobertura, denominada OCURRENCIA, es decir que se cubrirán las pérdidas que sufra o que se causen al asegurado durante la vigencia de la póliza.
B18: 2.3.2. | C18: BASE PARA LA DETERMINACIÓN Y APLICACIÓN DEL CONCEPTO SUBLÍMITE / VIGENCIA / AGREGADO ANUAL
B19: Para la totalidad de Coberturas y/o condiciones básicas sublimitadas, queda expresamente aceptado por parte de los proponentes que, en concordancia con la vigencia de la póliza que se adjudique, cada Sublímite operará así:
B20: - Si la vigencia es igual o mayor a doce (12) meses: Sublímite indicado Evento /Agregado Anual.
B21: En caso de discrepancia en alguna cobertura o cláusula básicas con relación al concepto de aplicación del sublímite / vigencia / agregado anual, frente a la vigencia ofertada, prevalece el establecido en este numeral con relación al plazo de la condición ofertada.
B22: 2.4. | C22: CARGOS ASEGURADOS
B23: 1 | C23: Cargos en planta | D23: 1572 | E23: MONTO ANUAL PROYECTADO DE LA NÓMINA: | G23: 15010031713
B24: 2 | C24: Contratistas | D24: 728
B25: TOTAL CARGOS ASEGURADOS:
B26: NOTA: | C26: CADA SUBLÍMITE INDICADO ESTAN CONTEMPLADOS DENTRO DEL LÍMITE ASEGURADO.
B27: 2.5. | C27: COBERTURAS BÁSICAS
B28: DELITOS CONTRA LA ADMINISTRACIÓN PÚBLICA | E28: La aseguradora indemnizará la pérdida económica que sufra la Entidad a consecuencia de actos que se tipifiquen como delitos contra la administración, cometidos por empleado(s) en desempeño de(los) cargo(s) señalados en el numeral 2.4.
B29: GASTOS DE RECONSTRUCCIÓN O RENDICIÓN DE CUENTAS | E29: La aseguradora mediante este amparo cubre los gastos que la Entidad tenga que incurrir en caso de abandono del cargo o fallecimiento del empleado, para llevar a cabo los procesos de rendición y reconstrucción de cuentas.
B30: DELITOS CONTRA EL PATRIMONIO ECÓNOMICO | E30: La aseguradora mediante este amparo indemnizará la pérdida económica que sufra la Entidad, por aquellas conductas penalmente sancionables, cometidas por los empleados de la Entidad, que no dan cuenta de un buen manejo de los recursos estatales y que causan detrimento al patrimonio del estado, tales como el peculado por apropiación, peculado por uso, peculado por aplicación oficial diferente y peculado culposo de acuerdo con su definición legal.
B31: JUICIOS CON RESPONSABILIDAD FISCAL Y ALCANCES FISCALES | E31: La aseguradora mediante este amparo cubre los procesos de responsabilidad fiscal con ocasión de la ejecución de actos que den lugar a iniciación de juicios de esta naturaleza, al igual que los alcances fiscales.
B32: PÉRDIDA DE EMPLEADOS NO IDENTIFICADOS AL 100% DEL LÍMITE ASEGURADO | E32: En caso de ocurrencia de cualquier pérdida, pero que la Entidad no pudiera determinar específicamente al empleado o los empleados responsables, la aseguradora reconocerá la indemnización correspondiente, siempre y cuando las circunstancias que dieron lugar al evento, permitan considerar que en la ocurrencia del mismo intervinieron uno o varios empleados de la Entidad, a cualquier titulo (autor intelectual, material o cómplice). Queda entendido que la responsabilidad de la compañía, respecto de tales pérdidas, no excederá en ningún caso del monto asegurado estipulado en la póliza.
B33: PROTECCIÓN DE DEPÓSITOS BANCARIOS AL 100% DEL LÍMITE ASEGURADO | E33: Cubre las pérdidas de dinero que el asegurado tenga depositado en sus cuentas corrientes o de ahorro en entidades bancarias o financieras (incluidos sus respectivos intereses), que se deba a falsificación o adulteración de un cheque, letra de cambio, pagaré, carta de crédito o cualquier otra clase de título valor que el banco o entidad financiera presuma que ha sido firmado, endosado o avalado por el asegurado o por una persona que obre en su nombre o representación y que el banco o entidad financiera compruebe que no es responsable por dicho pago, incluyendo: a) Cualquier cheque o giro hecho o girado en nombre de la Entidad pagadero a una persona ficticia y endosado o pagado a nombre de dicha persona. b) Cualquier cheque o giro hecho o girado en transacción de la Entidad o por su representante a favor de un tercero y entregado al representante de éste que resultare endosado o cobrado por persona distinta de aquel a quien se giró. c) Cualquier cheque o giro con destino al pago de salarios que habiendo sido girado u ordenado por la Entidad, resultare endosado y cobrado por un tercero obrando supuestamente a nombre del girador, o de aquel a quien se debía hacer el pago. Esta cobertura aplica cuando se demuestra la participación de uno o más empleados del asegurado y que la entidad Bancaria demuestre que no tiene ninguna responsabilidad.
B34: EXTENSIÓN DE COBERTURA PARA EMPLEADOS OCASIONALES, TEMPORALES Y TRANSITORIOS AL 100% DEL LÍMITE ASEGURADO | E34: Bajo esta condición la cobertura de la presente póliza se extiende a amparar a los trabajadores ocasionales, temporales o transitorios y a quienes, sin serlo, realicen prácticas o investigaciones en sus dependencias. Esta cobertura queda sujeta a que las operaciones que realicen tales personas estén bajo el control de la Entidad.
B35: EXTENSIÓN DE COBERTURA PARA EMPLEADOS DE FIRMAS ESPECIALIZADAS Y OTROS AL 100% DEL LÍMITE ASEGURADO | E35: Bajo esta condición la cobertura de la presente póliza se extiende a amparar a todas aquellas personas naturales que presten servicios en los establecimientos del asegurado bajo cualquier título o contrato, incluidos los empleados de firmas especializadas, los empleados de contratistas independientes, los cuales deben cumplir con las normas que los regulan y con las garantías exigidas por la ley 80 de 1993. Esta cobertura queda sujeta a que las operaciones que realicen tales personas estén bajo el control de la Entidad.
B36: EXTENSIÓN DE COBERTURA PARA PÉRDIDAS OCASIONADAS POR EMPLEADOS DE CONTRATISTAS Y SUBCONTRASTISTAS INDEPENDIENTES AL 100% DEL LÍMITE ASEGURADO | E36: Bajo esta condición la cobertura de la presente póliza se extiende a amparar a todas aquellas personas naturales que presten servicios en los establecimientos del asegurado bajo cualquier título o contrato, incluidos los empleados de contratistas y subcontratistas independientes, los cuales deben cumplir con las normas que los regulan y con las garantías exigidas por la ley 80 de 1993.
B37: GASTOS POR PAGOS DE AUDITORES, REVISORES, CONTADORES Y ABOGADOS | E37: La cobertura de esta póliza debe extenderse a amparar los gastos en que incurra el asegurado, por pago a auditores, revisores, contadores y abogados, que se requieran para analizar y certificar los datos extraídos de los libros de contabilidad y demás documentos del asegurado, al igual que cualquier otra información que sea solicitada por la compañía al asegurado para el ajuste y definición de los reclamos.
B38: GASTOS PARA LA DEMOSTRACIÓN DEL SINIESTRO | E38: Bajo este amparo se cubren los gastos razonables en que incurra el asegurado, para la demostración de la ocurrencia y cuantía del siniestro y serán indemnizados bajo esta póliza. Estos gastos deben ser previamente aprobados por la aseguradora y la Entidad se compromete para estos casos presentar previamente cotización de estos gastos (cuando se requiera), la aseguradora se reserva el derecho de poder cotizar con sus proveedores los servicios que demanden la aplicación de estos gastos.
B39: GASTOS ADICIONALES. Sublímite 10% del límite asegurado. Se califica en Condiciones Adicionales (Formato No. 3) el aumento del sublímite ofrecido. | E39: No obstante lo que se diga en contrario en las condiciones generales y particulares de la póliza, la Compañía se obliga a indemnizar los gastos adicionales (que no tengan carácter de permanentes) incluidos aquellos que tenga que asumir por la reconstrucción de archivos, documentos, bases de datos o información en servidores o medios magnéticos, debidamente comprobados en que necesaria y razonablemente incurra el asegurado, como consecuencia directa del siniestro, hasta el 100% de los gastos demostrados.
... B43: ACTOS DE AUTORIDAD | E43: La póliza se extiende a cubrir los daños o pérdidas materiales de los bienes asegurados, causados directamente por la acción de la autoridad legalmente constituida, ejercida con el fin de disminuir o aminorar las consecuencias de cualquiera de los riesgos amparados. Se excluye el embargo y la confiscación de bienes.
B44: 2.7. | C44: CLÁUSULAS BÁSICAS
B45: REVOCACIÓN DE LA PÓLIZA, CLÁUSULAS O CONDICIONES Con termino de noventa (90) días. | E45: La aseguradora podrá revocar la póliza, cláusulas o condiciones unilateralmente por la compañía, mediante noticia escrita enviada al asegurado, a su última dirección registrada, con no menos de noventa (90) días de antelación; contados a partir de la fecha del envío. El asegurado podrá pedir la revocación en cualquier momento, según lo previsto en el Código de Comercio. Así mismo, en el caso de que la aseguradora decida no otorgar renovación o prorroga del contrato de seguro, deberá dar aviso de ello al asegurado con no menos de noventa (90) días de antelación a la fecha de vencimiento de la póliza, en caso contrario se dará por entendido que la aseguradora acepta la renovación o prorroga hasta el límite legal establecido en la Ley 80 de 1993, para la adición de los contratos y manteniendo las mismas condiciones ofertadas en este proceso.
B46: AMPARO AUTOMÁTICO DE NUEVOS CARGOS | E46: Bajo esta cláusula se otorga amparo automático a todo nuevo cargo creado por la Entidad, durante la vigencia de la misma, sin que exista obligación por parte de la entidad asegurada de reportarle dichos nuevos cargos, siempre que los nuevos cargos cuenten con las mismas seguridades y controles que los reportados en el inicio de la póliza. Esta condición dará derecho a la compañía al cobro de la prima proporcional, calculada a prorrata, con las tasas adjudicadas y correspondiente al periodo de amparo.
B47: ERRORES, OMISIONES O INEXACTITUDES | E47: El tomador está obligado a declarar sinceramente los hechos y circunstancias que determinen el estado del riesgo. La inexactitud sobre hechos o circunstancias que, conocidas por la compañía, la hubieren retraído de celebrar el contrato o inducido a estipular condiciones más onerosas, produce la nulidad relativa del seguro. Sin embargo, si se incurriere en errores, omisiones e inexactitudes inculpables al tomador o al asegurado, el contrato no será nulo ni habrá lugar a la aplicación del inciso tercero del artículo 1058 del Código de Comercio sobre reducción porcentual de la prestación asegurada. En este caso se deberá pagar la prima adecuada al verdadero estado del riesgo.
B48: MODIFICACIÓN A CARGOS | E48: Queda entendido, convenido y aceptado que si durante la vigencia de la presente póliza se presenta cambio de denominaciones a cargos, se consideran automáticamente incorporados a la póliza, sin que el asegurado se obligue a reportarle tales cambios y/o modificaciones, precisando que estos cargos cuentan con los controles y seguridades que los reportados al inicio de vigencia.
B49: AMPLIACIÓN AVISO DEL SINIESTRO Con termino de noventa (90) días. | E49: Queda convenido y aceptado que el asegurado podrá dar aviso de la ocurrencia del siniestro en un término de noventa (90), siguientes a la fecha en que haya conocido o debido conocer la ocurrencia del mismo.
B50: DEFINICIÓN DE TRABAJADOR O EMPLEADO | E50: Queda convenido y aceptado que aseguradora acepta bajo la presente cláusula, que el término "trabajador o empleado" y estén bajo el control y dependencia del asegurado, dondequiera que se utilice en la póliza significará:
E51: 1) La persona natural que, dentro del desempeño del cargo asegurado, presta su servicio a la Entidad, vinculada a éste mediante contrato de trabajo, orden de trabajo o mediante nombramiento por decreto o resolución.
E52: 2) Contratistas bajo la Prestación de Servicios Profesionales para el apoyo a la gestión.
E53: 3) Los asesores y consultores que desarrollan funciones en la Entidad.
E54: 4) Estudiantes o Practicantes mientras estén prosiguiendo estudios o deberes en los predios de la Entidad.
E55: 5) Empleados de seguridad y contratistas y sus empleados, mientras dichos contratistas estén desarrollando servicios temporales para la Entidad.
E56: 6) Los trabajadores suministrados por compañías especializadas para desarrollar trabajos propios del asegurado y bajo supervisión en cualquiera de las oficinas o predios de la Entidad.
E57: 7) Directores cuando sean empleados asalariados, pensionados o cuando estén desarrollando labores propias de un empleado o cuando esté actuando como miembro de cualquier comité debidamente elegido o nombrado por Resolución de la Junta Directiva de la Entidad (cuando aplica) para desempeñar específicamente la labor de nombramiento para actos de dirección en nombre del asegurado.
E58: 8) Cualquier persona que haga parte de la Junta Directiva de la Entidad.
E59: 9) Cualquier persona o compañía empleada por el asegurado para prestar servicios profesionales en cualquier rama de su especialidad mientras estan prestando servicios a la Entidad.
E60: Todas las anteriores definiciones se consideran empleados mientras estén prestando dichos servicios e incluye los primeros cuarenta y cinco (45) días siguientes a la dejación del cargo o a la terminación de sus servicios, según sea el caso y se otorga siempre y cuando el termino indicado se encuentre dentro de la vigencia de la póliza, sin exceder la fecha de finalización de vigencia.
B61: DESIGNACIÓN O DENOMINACIÓN DE BIENES | E61: La aseguradora acepta el título, nombre, denominación o nomenclatura con que el asegurado identifica o describe los bienes asegurados en sus registros o libros de comercio o contabilidad. El alcance de éstas designación de bienes se amplía al objeto establecido en el Manual de Procedimientos Administrativos y Contables para el manejo y control de los bienes de la Entidad.
B62: CONOCIMIENTO DEL RIESGO | E62: La Compañía acepta mediante la presente cláusula que la Entidad, le ha brindado la oportunidad para realizar la inspección de los bienes y riesgos a que están sujetos los mismos y el patrimonio del Asegurado, razón por la cual se deja constancia del conocimiento y aceptación de los hechos, circunstancias y, en general, condiciones de los mismos. La compañía se reserva el derecho de llevar a cabo la inspección cuantas veces lo juzgue pertinente.
B63: ANTICIPO DE INDEMNIZACIÓN DEL 70% Se califica en Condiciones Adicionales (Formato No. 3) el aumento del sublímite ofrecido. | E63: Queda expresamente acordado que, a petición escrita de la Entidad, la aseguradora anticipará pagos parciales sobre el valor de cualquier reclamo, con base en el valor de la estimación preliminar de la pérdida aceptada por el ajustador, para adelantar la reparación, reposición o remplazo de los bienes asegurados. En el caso de que no haya nombramiento de ajustador, el anticipo se liquidará con base en la valoración de la cuantía de la pérdida amparada, acreditada por la entidad mediante cotización de la misma. Este anticipo también se extiende a cualquier tipo de gastos que se requiera para la operatividad de la póliza. En caso que el anticipo o suma de anticipos que la compañía adelante al asegurado llegare a exceder la suma total indemnizable a que tenga derecho, éste se compromete a devolver el exceso pagado. Para esta cláusula la aseguradora debe contemplar un plazo máximo para el pago del anticipo de diez (10) días hábiles contados a partir de la fecha de solicitud y formalización del mismo este y no se acepta el requerimiento de ningún requisito adicional para realizar el anticipo.
B64: MODIFICACIONES A FAVOR DEL ASEGURADO | E64: Los cambios o modificaciones a las condiciones de la presente póliza, serán acordados mutuamente entre la compañía y el asegurado. El certificado, documento o comunicaciones que se expidan para formalizarlos debe ser firmado, en señal de aceptación, por un representante legal del asegurado o funcionario autorizado, prevaleciendo sobre las condiciones de esta póliza. No obstante, si durante la vigencia de la póliza se presentan modificaciones en las condiciones del seguro, legalmente aprobadas que representen un beneficio a favor del asegurado, tales modificaciones se consideran automáticamente incorporadas. Siempre y cuando no causen cobro de prima adicional.
B65: NOMBRAMIENTO Y DESIGNACIÓN DE AJUSTADORES | E65: El nombramiento de ajustadores deberá efectuarse de común acuerdo entre la aseguradora y el asegurado, para lo cual la aseguradora presentará para cada reclamo una relación de cinco (5) firmas ajustadoras. No obstante la anterior condición, el asegurador con su propuesta se obliga a presentar la lista de todos sus ajustadores y la Entidad se reserva el derecho de nombrar al ajustador que considere más adecuado o solicitar el cambio de los mismos en caso de que no fueren de su entera satisfacción, sin que para ello se requiera motivación alguna.
B66: VARIACIONES O MODIFICACIONES DEL RIESGO | E66: Queda entendido, convenido y aceptado que las notificaciones que sobre los hechos o circunstancias no previsibles que sobrevengan con posterioridad a la celebración del contrato de seguro y que, conforme al criterio consignado en el inciso 1° del artículo 1058 del código de comercio, signifiquen agravación del riesgo, se efectuarán por la Entidad dentro de los cuarenta y cinco (45) días siguientes a la fecha de modificación del riesgo.
B67: NO CONCURRENCIA DE AMPAROS, CLÁUSULAS O CONDICIONES | E67: Queda entendido, convenido y aceptado, que si dos o más amparos, cláusulas o condiciones otorgan cobertura a un mismo evento, se indemnizará con base en aquella que ofrezca mayor protección para los intereses del asegurado. De igual manera prevalecerán los amparos, cláusulas o condiciones que otorguen coberturas sobre aquellos que las excluyan. En todo caso y ante cualquier discrepancia sobre cuál es el amparo, cláusula o condición aplicable a un caso determinado, se aplicara aquella o aquellas que en conjunto determine el asegurado de acuerdo a su conveniencia.
B68: AMPARO AUTOMÁTICO DE CARGOS QUE POR ERROR U OMISIÓN NO SE HAYAN INFORMADO AL INICIO DE LA VIGENCIA. | E68: Queda entendido, convenido y aceptado que no obstante lo que en contrario se diga en las condiciones generales de la póliza, el presente anexo se extiende a cubrir automáticamente todo cargo que por error u omisión no se haya informado al inicio del seguro por el asegurado. El asegurado deberá comunicar tal situación a la aseguradora dentro del plazo aca estipulado y siguientes a la expedición del seguro y la compañía efectuará el cobro de la prima proporcional a prorrata.
B69: NO APLICACIÓN DE GARANTÍAS | E69: Queda expresamente acordado y aceptado que la cobertura otorgada bajo la presente póliza no queda sujeta al cumplimiento de ningún tipo de garantía por parte de la entidad asegurada.
B70: NO APLICACIÓN DE DEDUCIBLE O RESTRICCIÓN DE LÍMITE PARA CAJAS MENORES | E70: Queda expresamente acordado y aceptado que la aseguradora acepta la no aplicación de deducibles para Cajas Menores y tampoco impondrá restricciones al límite de número y cuantías que manejan cada una de ellas.
B71: FALTANTES DE INVENTARIOS. Sublímite 10% del valor asegurado. | E71: El oferente ofrecerá la cobertura para los faltantes de inventarios atribuibles a funcionarios de la entidad siempre y cuando tales pérdidas sean como consecuencia de eventos amparados bajo presente póliza. Se otorga la cobertura siempre que se acredite en el reclamo que las pérdidas fueron causadas por la intervención de uno o más empleados.
B72: DETERMINACIÓN DE LA PÉRDIDA INDEMNIZABLE | E72: La aseguradora debe contemplar en forma expresa que la determinación del valor de la pérdida indemnizable de bienes, se efectuará con base en cotizaciones de bienes de la misma clase, capacidad, tipo y marca o de las características más similares que ofrezca el mercado. En caso de que en el mercado no existan bienes de las mismas o similares características, la determinación se efectuará con base en la (s) alternativa (s) de reemplazo que presentará el asegurado.
... B79: CLÁUSULA DE JURISDICCION Y SOLUCION DE CONTROVERSIAS | E79: Toda y cualquier diferencia que surja entre las partes por la interpretación del presente contrato, su ejecución, cumplimiento, terminación o las consecuencias futuras del mismo, será dirimida bajo la jurisdicción y legislación de la República de Colombia. Las diferencias y controversias que surjan se solucionarán con sujeción a las siguientes instancias que se agotarán de forma sucesiva o a elección de las partes, así:
E80: a). Arreglo Directo: Las partes tratarán de resolver sus diferencias de forma directa y entre ellas mismas dentro del plazo de quince (15) días contados a partir de la notificación escrita en que cualquiera de ellas informe a la otra de un conflicto o controversia orIginado en el contrato. b). Conciliación: Agotado el plazo anterior sin que las partes lograsen un acuerdo por si mismas, acudirán a la asistencia de un conciliador legalmente autorizado que se designará y actuará según los parámetros establecidos por la Ley 446 de 1998 y el decreto 1818 del mismo año, la etapa de conciliación durará un mes (1) desde el momento en que las partes o cualquiera de ellas radique la solicitud de conciliación respectiva, en caso de lograrse la conciliación la misma producirá efectos de cosa juzgada entre las partes, en caso contrario agotará el requisito de procedibilidad para acudir a la jurisdicción ordinaria o arbitral según corresponda, de acuerdo con los literales c) y d) de la presente cláusula.
E81: c). Jurisdicción Ordinaria: Agotadas las instancias anteriores, si la cuantía de las pretensiones derivadas de la diferencia que surja entre las partes por la interpretación del presente contrato, su ejecución, cumplimiento, terminación o las consecuencias futuras del mismo, no excediere de 220 SMMLV las partes sujetarán su controversia a la decisión del juez de instancia que corresponda según la cuantía y competencia en arreglo a lo previsto por el código de procedimiento Civil. d). Jurisdicción Arbitral: Agotadas las instancias anteriores, si la cuantía de las pretensiones derivadas de la diferencia que surja entre las partes por la interpretación del presente contrato, su ejecución, cumplimiento, terminación o las consecuencias futuras del mismo, se llevará el conflicto a la decisión de un Tribunal de Arbitramento Institucional cuyo domicilio será la ciudad de Bogotá D.C., el Tribunal estará integrado por un (1) árbitro que será designado conjuntamente por las partes dentro de los quince (15) días hábiles siguientes al envío de la comunicación por correo certificado que una de ellas le haga llegar a la otra solicitando la conformación del Tribunal; en caso de desacuerdo o falta de respuesta de la parte requerida, la otra parte podrá solicitar la designación y conformación del Tribunal al centro de Arbitraje y Conciliación de la Cámara de Comercio de la ciudad de Bogotá D.C.. El Tribunal así conformado funcionará en la ciudad de Bogotá D.C. y el laudo deberá proferirse en derecho, sujetándose en un todo al Decreto 2279 de 1.989, la ley 23 de 1.991, a la Ley 446 de 1.998, sus decretos reglamentarios y demás normas que regulan esta figura judicial. Esta última sujeta a lo dispuesto en Directiva Presidencial 04 del 18 de mayo de 2018.
B82: LIQUIDACIÓN A PRORRATA EN CASO DE CANCELACIÓN DE LA PÓLIZA POR PARTE DEL ASEGURADO | E82: Bajo esta cláusula la aseguradora debe aceptar que en caso de cancelación de la póliza por parte del asegurado, la devolución de las primas respectivas se realizará a prorrata.
B83: LIQUIDACIÓN A PRORRATA PARA PRÓRROGA DE LA VIGENCIA | E83: En caso de que el asegurado lo requiera, la aseguradora realizara la liquidación de la prima de la prórroga a prorrata con las mismas tasas y condiciones de la póliza inicial. Siempre y cuando la siniestralidad de la póliza no sea mayor al 50%, en el caso que la siniestralidad supere el 50% la aseguradora acordará con el asegurado las condiciones en que se otorgará la prórroga.
B84: CONDICIONES DE RENOVACIÓN Y/O PRORROGA DE LA PÓLIZA | E84: En caso de que el asegurado decida renovar y/o prorrogar la póliza, la aseguradora se obliga a mantener los términos contratados con las mismas tasas y condiciones de la póliza inicial, siempre y cuando la siniestralidad de la póliza no sea mayor al 50%, en el caso que la siniestralidad supere el 50% la aseguradora acordará con el asegurado las condiciones en que se otorgará las condiciones de renovación. La aseguradora se obliga a entregar en cualquiera de las situaciones de resultado de siniestralidad, las condiciones con una antelación de cuarenta y cinco (45) días antes del vencimiento de la póliza.
B85: CLÁUSULA DE NO ACEPTACIÓN DE COASEGURO | E85: En el evento en el que el contrato de seguro sea celebrado a través de una figura asociativa, la misma se celebrará bajo alguna de las modalidades previstas en el artículo 7º del Estatuto General de Contratación de la Administración Pública – EGCP (Unión temporal, consorcio, entre otros). Adicionalmente, no serán aceptados los contratos de seguros estructurados por dos o más Compañías de seguros, en calidad de coaseguradores, y toda disposición que se realice con esta referencia (coaseguro), se entenderá por no escrita.
B86: CLÁUSULA DE CONOCIMIENTO POR LOS MIEMBROS DE LA FIGURA ASOCIATIVA | E86: Esta cláusula será aplicada cuando se presente la asociación de dos o más Aseguradoras, sin importar la figura utilizada para tal fin. Las Compañías de Seguros que actúan como integrantes de cualquier figura asociativa (consorcio, unión temporal, etc.) dentro del presente contrato de seguro, conocen y aceptan: i) las condiciones generales y particulares de la póliza, ii) Cualquier anexo y/o certificado que sobre la póliza inicial emita la Compañía líder de la figura asociativa. En igual sentido, declaran que cualquier reclamación, notificación, requerimiento o comunicación formulada por el asegurado o por un tercero a la compañía líder o cualquiera de sus integrantes, se entiende automáticamente formulada ante todos los integrantes de la figura asociativa establecida para tal fin.
B87: CLÁUSULA DE SOLIDARIDAD ENTRE LOS MIEMBROS DE LA FIGURA ASOCIATIVA | E87: En caso de figuras asociativas se considera lo contemplado en el parágrafo 2 del artículo 7 de la Ley 80 de 1993, el cual indica “En los casos en que se conformen sociedades bajo cualquiera de las modalidades previstas en la ley con el único objeto de presentar una propuesta, celebrar y ejecutar un contrato estatal, la responsabilidad y sus efectos se regirá por las disposiciones previstas en esta ley para los consorcios.”, por tanto, frente a la contratación estatal queda entendido que existirá la solidaridad en el cumplimiento del contrato de seguros y las obligaciones derivadas del mismo.
B88: CLÁUSULA IDENTIFICACIÓN DE LA FIGURA ASOCIATIVA EN LA PÓLIZA | E88: En el evento que el contrato se seguro sea celebrado a través alguna figura asociativa (consorcio, unión temporal, etc.) compuesta por dos o más compañías de seguros, en virtud del artículo 1047 del Código de Comercio, en la póliza deberá incorporarse: (i) el nombre del contratista (razón social de la figura asociativa establecida en su documento de conformación) y (ii) la razón social, número de identificación y porcentajes de participación de cada una de las ase
B89: CLÁUSULA DE CONDICIONES PARTICULARES | E89: Queda expresamente acordado y convenido, que la aseguradora acepta las condiciones obligatorias (mínimas técnicas) establecidas en este anexo, en los términos señalados en el mismo, por lo tanto, en caso de existir discrepancia ente los ofrecimientos contenidos en la propuesta técnica básica, frente a los textos de los ejemplares de las pólizas, a las condiciones generales, certificados, anexos o cualquier otro documento; prevalecerá la información y condiciones básicas técnicas establecidas de este anexo, de igual forma en caso de encontrarse contradicción en alguna condición prevalecerá la de mayor beneficio para el asegurado.
B90: DETERMINACIÓN DE CONDICIONES Y REQUISITOS PARA EL PAGO DE INDEMNIZACIONES | E90: La aseguradora manifiesta expresamente que acepta los requisitos y documentos contenidos en el ANEXO No. 10 REQUISITOS PARA EL PAGO DE LAS INDEMNIZACIONES, como únicos para la atención y pago de reclamaciones por siniestros. A futuro no podrá exigir documentos o trámites adicionales.
B91: 2.8. | C91: EXCLUSIÓN DE ENFERMEDADES TRANSMISIBLES O CONTAGIOSAS
B92: Este seguro no cubre cualquier reclamo de ninguna manera causado por o como resultado de: a) Enfermedad por coronavirus (COVID-19) b) Coronavirus 2 del síndrome respiratorio agudo severo (SARS-CoV-2) c) Cualquier mutación o variación de SARS-CoV-2; d) Cualquier otra enfermedad transmisible, epidemia o pandemia e) Cualquier temor o amenaza de a), b), c) ó d) anteriores f) La interrupción de negocios y/o pérdidas financieras sufridas por la Entidad al no poder desarrollar la actividad para la cual fue creada como consecuencia de a), b), c), d) y e) anteriores.
B93: 2.9. | C93: COBERTURAS, AMPAROS Y BIENES SIN APLICACIÓN DE DEDUCIBLES EN FORMA OBLIGATORIA
B94: La Entidad, requiere oferta de cobertura SIN APLICACIÓN DE DEDUCIBLE, para los bienes y/o amparos y/o eventos, señalados a continuación y por lo tanto el proponente con la firma del FORMATO No. 1 - CARTA DE ACEPTACIÓN DE LAS CONDICIONES OBLIGATORIAS (MÍNIMAS TÉCNICAS), admite estas condiciones.
B95: 1- Caja Menores: Sin aplicación de deducibe.
B96: 2- Demas eventos y/o amparos: Sin deducible
B97: 2.10. | C97: COMISIÓN MÍNIMA ACEPTABLE.
B98: En virtud de lo expuesto en el artículo 1341 del Código de Comercio el Corredor tendrá derecho a la comisión de intermediación, la cual será pagada por la Compañía de Seguros. La comisión mínima no deberá ser inferior al 15% el valor de la prima neta antes de IVA.
B99: By: Tiger | G99: 46112

Sheet 3. COND. BÁSICAS RCE
B3: =+'2. COND. BÁSICAS MANEJO'!$B$3:$G$3 -> DEPARTAMENTO ADMINISTRATIVO PARA LA PROSPERIDAD SOCIAL - PROSPERIDAD SOCIAL
B4: ANEXO No. 1 - CONDICIONES OBLIGATORIAS (MÍNIMAS TÉCNICAS)
B5: GRUPO No. 1
B7: 3. PÓLIZA DE SEGURO DE RESPONSABILIDAD CIVIL EXTRACONTRACTUAL
B8: 3.1. | C8: INFORMACIÓN GENERAL
B9: TOMADOR: | C9: =+'2. COND. BÁSICAS MANEJO'!$C$9:$E$9 -> DEPARTAMENTO ADMINISTRATIVO PARA LA PROSPERIDAD SOCIAL - PROSPERIDAD SOCIAL | F9: NIT. | G9: =+'1. COND. BÁSICAS TRDM'!G9 -> 900.039.533-8
B10: ASEGURADO: | C10: =+C9 -> DEPARTAMENTO ADMINISTRATIVO PARA LA PROSPERIDAD SOCIAL - PROSPERIDAD SOCIAL | F10: NIT. | G10: =+G9 -> 900.039.533-8
B11: BENEFICIARIO: | C11: TERCEROS AFECTADOS
B12: 3.2. | C12: OBJETO DEL SEGURO
B13: Amparar los perjuicios patrimoniales y extrapatrimoniales que cause el DEPARTAMENTO ADMINISTRATIVO PARA LA PROSPERIDAD SOCIAL - PROSPERIDAD, como consecuencia de la Responsabilidad Civil Extracontractual originada dentro o fuera de sus instalaciones, en el desarrollo de sus actividades o en lo relacionado con ella, lo mismo que los actos de sus empleados y funcionarios o el personal para el apoyo a la gestión administrativa dentro y fuera del territorio nacional o por bienes que se encuentren bajo tenencia, control y/o responsabilidad . Nota: Se entenderán como terceros todas y cada una de las personas que circulen, ingresen, accedan o se encuentren en los predios de asegurado o por los cuales es responsable en su aseguramiento, independientemente que el asegurado le esté prestando un servicio objeto de su razón social.
B14: 3.3. | C14: LÍMITE ASEGURADO EVENTO / VIGENCIA
B15: Oferta Básica: Se califica en Condiciones Adicionales (Formato No. 2) el número adicional del restablecimiento a ofrecer. | F15: 6000000001
B16: 3.3.1. | C16: MODALIDAD DE COBERTURA
B17: Por ocurrencia: La aseguradora cubre todos los perjuicios que se generen durante la vigencia del seguro
B18: 3.4. | C18: INFORMACIÓN GENERAL
B19: Nómina promedio mensual: $15.010.031.713
B20: Número de funcionarios: 1572 Contratistas: 728
B21: Presupuesto anual proyectado de la Entidad año 2026: $8.726.619.060.730
B22: 3.4.1. | C22: BASE PARA LA DETERMINACIÓN Y APLICACIÓN DEL CONCEPTO SUBLÍMITE / VIGENCIA / AGREGADO ANUAL
B23: Para la totalidad de Coberturas y/o condiciones básicas sublímitadas, queda expresamente aceptado por parte de los proponentes que, en concordancia con la vigencia de la póliza que se adjudique, cada Sublímite operará así:
B24: - Si la vigencia es igual o mayor a doce (12) meses: Sublímite indicado Evento /Agregado Anual.
B25: En caso de discrepancia en alguna cobertura o cláusula básicas con relación al concepto de aplicación del sublímite / vigencia / agregado anual, frente a la vigencia ofertada, prevalece el establecido en este numeral con relación al plazo de la condición ofertada.
B26: NOTA: | C26: CADA SUBLÍMITE INDICADO ESTA CONTEMPLADO DENTRO DEL LÍMITE ASEGURADO.
B27: 3.4.2. | C27: PREDIOS ASEGURADOS
B28: Todos los de propiedad del asegurado, que éste use o entregue en comodato y aquellos de terceros que el asegurado use, mantenga, ocupe en desarrollo de sus actividades y operaciones y los tomados en arriendo.
B29: 3.5. | C29: COBERTURAS BÁSICAS
B30: Queda expresamente acordado y convenido, que mediante la presente póliza la aseguradora ampara los perjuicios patrimoniales y extrapatrimoniales, que cause la Entidad a terceros al igual que las costas y gastos de proceso, siempre y cuando el hecho generador le cause daños materiales, lesiones personales y/o muerte; generados como consecuencia de la responsabilidad civil extracontractual originada dentro o fuera de sus instalaciones, en el desarrollo de sus actividades propias a su objeto social o en lo relacionado con ellas, incluidos los actos de sus empleados y funcionarios en el desarrollo de sus funciones. De igual forma, se acuerda que para todos los efectos de la presente póliza, el termino de “perjuicios patrimoniales” contempla los perjuicios relacionados con daños materiales, daño emergente, lucro cesante y demás perjuicios considerados como patrimoniales; y el termino de “perjuicios extrapatrimoniales” comprende, entre otros, el daño moral, daño fisiológico, daño a la vida de relación y demás perjuicios considerados como extrapatrimoniales. La aseguradora acepta expresamente el otorgamiento de la cobertura de este seguro, según lo previsto en el Artículo 1131 del Código de Comercio, relacionado con la configuración del siniestro e inicio de la prescripción, que estipula: ARTICULO 1131. Configuración del siniestro en el seguro de responsabilidad civil. En el seguro de responsabilidad se entenderá ocurrido el siniestro en el momento en que acaezca el hecho externo imputable al asegurado, fecha a partir de la cual correrá la prescripción respecto de la víctima. Frente al asegurado ello ocurrirá desde cuando la víctima le formula la petición judicial o extrajudicial.
B31: PREDIOS, LABORES Y OPERACIONES (incluyendo incendio y explosión) | E31: La aseguradora se obliga a indemnizar, sujeto a los términos y condiciones establecidas tanto en las condiciones generales como a las particulares de la póliza, los perjuicios patrimoniales y extrapatrimoniales que cause el asegurado con motivo de la responsabilidad civil extracontractual en que incurra de acuerdo con la ley colombiana, por hechos imputables al asegurado, que causen la muerte, lesión o menoscabo en la salud de las personas (daños personales) y/o el deterioro o destrucción de bienes (daños materiales) y perjuicios económicos, incluyendo lucro cesante y daño moral, como consecuencia directa de tales daños personales y/o daños materiales. La aseguradora responderá, además, por los costos del proceso que el tercero damnificado o sus causahabientes promuevan en su contra o la del asegurado, con las salvedades siguientes: a) Si la Entidad asegurada afronta el proceso contra orden expresa de la compañía. b) Si la responsabilidad proviene de dolo o está expresamente señalada en las exclusiones de la póliza. c) Si la condena por los perjuicios ocasionados a la víctima excede la suma que delimita la responsabilidad de la aseguradora, esta solo responderá por los gastos del proceso en proporción a la cuota que le corresponda en la indemnización.
E32: PREDIOS, los perjuicios patrimoniales y extrapatrimoniales que cause el asegurado por la posesión, el uso o el mantenimiento de sus predios o por los que es responsable y en especial en los que la Entidad asegurada desarrolla y realiza las actividades objeto de la cobertura de esta póliza.
E33: LABORES Y OPERACIONES, los perjuicios patrimoniales y extrapatrimoniales que cause el asegurado por las labores u operaciones que lleva a cabo la Entidad asegurada en el desarrollo de las actividades objeto de la cobertura de esta póliza incluyendo todos los riesgos que son inherentes a las actividades desarrolladas por el asegurado en el giro normal de sus actividades y derivadas de: a) Posesión o uso de ascensores y escaleras automáticas, elevadores, montacarga, grúas, puente grúas, equipo de trabajo. b) Posesión o uso de máquinas y equipos de trabajo, de cargue, descargue y transporte dentro de los predios asegurados. c) Transporte de bienes del asegurado, tales como materias primas, productos en proceso y productos terminados, fuera de los predios asegurados (Cuando aplique) d) Operaciones de cargue y descargue. (Cuando aplique) e) Posesión o uso de avisos y vallas publicitarias en el territorio nacional. f) Posesión o uso de sus instalaciones sociales, culturales y deportivas y los eventos que el asegurado realice u organice en ellas. g) Viajes de funcionarios del asegurado dentro y fuera del territorio nacional. h) Actividades y Eventos Sociales y Culturales i) Participación del asegurado en ferias y exposiciones nacionales. j) Vigilancia de los predios asegurados por personal del asegurado o de vigilantes de firmas especializadas, incluyendo el uso de armas, los errores de puntería y el uso de perros guardianes para tales propósitos. Cuando se trate de firmas especilizadas en exceso de las garantías constituidas por estos contratistas. k) Posesión o uso de depósitos, tanques y tuberías ubicados o instalados dentro de los predios asegurados. l) Actos de los directivos, representantes y empleados del asegurado en el desempeño de sus funciones y dentro de las actividades aseguradas. Se excluye la Responsabilidad Profesional. m) Posesión o uso de cafeterías, casinos y restaurantes para uso de sus empleados y/o invitados. n) Incendio y/o explosión producidos dentro de los predios asegurados. o) Uso de parqueaderos dentro de los predios del asegurado p) Descargue, dispersión, liberación o escape de humo, vapores, hollín, ácidos, álcalis y en general productos químicos tóxicos, líquidos o gaseosos, y demás materias irritantes o contaminantes, en o sobre la tierra, atmosfera, ríos, lagos o cualquier curso o cuerpo de agua, producida en forma accidental, súbita e imprevista. (Cuando aplique) q) Uso de casinos, restaurantes y cafeterías de su propiedad o que sean ocupados por él o que tenga tomados en arrendamiento o alquiler, no obstante el hecho que éstos estén administrados por personas naturales o jurídicas distintas de la entidad o sus empleados. r) Productos y Trabajos terminados sin son de la misionalidad de la Entidad, se excluye recogida del producto. (Cuando aplique). s) Participación del asegurado en ferias y exposiciones internacionales, excluyendo la responsabilidad en los países de Estados Unidos, Puerto Rico y Canadá.
B34: GASTOS MÉDICOS (sin aplicación de deducibles). Sublímite $500.000.000 evento / $1,200.000.000 (vigencia 3.4.1.). Se califica en Condiciones Adicionales (Formato No. 3) el número adicional del restablecimiento a ofrecer. | E34: La aseguradora debe contemplar para la propuesta de este amparo, que indemnizarán hasta el límite establecido en la póliza y dentro de los términos y con sujeción a las condiciones de este seguro, los gastos razonables y prioritarios que se causen, por concepto de primeros auxilios inmediatos, servicios médicos, quirúrgicos, de ambulancia de hospital, de enfermeras y medicamentos, como consecuencia de las lesiones corporales producidas a terceros en desarrollo de las actividades de la entidad. Se precisa, que el amparo que se otorga es independiente al de responsabilidad civil extracontractual y por consiguiente, los pagos que por dicho concepto se realicen, en ningún caso pueden ser interpretados como aceptación tácita de responsabilidad y no está sujeto a la aplicación de deducible. Los funcionarios y contratistas para el apoyo a la gestión administrativa y demás personal de apoyo a la Entidad se consideran terceros. De igual forma, en caso de requerirse, este amparo puede aplicar por reembolso.
B35: RESPONSABILIDAD CIVIL PATRONAL. Sublímite del 70% del límite asegurado. Se califica en Condiciones Adicionales (Formato No. 3) el número adicional del restablecimiento a ofrecer. | E35: La aseguradora mediante este amparo se compromete a indemnizar los perjuicios patrimoniales derivados de la responsabilidad civil extracontractual que le sea imputable al asegurado en su calidad de empleador exclusivamente por los accidentes de trabajo que sufran los empleados a su servicio, en el desarrollo de las actividades asignadas a ellos y de acuerdo con las siguientes definiciones y condiciones: a) Se entiende por empleado toda persona que mediante contrato de trabajo o de prestación de servicios (incluidos contratistas para el apoyo a la gestión administritativa o misional) preste al asegurado. b) Quedan excluidas de este seguro: Las enfermedades profesionales, endémicas o epidémicas, contagiosas (en especial el COVID19), por accidentes de trabajo que se hayan sido provocados deliberadamente o por culpa grave del empleado. Se precisa que este amparo opera en exceso de la seguridad social.
B36: CONTRATISTAS Y SUBCONTRATISTAS INDEPENDIENTES AL 100% DEL LÍMITE ASEGURADO | E36: La aseguradora bajo este amparo se obliga a cubrir los perjuicios patrimoniales derivados de la responsabilidad civil extracontractual que le sea imputable al asegurado y/o los gastos médicos por los daños que causare a terceros, a consecuencia de labores amparadas realizadas por contratistas y subcontratistas independientes a su servicio. Se precisa que este amparo opera en exceso de las pólizas del contratista o subcontratista.
B37: RESPONSABILIDAD CIVIL CRUZADA AL 100% DEL LÍMITE ASEGURADO. | E37: Se cubren los perjuicios patrimoniales causados por un contratista a otro, a consecuencia de las labores amparadas previamente contratadas por el asegurado y que se efectúen dentro de los predios del mismo. Se precisa que este amparo opera en exceso de las pólizas del contratista.
B38: VEHÍCULOS PROPIOS Y NO PROPIOS EN EXCESO DEL SEGURO DE AUTOMÓVILES Y SOAT. Sublímite de $250.000.000 por vehículo / $500.000.000 (vigencia 3.4.1.). | E38: Mediante esta condición se indemnizarán los daños que cause el asegurado en razón de la responsabilidad civil por lesiones a terceras personas o daños a propiedades de terceros que le sean imputables legalmente como consecuencia de la utilización en el giro normal de sus negocios, de vehículos propios o no propios incluido los de los funcionarios en desarrollo de las actividades del asegurado y en exceso de los limites contratados en el seguro de automóviles. En caso que el vehículo que generó los daños no cuente con póliza de automóviles y/o SOAT, la cobertura de los daños será asumida por la presente póliza hasta el monto del límite fijado.
B39: DAÑOS Y HURTO DE VEHÍCULOS INCLUIDOS ACCESORIOS EN PARQUEADEROS Y PREDIOS DEL ASEGURADO Sublímite de $250.000.000 por vehículo / $2.000.000.000 (vigencia 3.4.1.). | E39: Queda entendido y convenido que la cobertura de la póliza se extiende a amparar los eventos que ocurran en los parqueaderos de propiedad o sobre los cuales se ejerza tenencia y/o control y/o custodia el asegurado, incluyendo daños y hurto de vehículos, motocicletas, bicicletas, patinetas o accesorios. Los vehículos de los funcionarios y contratistas se consideran terceros.
B40: AMPARO AUTOMÁTICO PARA NUEVOS PREDIOS Y OPERACIONES Con termino de noventa (90) días. | E40: La aseguradora debe contemplar la extensión de la cobertura automática del seguro, en los mismos términos y limitaciones establecidos en esta póliza, para amparar la responsabilidad extracontractual por nuevas operaciones y/o el uso, posesión y demás actividades desarrolladas en nuevos predios que adquiera el asegurado o sobre los cuales obtenga el dominio o control. Esta condición dará derecho a la compañía al cobro de la prima proporcional, calculada a prorrata, con las tasas adjudicadas y correspondiente al periodo de amparo
B41: GASTOS ADICIONALES PARA CAUCIONES Y COSTAS PROCESALES. Sublímite $100.000.000 | E41: La presente póliza ampara los siguientes gastos razonables: a) El costo de cualquier clase de caución que el Asegurado tenga que prestar. El costo de cualquier clase de caución que el Asegurado tenga que prestar. La aseguradora no se obliga a constituir la caución, sin embargo si se obliga a cubrir el valor de la prima que esta genere. b) Intereses de mora en beneficio del tercero afectado.
B42: GASTOS ADICIONALES PARA HONORARIOS PROFESIONALES DE ABOGADOS, CONSULTORES, AUDITORES, INTERVENTORES, ETC. | E42: No obstante lo que se diga en contrario en las condiciones generales y particulares de la póliza, la Compañía se obliga a indemnizar los honorarios razonables en que necesaria y razonablemente incurra el asegurado, por concepto de abogados, consultores, auditores, interventores, revisores, contadores, etc., para obtener y certificar: a.- los detalles extraídos de los libros de contabilidad y del negocio mismo del asegurado, y b.- cualesquiera otras informaciones, documentos y testimonios que sean pedidos por la compañía al asegurado según lo establecido en las condiciones generales y particulares de la póliza. La compañía reconocerá hasta el 100% de las gastos razonables demostrados por el asegurado.
B43: POLUCIÓN Y CONTAMINACIÓN ACCIDENTAL | E43: Se cubren los perjuicios derivados de la responsabilidad civil extracontractual en que pudiera incurrir el asegurado por daños a terceros, ocasionados por variaciones perjudiciales de aguas, atmósfera suelos, subsuelos o bien por ruido y habiéndose manifestado durante la vigencia de la póliza siempre y cuando sean a consecuencia directa de un acontecimiento que, desviándose de la marcha normal de la actividad objeto del seguro, ocurra durante la vigencia de la póliza, dentro de los inmuebles asegurados de forma repentina, accidental e imprevista. Se excluye la polución y contaminación paulatina.
B44: RESPONSABILIDAD CIVIL DERIVADA DE MONTAJES, CONSTRUCCIONES Y OBRAS CIVILES PARA EL MANTENIMIENTO Y/O AMPLIACIÓN O ENSANCHE DE PREDIOS. (CUANDO APLIQUE) Sublimite 10% del valor asegurado evento / (vigencia 3.4.1.). | E44: Se cubren los perjuicios derivados de la responsabilidad civil extracontractual derivada de montajes , construcciones y obras civiles para el mantenimiento y/o ampliación o ensanche de predios. Se excluye RCE derivada del mantenimiento, pruebas, errores de diseño y riesgo petroquímico.
B45: RESPONSABILIDAD CIVIL DEL ASEGURADO FRENTE A FAMILIARES DE SUS EMPLEADOS INCLUIDOS LOS CONTRATISTAS PARA EL APOYO A LA GESTIÓN ADMINISTRATIVA O MISIONAL. | E45: Queda expresamente convenido y acordado que para efectos de este seguro se entenderán como terceros los familiares del personal del asegurado (incluidos los de los contratistas para el apoyo a la gestión administrativa o misional), de igual forma para los efectos de este seguro los niños, niñas y adolescentes, se consideran terceros
... B48: BIENES BAJO CUIDADO, TENENCIA, CONTROL Y CUSTODIA | E48: Se amparan los daños y/o perjuicios que se causen a terceros, con bienes que sin ser de propiedad del asegurado se encuentren bajo su cuidado, tenencia, control y custodia. Se excluye el hurto en cualquiera de sus formas y el daño de dichos bienes.
B49: 3.6. | C49: CLÁUSULAS BÁSICAS
B50: REVOCACIÓN DE LA PÓLIZA, CLÁUSULAS O CONDICIONES Con termino de noventa (90) días. | E50: La aseguradora podrá revocar la póliza, cláusulas o condiciones unilateralmente por la compañía, mediante noticia escrita enviada al asegurado, a su última dirección registrada, con no menos de noventa (90) días de antelación; contados a partir de la fecha del envío. El asegurado podrá pedir la revocación en cualquier momento, según lo previsto en el Código de Comercio. Así mismo, en el caso de que la aseguradora decida no otorgar renovación o prórroga del contrato de seguro, deberá dar aviso de ello al asegurado con no menos de noventa (90) días de antelación a la fecha de vencimiento de la póliza, en caso contrario se dará por entendido que la aseguradora acepta la renovación o prorroga hasta el límite legal establecido en la Ley 80 de 1993, para la adición de los contratos y manteniendo las mismas condiciones ofertadas en este proceso.
B51: ERRORES, OMISIONES O INEXACTITUDES | E51: El tomador está obligado a declarar sinceramente los hechos y circunstancias que determinen el estado del riesgo. La inexactitud sobre hechos o circunstancias que, conocidas por la compañía, la hubieren retraído de celebrar el contrato o inducido a estipular condiciones más onerosas, produce la nulidad relativa del seguro. Sin embargo, si se incurriere en errores, omisiones e inexactitudes inculpables al tomador o al asegurado, el contrato no será nulo ni habrá lugar a la aplicación del inciso tercero del artículo 1058 del Código de Comercio sobre reducción porcentual de la prestación asegurada. En este caso se deberá pagar la prima adecuada al verdadero estado del riesgo.
B52: AMPLIACIÓN AVISO DEL SINIESTRO Con termino de noventa (90) días. | E52: Queda convenido y aceptado que el asegurado podrá dar aviso de la ocurrencia del siniestro en un término de noventa (90), siguientes a la fecha en que haya conocido o debido conocer la ocurrencia del mismo.
B53: DESIGNACIÓN O DENOMINACIÓN DE BIENES | E53: La aseguradora acepta el título, nombre, denominación o nomenclatura con que el asegurado identifica o describe los bienes asegurados en sus registros o libros de comercio o contabilidad. El alcance de éstas designación de bienes se amplía al objeto establecido en el Manual de Procedimientos Administrativos y Contables para el manejo y control de los bienes de la Entidad.
B54: CONOCIMIENTO DEL RIESGO | E54: La aseguradora acepta mediante la presente cláusula que la Entidad, le ha brindado la oportunidad para realizar la inspección de los bienes y riesgos a que están sujetos los mismos y el patrimonio del Asegurado, razón por la cual se deja constancia del conocimiento y aceptación de los hechos, circunstancias y, en general, condiciones de los mismos. La compañía se reserva el derecho de llevar a cabo la inspección cuantas veces lo juzgue pertinente.
B55: PAGO DE LA INDEMNIZACIÓN | E55: Queda expresamente acordado que la aseguradora acepta efectuar el pago de la indemnización, en dinero o mediante el giro al tercero afectado o podrá optar por girar a los contratistas y/o proveedores de servicios o suministro de éstos u otros similares con los cuales el tercero afectado, decida remplazar, reconstruir, reparar y/o reponer el bien o bienes objeto de indemnización por el perjuicio causado; y para este último caso la compañía efectuará el pago hasta el monto de su responsabilidad, precisando que en todo caso y por tratarse de una póliza de Responsabilidad Civil, la indemnización será reconocida a quien acredite la calidad de víctima.
B56: ANTICIPO DE INDEMNIZACIÓN DEL 70%. Se califica en Condiciones Adicionales (Formato No. 3) el número adicional del restablecimiento a ofrecer. | E56: Queda expresamente acordado que, a petición escrita de la Entidad, la aseguradora anticipará pagos parciales sobre el valor de cualquier reclamo, con base en el valor de la estimación preliminar de los perjuicios causados o la pérdida aceptada por el ajustador, para adelantar la reparación, reposición o remplazo de los perjuicios o las perdidas causadas. En el caso de que no haya nombramiento de ajustador, el anticipo se liquidará con base en la valoración de la cuantía de la pérdida amparada, acreditada por la entidad mediante cotización de la misma. Este anticipo también se extiende a cualquier tipo de gastos que se requiera para la operatividad de la póliza. En caso que el anticipo o suma de anticipos que la compañía adelante al asegurado llegare a exceder la suma total indemnizable a que tenga derecho, éste se compromete a devolver el exceso pagado. Para esta cláusula la aseguradora debe contemplar un plazo máximo para el pago del anticipo de diez (10) días hábiles contados a partir de la fecha de solicitud y formalización del mismo este y no se acepta el requerimiento de ningún requisito adicional para realizar el anticipo.
B57: MODIFICACIONES A FAVOR DEL ASEGURADO | E57: Los cambios o modificaciones a las condiciones de la presente póliza, serán acordados mutuamente entre la compañía y el asegurado. El certificado, documento o comunicaciones que se expidan para formalizarlos debe ser firmado, en señal de aceptación, por un representante legal del asegurado o funcionario autorizado, prevaleciendo sobre las condiciones de esta póliza. No obstante, si durante la vigencia de la póliza se presentan modificaciones en las condiciones del seguro, legalmente aprobadas que representen un beneficio a favor del asegurado, tales modificaciones se consideran automáticamente incorporadas. Siempre y cuando no causen cobro de prima adicional.
B58: NOMBRAMIENTO Y DESIGNACIÓN DE AJUSTADORES | E58: El nombramiento de ajustadores deberá efectuarse de común acuerdo entre la aseguradora y el asegurado, para lo cual la aseguradora presentará para cada reclamo una relación de cinco (5) firmas ajustadoras. No obstante la anterior condición, el asegurador con su propuesta se obliga a presentar la lista de todos sus ajustadores y la Entidad se reserva el derecho de nombrar al ajustador que considere más adecuado o solicitar el cambio de los mismos en caso de que no fueren de su entera satisfacción, sin que para ello se requiera motivación alguna.
B59: VARIACIONES O MODIFICACIONES DEL RIESGO | E59: Queda entendido, convenido y aceptado que las notificaciones que sobre los hechos o circunstancias no previsibles que sobrevengan con posterioridad a la celebración del contrato de seguro y que, conforme al criterio consignado en el inciso 1° del artículo 1058 del código de comercio, signifiquen agravación del riesgo, se efectuarán por la Entidad dentro de los cuarenta y cinco (45) días siguientes a la fecha de modificación del riesgo.
B60: PROPIETARIOS, ARRENDATARIOS O POSEEDORES | E60: La cobertura de la presente póliza se extiende a cubrir todos los gastos que el asegurado por su responsabilidad le llegaren a imputar y que este esté legalmente obligado a pagar por cualquier ocurrencia de pérdida o perjuicio que surja en su calidad de arrendatario, arrendador o poseedor de cualquier inmueble, aun cuando éstos no se encuentren específicamente descritos en la póliza. Queda cubierta igualmente la responsabilidad civil extracontractual del asegurado en caso de reparaciones, modificaciones o construcciones de los mismos inmuebles; se cubre también la responsabilidad civil de la persona o personas encargadas por contrato de mantenimiento del inmueble y únicamente cuando se encuentren en ejercicio de las funciones que dicho contrato estipule.
B61: RESTABLECIMIENTO AUTOMÁTICO DEL LÍMITE ASEGURADO POR PAGO DE SINIESTRO, HASTA UNA (1,6) VEZ EL LÍMITE CONTRATADO CON COBRO DE PRIMA A PRORRATA. Se califica en Condiciones Adicionales (Formato No. 3) el número adicional del restablecimiento a ofrecer. | E61: Mediante la presente cláusula la aseguradora acepta expresamente, que en el caso de presentarse una pérdida amparada por la presente póliza, la cuantía de tal pérdida se considerará inmediatamente restablecida desde el momento de ocurrencia del siniestro. El restablecimiento ofrecido por esta condición dará derecho a la aseguradora al cobro de la prima, a prorrata, correspondiente al monto restablecido, desde la fecha de la pérdida hasta el vencimiento de la póliza, expedición de cuyo certificado de seguro realizará una vez efectuado el pago de la indemnización.
... B66: SELECCIÓN DE PROFESIONALES PARA LA DEFENSA | E66: La aseguradora debe contemplar que la selección de los profesionales encargados de la defensa corresponderá a la Entidad asegurada, o los funcionarios que ésta designe, quienes para su aprobación presentarán a la compañía la propuesta correspondiente, teniendo en cuenta que en todos los casos los profesionales del derecho deberán acreditar la debida idoneidad para asumir los procesos en los cuales se les postule para actuar como defensores. Toda propuesta en que los profesionales no acrediten la idoneidad será rechazada. La aseguradora, previo común acuerdo con la Entidad asegurada, podrá asumir la defensa de cualquier litigio o procedimiento legal a nombre del asegurado, a través de abogados elegidos por éste, para lo cual se deberá cumplir con el siguiente procedimiento:
E67: A. ETAPA PREJUDICIAL:
E68: El procedimiento prejudicial para el trámite de las reclamaciones presentado por la Entidad asegurada, ante la compañía Aseguradora, con el fin de evitar dilaciones en el proceso y suspensiones injustificadas de audiencias de conciliación, se desarrollara de la siguiente manera:
E69: a) Una vez ocurrido el siniestro, dentro de los 10 días calendarios siguientes al momento en que tuvo conocimiento de su ocurrencia, la Entidad asegurada, enviara el documento de convocatoria a la Aseguradora, haciéndolo llegar al correo electrónico del funcionario delegado para tal fin, quien para todos los efectos será el designado como el punto de contacto único y permanente entre la Entidad asegurada, y la compañía.
E70: Adicional al documento de convocatoria, la comunicación antes referida debe contener un pronunciamiento claro y debidamente fundamentado, por parte de la Entidad asegurada, frente a los hechos ocurridos. Este requisito será cumplido mediante el concepto previo de la oficina jurídica de la la Entidad asegurada, puesto que en este ya se ha evaluado a priori la responsabilidad, sin que sea viable la exigencia por parte de la aseguradora de alguna decisión del comité de la la Entidad asegurada.
E71: La Entidad asegurada, contara con ocho (8) días calendario para realizar la comunicación acá señalada, contados desde la fecha en que la Entidad haya tenido conocimiento de los hechos.
E72: b) Una vez recibida la información, la compañía Aseguradora estudiara el caso en el Comité de Defensa o de siniestros, según corresponda, a más tardar dentro de los siete (7) días calendario siguientes al recibo del documento de convocatoria, y, de ser pertinente, se aprobara el valor de una propuesta inicial, que debe constar por escrito y de la cual se dará traslado a la Entidad asegurada, en un término máximo de tres (3) días calendario contados desde la fecha que el Comité sesiono.
E73: La decisión tomada por el Comité debe estar debidamente motivada, especificando la justificación de la cifra propuesta y teniendo como base los parámetros establecidos por la jurisprudencia aplicable al caso, así como el proceso de análisis y valoración que llevo a la misma.
E74: c) En caso que la Entidad asegurada esté en desacuerdo con la decisión inicial del Comité de Defensa de la Aseguradora, podrá, dentro de los cinco (5) días calendario siguientes a la comunicación de la misma, manifestar tal inconformidad, mediante el mismo punto de contacto único, y solicitar la reconsideración del caso, argumentando de manera seria las razones por las cuales considera que no hubo una valoración adecuada.
E75: d) La solicitud de reconsideración será resuelta por parte de la compañía Aseguradora dentro de los siete (7) días calendarios siguientes a la fecha de su radicación. La decisión debe contener una propuesta final, la cual debe constar por escrito y estar debidamente motivada, ya sea argumentando de manera razonada la no modificación de la cifra o explicando la motivación y el proceso de análisis y valoración que llevo a la fijación de un nuevo valor.
E76: NOTA: Será la Entidad asegurada, la encargada de convocar a la Compañía Aseguradora a la audiencia de conciliación prejudicial, por lo que no será necesario, en ningún caso, que la Procuraduría u otro órgano respectivo adelante este trámite.
E77: B. ETAPA JUDICIAL:
E78: a) Se adelantará las etapas del proceso judicial con celeridad y evitando cualquier tipo de dilaciones.
... E80: c) La Aseguradora entiende y se compromete a interactuar con la Entidad asegurada, dentro del proceso judicial, como su garante, realizando una labor de apoyo encaminada a obtener una sentencia favorable.
B81: COMPROMISO PARA EL PAGO DE LAS INDEMNIZACIONES Plazo de cinco (5) días hábiles. Se califica en Condiciones Adicionales (Formato No. 3) el menor número de dias al basico establecido. | E81: Mediante esta condición la aseguradora se compromete al pago de la indemnización dentro del plazo establecido, una vez el asegurado demuestre ocurrencia y cuantía.
B82: NO CONCURRENCIA DE AMPAROS, CLÁUSULAS O CONDICIONES | E82: Queda entendido, convenido y aceptado, que si dos o más amparos, cláusulas o condiciones otorgan cobertura a un mismo evento, se indemnizará con base en aquella que ofrezca mayor protección para los intereses del asegurado. De igual manera prevalecerán los amparos, cláusulas o condiciones que otorguen coberturas sobre aquellos que las excluyan. En todo caso y ante cualquier discrepancia sobre cuál es el amparo, cláusula o condición aplicable a un caso determinado, se aplicara aquella o aquellas que en conjunto determine el asegurado de acuerdo a su conveniencia.
B83: CLÁUSULA DE JURISDICCION Y SOLUCION DE CONTROVERSIAS | E83: Toda y cualquier diferencia que surja entre las partes por la interpretación del presente contrato, su ejecución, cumplimiento, terminación o las consecuencias futuras del mismo, será dirimida bajo la jurisdicción y legislación de la República de Colombia. Las diferencias y controversias que surjan se solucionarán con sujeción a las siguientes instancias que se agotarán de forma sucesiva o a elección de las partes, así:
E84: a). Arreglo Directo: Las partes tratarán de resolver sus diferencias de forma directa y entre ellas mismas dentro del plazo de quince (15) días contados a partir de la notificación escrita en que cualquiera de ellas informe a la otra de un conflicto o controversia originado en el contrato. b). Conciliación: Agotado el plazo anterior sin que las partes lograsen un acuerdo por si mismas, acudirán a la asistencia de un conciliador legalmente autorizado que se designará y actuará según los parámetros establecidos por la Ley 446 de 1998 y el decreto 1818 del mismo año, la etapa de conciliación durará un mes (1) desde el momento en que las partes o cualquiera de ellas radique la solicitud de conciliación respectiva, en caso de lograrse la conciliación la misma producirá efectos de cosa juzgada entre las partes, en caso contrario agotará el requisito de procedibilidad para acudir a la jurisdicción ordinaria o arbitral según corresponda, de acuerdo con los literales c) y d) de la presente cláusula.
E85: c). Jurisdicción Ordinaria: Agotadas las instancias anteriores, si la cuantía de las pretensiones derivadas de la diferencia que surja entre las partes por la interpretación del presente contrato, su ejecución, cumplimiento, terminación o las consecuencias futuras del mismo, no excediere de 220 SMMLV las partes sujetarán su controversia a la decisión del juez de instancia que corresponda según la cuantía y competencia en arreglo a lo previsto por el código de procedimiento Civil. d). Jurisdicción Arbitral: Agotadas las instancias anteriores, si la cuantía de las pretensiones derivadas de la diferencia que surja entre las partes por la interpretación del presente contrato, su ejecución, cumplimiento, terminación o las consecuencias futuras del mismo, se llevará el conflicto a la decisión de un Tribunal de Arbitramento Institucional cuyo domicilio será la ciudad de Bogotá D.C., el Tribunal estará integrado por un (1) árbitro que será designado conjuntamente por las partes dentro de los quince (15) días hábiles siguientes al envío de la comunicación por correo certificado que una de ellas le haga llegar a la otra solicitando la conformación del Tribunal; en caso de desacuerdo o falta de respuesta de la parte requerida, la otra parte podrá solicitar la designación y conformación del Tribunal al centro de Arbitraje y Conciliación de la Cámara de Comercio de la ciudad de Bogotá D.C.. El Tribunal así conformado funcionará en la ciudad de Bogotá D.C. y el laudo deberá proferirse en derecho, sujetándose en un todo al Decreto 2279 de 1.989, la ley 23 de 1.991, a la Ley 446 de 1.998, sus decretos reglamentarios y demás normas que regulan esta figura judicial. Esta última sujeta a lo dispuesto en Directiva Presidencial 04 del 18 de mayo de 2018.
B86: LIQUIDACIÓN A PRORRATA EN CASO DE CANCELACIÓN DE LA PÓLIZA POR PARTE DEL ASEGURADO | E86: Bajo esta cláusula la aseguradora debe aceptar que en caso de cancelación de la póliza por parte del asegurado, la devolución de las primas respectivas se realizará a prorrata.
B87: LIQUIDACIÓN A PRORRATA PARA PRÓRROGA DE LA VIGENCIA | E87: En caso de que el asegurado lo requiera, la aseguradora realizara la liquidación de la prima de la prorroga a prorrata con las mismas tasas y condiciones de la póliza inicial. Siempre y cuando la siniestralidad de la póliza no sea mayor al 50%, en el caso que la siniestralidad supere el 50% la aseguradora acordará con el asegurado las condiciones en que se otorgará la prórroga.
B88: CONDICIONES DE RENOVACIÓN Y/O PRORROGA DE LA PÓLIZA | E88: En caso de que el asegurado decida renovar y/o prorrogar la póliza, la aseguradora se obliga a mantener los términos contratados con las mismas tasas y condiciones de la póliza inicial, siempre y cuando la siniestralidad de la póliza no sea mayor al 50%, en el caso que la siniestralidad supere el 50% la aseguradora acordará con el asegurado las condiciones en que se otorgará las condiciones de renovación. La aseguradora se obliga a entregar en cualquiera de las situaciones de resultado de siniestralidad, las condiciones con una antelación de cuarenta y cinco (45) días antes del vencimiento de la póliza.
B89: CLÁUSULA DE NO ACEPTACIÓN DE COASEGURO | E89: En el evento en el que el contrato de seguro sea celebrado a través de una figura asociativa, la misma se celebrará bajo alguna de las modalidades previstas en el artículo 7º del Estatuto General de Contratación de la Administración Pública – EGCP (Unión temporal, consorcio, entre otros). Adicionalmente, no serán aceptados los contratos de seguros estructurados por dos o más Compañías de seguros, en calidad de coaseguradores, y toda disposición que se realice con esta referencia (coaseguro), se entenderá por no escrita.
B90: CLÁUSULA DE CONOCIMIENTO POR LOS MIEMBROS DE LA FIGURA ASOCIATIVA | E90: Esta cláusula será aplicada cuando se presente la asociación de dos o más Aseguradoras, sin importar la figura utilizada para tal fin. Las Compañías de Seguros que actúan como integrantes de cualquier figura asociativa (consorcio, unión temporal, etc.) dentro del presente contrato de seguro, conocen y aceptan: i) las condiciones generales y particulares de la póliza, ii) Cualquier anexo y/o certificado que sobre la póliza inicial emita la Compañía líder de la figura asociativa. En igual sentido, declaran que cualquier reclamación, notificación, requerimiento o comunicación formulada por el asegurado o por un tercero a la compañía líder o cualquiera de sus integrantes, se entiende automáticamente formulada ante todos los integrantes de la figura asociativa establecida para tal fin.
B91: CLÁUSULA DE SOLIDARIDAD ENTRE LOS MIEMBROS DE LA FIGURA ASOCIATIVA | E91: En caso de figuras asociativas se considera lo contemplado en el parágrafo 2 del artículo 7 de la Ley 80 de 1993, el cual indica “En los casos en que se conformen sociedades bajo cualquiera de las modalidades previstas en la ley con el único objeto de presentar una propuesta, celebrar y ejecutar un contrato estatal, la responsabilidad y sus efectos se regirá por las disposiciones previstas en esta ley para los consorcios.”, por tanto, frente a la contratación estatal queda entendido que existirá la solidaridad en el cumplimiento del contrato de seguros y las obligaciones derivadas del mismo.
B92: CLÁUSULA IDENTIFICACIÓN DE LA FIGURA ASOCIATIVA EN LA PÓLIZA | E92: En el evento que el contrato se seguro sea celebrado a través alguna figura asociativa (consorcio, unión temporal, etc.) compuesta por dos o más compañías de seguros, en virtud del artículo 1047 del Código de Comercio, en la póliza deberá incorporarse: (i) el nombre del contratista (razón social de la figura asociativa establecida en su documento de conformación) y (ii) la razón social, número de identificación y porcentajes de participación de cada una de las ase
B93: CLÁUSULA DE CONDICIONES PARTICULARES | E93: Queda expresamente acordado y convenido, que la aseguradora acepta las condiciones obligatorias (mínimas técnicas) establecidas en este anexo, en los términos señalados en el mismo, por lo tanto, en caso de existir discrepancia ente los ofrecimientos contenidos en la propuesta técnica básica, frente a los textos de los ejemplares de las pólizas, a las condiciones generales, certificados, anexos o cualquier otro documento; prevalecerá la información y condiciones básicas técnicas establecidas de este anexo, de igual forma en caso de encontrarse contradicción en alguna condición prevalecerá la de mayor beneficio para el asegurado.
B94: DETERMINACIÓN DE CONDICIONES Y REQUISITOS PARA EL PAGO DE INDEMNIZACIONES | E94: La aseguradora manifiesta expresamente que acepta los requisitos y documentos contenidos en el ANEXO No. 10 REQUISITOS PARA EL PAGO DE LAS INDEMNIZACIONES, como únicos para la atención y pago de reclamaciones por siniestros. A futuro no podrá exigir documentos o trámites adicionales.
B95: 3.7. | C95: EXCLUSIÓN DE ENFERMEDADES TRANSMISIBLES O CONTAGIOSAS
B96: Este seguro no cubre cualquier reclamo de ninguna manera causado por o como resultado de: a) Enfermedad por coronavirus (COVID-19) b) Coronavirus 2 del síndrome respiratorio agudo severo (SARS-CoV-2) c) Cualquier mutación o variación de SARS-CoV-2; d) Cualquier otra enfermedad transmisible, epidemia o pandemia e) Cualquier temor o amenaza de a), b), c) ó d) anteriores f) La interrupción de negocios y/o pérdidas financieras sufridas por la Entidad al no poder desarrollar la actividad para la cual fue creada como consecuencia de a), b), c), d) y e) anteriores.
B97: “OFAC: El Asegurador no será responsable de proporcionar cobertura o hacer algún pago si el realizarlo pudiera ser considerado como una violación de alguna de las leyes o regulaciones de Sanciones Económicas, que expondría al Asegurador, su casa matriz o su entidad controladora a una sanción estipulada bajo estas leyes o regulaciones
B98: 3.8. | C98: COBERTURAS, AMPAROS Y BIENES SIN APLICACIÓN DE DEDUCIBLES EN FORMA OBLIGATORIA
B99: La Entidad, requiere oferta de cobertura SIN APLICACIÓN DE DEDUCIBLE, para los bienes y/o amparos y/o eventos, señalados a continuación y por lo tanto el proponente con la firma del FORMATO No. 1 - ACEPTACIÓN DE LAS CONDICIONES OBLIGATORIAS (MÍNIMAS TÉCNICAS), admite estas condiciones.
B100: 1- Gastos Médicos: Sin aplicación de deducibe.
B101: 2- Demas eventos y/o amparos: Sin deducible
B102: 3.10. | C102: COMISIÓN MÍNIMA ACEPTABLE.
B103: En virtud de lo expuesto en el artículo 1341 del Código de Comercio el Corredor tendrá derecho a la comisión de intermediación, la cual será pagada por la Compañía de Seguros. La comisión mínima no deberá ser inferior al 15% el valor de la prima neta antes de IVA.
B104: By: Tiger | G104: 46112

Sheet 4. COND. BÁSICAS TRANSP. VAL.
B3: =+'3. COND. BÁSICAS RCE'!B3:G3 -> DEPARTAMENTO ADMINISTRATIVO PARA LA PROSPERIDAD SOCIAL - PROSPERIDAD SOCIAL
B4: ANEXO No. 1 - CONDICIONES OBLIGATORIAS (MÍNIMAS TÉCNICAS)
B5: GRUPO No. 1
B7: 4. PÓLIZA DE TRANSPORTE DE VALORES
B8: 4.1. | C8: INFORMACIÓN GENERAL
B9: TOMADOR: | C9: =+'3. COND. BÁSICAS RCE'!C9:E9 -> DEPARTAMENTO ADMINISTRATIVO PARA LA PROSPERIDAD SOCIAL - PROSPERIDAD SOCIAL | F9: NIT. | G9: =+'1. COND. BÁSICAS TRDM'!G9 -> 900.039.533-8
B10: ASEGURADO: | C10: =+C9 -> DEPARTAMENTO ADMINISTRATIVO PARA LA PROSPERIDAD SOCIAL - PROSPERIDAD SOCIAL | F10: NIT. | G10: =+G9 -> 900.039.533-8
B11: BENEFICIARIO: | C11: =+C9 -> DEPARTAMENTO ADMINISTRATIVO PARA LA PROSPERIDAD SOCIAL - PROSPERIDAD SOCIAL | F11: NIT. | G11: =+G9 -> 900.039.533-8
B12: 4.2. | C12: OBJETO DEL SEGURO
B13: Amparar las pérdidas y los daños materiales causados como consecuencia de los eventos que constituyen los amparos mencionados, por el transporte de dineros en efectivo, títulos valores, cheques, y cualquier otro documento de propiedad del asegurado que pueda ser convertido fácilmente en dinero en efectivo, incluyendo las movilizaciones de dinero en efectivo realizadas por los funcionarios en comisión y delegados del manejo de las cajas menores y demás títulos valores, por los cuales el DEPARTAMENTO ADMINISTRATIVO PARA LA PROSPERIDAD SOCIAL - PROSPERIDAD, sea o deba ser legalmente responsable.
B14: 4.3. | C14: LÍMITE ASEGURADO POR DESPACHO
B15: Límite: | F15: 30000000
B16: 4.3.1. | C16: Presupuesto anual de movilización | F16: 150000000
B17: 4.3.2. | C17: Trayectos asegurados:
B18: Movilizaciones entre dependencias del asegurado y/o hasta, bancos o corporaciones, casas de cambio o entidades con las cuales que tengan interés con las transacciones de la Entidad asegurada y viceversa.
B19: 4.3.3. | C19: Medios de Transporte y alcance de la cobertura
B20: Por mensajero particular, terrestre, aéreo, marítimo, fluvial y/o férreo, y cualquier otro que el asegurado deba utilizar para el transporte de los bienes objeto de este seguro, aclarando que la póliza cubre todo tipo de medio de movilización sin excepción y sin restricción de horarios para la movilización De igual forma la aseguradora acepta como medio de transporte cuando se realice en vehículos propios, de funcionarios o contratistas de la Entidad o de terceros.
B21: 4.4. | C21: SISTEMA DE COBRO DE PRIMA
B22: La aseguradora acepta como sistema de cobro un único anual (o con base en las vigencias contratadas y con pago por vigencia fiscal) sobre el valor del presupuesto anual indicado sin reportes y sin ajuste al final de la vigencia. Procedimiento para reporte de movilizaciones: Se ampara cualquier despacho hasta el límite asegurado sin que se requiera suministro de relaciones periodicas de despachos y efectuando el cobro de una prima única por toda la vigencia de la póliza. Por tanto, la aseguradora no dará aplicación a la cláusula de falta de avisos o aplicaciones a la presente póliza, manteniendo de esta forma la cobertura durante la vigencia estipulada en la carátula de la póliza.
B23: NOTA: | C23: CADA SUBLÍMITE INDICADO ESTAN CONTEMPLADOS DENTRO DEL LÍMITE ASEGURADO.
B24: 4.5. | C24: BASE PARA LA DETERMINACIÓN Y APLICACIÓN DEL CONCEPTO SUBLÍMITE / VIGENCIA / AGREGADO ANUAL
B25: Para la totalidad de Coberturas y/o condiciones básicas sublímitadas, queda expresamente aceptado por parte de los proponentes que, en concordancia con la vigencia de la póliza que se adjudique, cada Sublímite operará así:
B26: - Si la vigencia es igual o mayor a doce (12) meses: Sublímite indicado Evento /Agregado Anual.
B27: En caso de discrepancia en alguna cobertura o cláusula básicas con relación al concepto de aplicación del sublímite / vigencia / agregado anual, frente a la vigencia ofertada, prevalece el establecido en este numeral con relación al plazo de la condición ofertada.
B28: 4.6. | C28: AMPAROS BÁSICOS
B29: DAÑO MATERIAL DE LOS VALORES TRANSPORTADOS | E29: La aseguradora se compromete a indemnizar al asegurado la pérdida o daño material que sufran los valores asegurados como consecuencia de incendio y/o rayo, cualquier evento de la naturaleza, caída a abismos o colisión o desbarrancamiento o volcamiento o fallas mecánicas imprevistas del medio de transporte, inundaciones, combustión espontánea, explosión, caída de aeronaves u otros objetos que se desprendan de ella u otros objetos aéreos.
B30: HURTO CALIFICADO | E30: La aseguradora se compromete a indemnizar al asegurado la pérdida o daño material que sufran los valores asegurados como consecuencia de hurto calificado (de acuerdo con su definición legal), suministro de sustancias a los transportadores de los valores que provoquen doblegación de la voluntad, apoderamiento forzoso del medio de transporte.
B31: HURTO SIMPLE | E31: La aseguradora se compromete a indemnizar al asegurado la pérdida o daño material que sufran los valores asegurados como consecuencia de hurto simple (de acuerdo con su definición legal).
B32: GASTOS ADICIONALES | E32: La aseguradora se compromete a pagar al asegurado los gastos razonables y debidamente justificados en que incurra el asegurado para evitar la extensión y propagación del siniestro o para el manejo del salvamento de los valores asegurados
B33: HUELGA - INCLUIDO ACTOS MAL INTENCIONADOS DE TERCEROS, HUELGA, ASONADA, SUSPENSIÓN DE HECHO DE LABORES, SUSPENSIÓN DE TRABAJO POR CIERRE PATRONAL, DISTURBIOS DE TRABAJO, MOTINES, CONMOCIONES CIVILES, ACTOS SUBVERSIVOS, TERRORISMO Y APODERAMIENTO O DESVÍO DE NAVES O AERONAVES. | E33: La aseguradora se compromete a indemnizar hasta el límite del valor asegurado los daños materiales o pérdidas que sufran los valores asegurados como consecuencia de actos mal intencionados de terceros, huelga, asonada, suspensión de hecho de labores, suspensión de trabajo por cierre patronal, disturbios de trabajo, motines, conmociones civiles, actos subversivos, terrorismo y apoderamiento o desvío de naves o aeronaves.
B34: PERMANENCIA EN LUGARES INICIALES, INTERMEDIOS O FINALES, DENTRO O FUERA DE CAJA FUERTE | E34: La aseguradora se compromete a indemnizar hasta el límite del valor, las pérdidas que sufran los valores asegurados por la permanencia en lugares iniciales, intermedios o finales y que ésten dentro o fuera de caja fuerte.
B35: MOVILIZACIONES EN TRAYECTOS MÚLTIPLES | E35: La aseguradora acepta expresamente que otorga cobertura para los dineros y valores que sean transportados por el asegurado en trayectos múltiples, entiendase por estos cuando el mensajero o personal que realiza la movilización de los bienes objeto de este seguro deba movilizarse o desplazarse por varios trayectos con los valores amparados bajo la presente póliza, sin importar los lugares que deba recorrer en el territorio colombiano o fuera de este.
B36: ACTOS DE AUTORIDAD | E36: La póliza se extiende a cubrir los daños o pérdidas materiales de los bienes asegurados, causados directamente por la acción de la autoridad legalmente constituida, ejercida con el fin de disminuir o aminorar las consecuencias de cualquiera de los riesgos amparados. Se excluye el embargo y la confiscación de bienes.
B37: 4.7. | C37: CLÁUSULAS BÁSICAS
B38: REVOCACIÓN DE LA PÓLIZA, CLÁUSULAS O CONDICIONES. Con Termino de noventa (90) días y para AMIT, AMCCOPH, Terrorismo y Sabotaje diez (10) días. | E38: La aseguradora podrá revocar la póliza, cláusulas o condiciones unilateralmente por la compañía, mediante noticia escrita enviada al asegurado, a su última dirección registrada, con no menos de noventa (90) días y para AMIT Y AMCCOPH diez (10) días, de antelación; contados a partir de la fecha del envío. El asegurado podra pedir la revocación en cualquier momento, según lo previsto en el Código de Comercio. Así mismo, en el caso de que la aseguradora decida no otorgar renovación o prorroga del contrato de seguro, excepto para AMIT, AMCCOPH, Terrorismo y Sabotaje, deberá dar aviso de ello al asegurado con no menos de noventa (90) días de antelación a la fecha de vencimiento de la póliza, en caso contrario se dará por entendido que la aseguradora acepta la renovación o prorroga hasta el límite legal establecido en la Ley 80 de 1993, para la adición de los contratos y manteniendo las mismas condiciones ofertadas en este proceso de aseguradoras.
B39: ERRORES, OMISIONES O INEXACTITUDES | E39: El tomador está obligado a declarar sinceramente los hechos y circunstancias que determinen el estado del riesgo. La inexactitud sobre hechos o circunstancias que, conocidas por la compañía, la hubieren retraído de celebrar el contrato o inducido a estipular condiciones más onerosas, produce la nulidad relativa del seguro. Sin embargo, si se incurriere en errores, omisiones e inexactitudes inculpables al tomador o al asegurado, el contrato no será nulo ni habrá lugar a la aplicación del inciso tercero del artículo 1058 del Código de Comercio sobre reducción porcentual de la prestación asegurada. En este caso se deberá pagar la prima adecuada al verdadero estado del riesgo.
B40: AMPLIACIÓN AVISO DEL SINIESTRO Con termino de noventa (90) días. | E40: Queda convenido y aceptado que el asegurado podrá dar aviso de la ocurrencia del siniestro en un término de noventa (90), siguientes a la fecha en que haya conocido o debido conocer la ocurrencia del mismo.
B41: CONOCIMIENTO DEL RIESGO | E41: La aseguradora acepta mediante la presente cláusula que la Entidad, le ha brindado la oportunidad para realizar la inspección de los bienes y riesgos a que están sujetos los mismos y el patrimonio del Asegurado, razón por la cual se deja constancia del conocimiento y aceptación de los hechos, circunstancias y, en general, condiciones de los mismos. La compañía se reserva el derecho de llevar a cabo la inspección cuantas veces lo juzgue pertinente.
B42: ANTICIPO DE INDEMNIZACIÓN DEL 70%. Se califica en Condiciones Adicionales (Formato No. 3) el porcentaje adicional a la condición requerida. | E42: Queda expresamente acordado que, a petición escrita de la Entidad, la aseguradora anticipará pagos parciales sobre el valor de cualquier reclamo, con base en el valor de la estimación preliminar de la pérdida aceptada por el ajustador, para adelantar la reparación, reposición o remplazo de los bienes asegurados. En el caso de que no haya nombramiento de ajustador, el anticipo se liquidará con base en la valoración de la cuantía de la pérdida amparada, acreditada por la entidad mediante cotización de la misma. Este anticipo también se extiende a cualquier tipo de gastos que se requiera para la operatividad de la póliza. En caso que el anticipo o suma de anticipos que la compañía adelante al asegurado llegare a exceder la suma total indemnizable a que tenga derecho, éste se compromete a devolver el exceso pagado. Para esta cláusula la aseguradora debe contemplar un plazo máximo para el pago del anticipo de diez (10) días hábiles contados a partir de la fecha de solicitud y formalización del mismo este y no se acepta el requerimiento de ningún requisito adicional para realizar el anticipo.
B43: MODIFICACIONES A FAVOR DEL ASEGURADO | E43: Los cambios o modificaciones a las condiciones de la presente póliza, serán acordados mutuamente entre la compañía y el asegurado. El certificado, documento o comunicaciones que se expidan para formalizarlos debe ser firmado, en señal de aceptación, por un representante legal del asegurado o funcionario autorizado, prevaleciendo sobre las condiciones de esta póliza. No obstante, si durante la vigencia de la póliza se presentan modificaciones en las condiciones del seguro, legalmente aprobadas que representen un beneficio a favor del asegurado, tales modificaciones se consideran automáticamente incorporadas. Siempre y cuando no causen cobro de prima adicional.
B44: NOMBRAMIENTO Y DESIGNACIÓN DE AJUSTADORES | E44: El nombramiento de ajustadores deberá efectuarse de común acuerdo entre la aseguradora y el asegurado, para lo cual la aseguradora presentará para cada reclamo una relación de cinco (5) firmas ajustadoras. No obstante la anterior condición, el asegurador con su propuesta se obliga a presentar la lista de todos sus ajustadores y la Entidad se reserva el derecho de nombrar al ajustador que considere más adecuado o solicitar el cambio de los mismos en caso de que no fueren de su entera satisfacción, sin que para ello se requiera motivación alguna.
B45: VARIACIONES DEL RIESGO | E45: Queda entendido, convenido y aceptado que las notificaciones que sobre los hechos o circunstancias no previsibles que sobrevengan con posterioridad a la celebración del contrato de seguro y que, conforme al criterio consignado en el inciso 1° del artículo 1058 del código de comercio, signifiquen agravación del riesgo, se efectuarán por la Entidad dentro de los cuarenta y cinco (45) días siguientes a la fecha de modificación del riesgo.
B46: NO CONCURRENCIA DE AMPAROS, CLÁUSULAS O CONDICIONES | E46: Queda entendido, convenido y aceptado, que si dos o más amparos, cláusulas o condiciones otorgan cobertura a un mismo evento, se indemnizará con base en aquella que ofrezca mayor protección para los intereses del asegurado. De igual manera prevalecerán los amparos, cláusulas o condiciones que otorguen coberturas sobre aquellos que las excluyan. En todo caso y ante cualquier discrepancia sobre cuál es el amparo, cláusula o condición aplicable a un caso determinado, se aplicara aquella o aquellas que en conjunto determine el asegurado de acuerdo a su conveniencia.
B47: NO APLICACIÓN DE GARANTÍAS | E47: Queda expresamente acordado y aceptado que la cobertura otorgada bajo la presente póliza no queda sujeta al cumplimiento de ningún tipo de garantía por parte de la entidad asegurada.
B48: PAGO DE LA INDEMNIZACIÓN | E48: Queda expresamente acordado que la aseguradora acepta efectuar el pago de la indemnización, en dinero o mediante el giro a los contratistas y/o proveedores de servicios o suministro de éstos u otros similares con los cuales la Entidad, decida remplazar, reconstruir, reparar y/o reponer el bien o bienes afectados; y para este último caso la compañía efectuará el pago hasta el monto de su responsabilidad, a petición escrita de la Entidad Asegurada. De todas formas queda convenido que la entidad asegurada se reserva el derecho de determinar si el giro de la indemnización se realiza en dinero o giro a los contratistas y la aseguradora acepta esta condición. Se precisa que en caso que se realice el giro en dinero, la aseguradora no puede descontar de este el impuesto al valor agregado.
B49: COMPROMISO PARA EL PAGO DE LAS INDEMNIZACIONES Plazo de cinco (5) días hábiles. Se califica en Condiciones Adicionales (Formato No. 3) el menor número de dias al basico establecido. | E49: Bajo esta condición la aseguradora se compromete al pago de la indemnización dentro del plazo establecido, una vez el asegurado demuestre ocurrencia y cuantía.
... B64: CLÁUSULA DE JURISDICCION Y SOLUCION DE CONTROVERSIAS | E64: Toda y cualquier diferencia que surja entre las partes por la interpretación del presente contrato, su ejecución, cumplimiento, terminación o las consecuencias futuras del mismo, será dirimida bajo la jurisdicción y legislación de la República de Colombia. Las diferencias y controversias que surjan se solucionarán con sujeción a las siguientes instancias que se agotarán de forma sucesiva o a elección de las partes, así:
E65: a). Arreglo Directo: Las partes tratarán de resolver sus diferencias de forma directa y entre ellas mismas dentro del plazo de quince (15) días contados a partir de la notificación escrita en que cualquiera de ellas informe a la otra de un conflicto o controversia orIginado en el contrato. b). Conciliación: Agotado el plazo anterior sin que las partes lograsen un acuerdo por si mismas, acudirán a la asistencia de un conciliador legalmente autorizado que se designará y actuará según los parámetros establecidos por la Ley 446 de 1998 y el decreto 1818 del mismo año, la etapa de conciliación durará un mes (1) desde el momento en que las partes o cualquiera de ellas radique la solicitud de conciliación respectiva, en caso de lograrse la conciliación la misma producirá efectos de cosa juzgada entre las partes, en caso contrario agotará el requisito de procedibilidad para acudir a la jurisdicción ordinaria o arbitral según corresponda, de acuerdo con los literales c) y d) de la presente cláusula.
E66: c). Jurisdicción Ordinaria: Agotadas las instancias anteriores, si la cuantía de las pretensiones derivadas de la diferencia que surja entre las partes por la interpretación del presente contrato, su ejecución, cumplimiento, terminación o las consecuencias futuras del mismo, no excediere de 220 SMMLV las partes sujetarán su controversia a la decisión del juez de instancia que corresponda según la cuantía y competencia en arreglo a lo previsto por el código de procedimiento Civil. d). Jurisdicción Arbitral: Agotadas las instancias anteriores, si la cuantía de las pretensiones derivadas de la diferencia que surja entre las partes por la interpretación del presente contrato, su ejecución, cumplimiento, terminación o las consecuencias futuras del mismo, se llevará el conflicto a la decisión de un Tribunal de Arbitramento Institucional cuyo domicilio será la ciudad de Bogotá D.C., el Tribunal estará integrado por un (1) árbitro que será designado conjuntamente por las partes dentro de los quince (15) días hábiles siguientes al envío de la comunicación por correo certificado que una de ellas le haga llegar a la otra solicitando la conformación del Tribunal; en caso de desacuerdo o falta de respuesta de la parte requerida, la otra parte podrá solicitar la designación y conformación del Tribunal al centro de Arbitraje y Conciliación de la Cámara de Comercio de la ciudad de Bogotá D.C.. El Tribunal así conformado funcionará en la ciudad de Bogotá D.C. y el laudo deberá proferirse en derecho, sujetándose en un todo al Decreto 2279 de 1.989, la ley 23 de 1.991, a la Ley 446 de 1.998, sus decretos reglamentarios y demás normas que regulan esta figura judicial. Esta última sujeta a lo dispuesto en Directiva Presidencial 04 del 18 de mayo de 2018.
B67: LIQUIDACIÓN A PRORRATA EN CASO DE CANCELACIÓN DE LA PÓLIZA POR PARTE DEL ASEGURADO | E67: Bajo esta cláusula la aseguradora debe aceptar que en caso de cancelación de la póliza por parte del asegurado, la devolución de las primas respectivas se realizará a prorrata.
B68: LIQUIDACIÓN A PRORRATA PARA PRÓRROGA DE LA VIGENCIA | E68: En caso de que el asegurado lo requiera, la aseguradora realizara la liquidación de la prima de la prorroga a prorrata con las mismas tasas y condiciones de la póliza inicial. Siempre y cuando la siniestralidad de la póliza no sea mayor al 50%, en el caso que la siniestralidad supere el 50% la aseguradora acordará con el asegurado las condiciones en que se otorgará la prórroga.
B69: CONDICIONES DE RENOVACIÓN Y/O PRORROGA DE LA PÓLIZA | E69: En caso de que el asegurado decida renovar y/o prorrogar la póliza, la aseguradora se obliga a mantener los términos contratados con las mismas tasas y condiciones de la póliza inicial, siempre y cuando la siniestralidad de la póliza no sea mayor al 50%, en el caso que la siniestralidad supere el 50% la aseguradora acordará con el asegurado las condiciones en que se otorgará las condiciones de renovación. La aseguradora se obliga a entregar en cualquiera de las situaciones de resultado de siniestralidad, las condiciones con una antelación de cuarenta y cinco (45) días antes del vencimiento de la póliza.
B70: CLÁUSULA DE NO ACEPTACIÓN DE COASEGURO | E70: En el evento en el que el contrato de seguro sea celebrado a través de una figura asociativa, la misma se celebrará bajo alguna de las modalidades previstas en el artículo 7º del Estatuto General de Contratación de la Administración Pública – EGCP (Unión temporal, consorcio, entre otros). Adicionalmente, no serán aceptados los contratos de seguros estructurados por dos o más Compañías de seguros, en calidad de coaseguradores, y toda disposición que se realice con esta referencia (coaseguro), se entenderá por no escrita.
B71: CLÁUSULA DE CONOCIMIENTO POR LOS MIEMBROS DE LA FIGURA ASOCIATIVA | E71: Esta cláusula será aplicada cuando se presente la asociación de dos o más Aseguradoras, sin importar la figura utilizada para tal fin. Las Compañías de Seguros que actúan como integrantes de cualquier figura asociativa (consorcio, unión temporal, etc.) dentro del presente contrato de seguro, conocen y aceptan: i) las condiciones generales y particulares de la póliza, ii) Cualquier anexo y/o certificado que sobre la póliza inicial emita la Compañía líder de la figura asociativa. En igual sentido, declaran que cualquier reclamación, notificación, requerimiento o comunicación formulada por el asegurado o por un tercero a la compañía líder o cualquiera de sus integrantes, se entiende automáticamente formulada ante todos los integrantes de la figura asociativa establecida para tal fin.
B72: CLÁUSULA DE SOLIDARIDAD ENTRE LOS MIEMBROS DE LA FIGURA ASOCIATIVA | E72: En caso de figuras asociativas se considera lo contemplado en el parágrafo 2 del artículo 7 de la Ley 80 de 1993, el cual indica “En los casos en que se conformen sociedades bajo cualquiera de las modalidades previstas en la ley con el único objeto de presentar una propuesta, celebrar y ejecutar un contrato estatal, la responsabilidad y sus efectos se regirá por las disposiciones previstas en esta ley para los consorcios.”, por tanto, frente a la contratación estatal queda entendido que existirá la solidaridad en el cumplimiento del contrato de seguros y las obligaciones derivadas del mismo.
B73: CLÁUSULA IDENTIFICACIÓN DE LA FIGURA ASOCIATIVA EN LA PÓLIZA | E73: En el evento que el contrato se seguro sea celebrado a través alguna figura asociativa (consorcio, unión temporal, etc.) compuesta por dos o más compañías de seguros, en virtud del artículo 1047 del Código de Comercio, en la póliza deberá incorporarse: (i) el nombre del contratista (razón social de la figura asociativa establecida en su documento de conformación) y (ii) la razón social, número de identificación y porcentajes de participación de cada una de las ase
B74: CLÁUSULA DE CONDICIONES PARTICULARES | E74: Queda expresamente acordado y convenido, que la aseguradora acepta las condiciones obilgatorias (mínimas técnicas) establecidas en este anexo, en los términos señalados en el mismo, por lo tanto, en caso de existir discrepancia ente los ofrecimientos contenidos en la propuesta técnica básica, frente a los textos de los ejemplares de las pólizas, a las condiciones generales, certificados, anexos o cualquier otro documento; prevalecerá la información y condiciones básicas técnicas establecidas de este anexo, de igual forma en caso de encontrarse contradicción en alguna condición prevalecerá la de mayor beneficio para el asegurado.
B75: DETERMINACIÓN DE CONDICIONES Y REQUISITOS PARA EL PAGO DE INDEMNIZACIONES | E75: La aseguradora manifiesta expresamente que acepta los requisitos y documentos contenidos en el ANEXO No. 10 REQUISITOS PARA EL PAGO DE LAS INDEMNIZACIONES, como únicos para la atención y pago de reclamaciones por siniestros. A futuro no podrá exigir documentos o trámites adicionales.
B76: 4.8. | C76: EXCLUSIÓNES
B77: 4.8.1. EXCLUSIÓN ABSOLUTA DE ENFERMEDADES INFECCIOSAS O CONTAGIOSAS: Sin perjuicio de cualquier otra disposición en contrario, se aclara que este seguro no cubre ninguna reclamación, pérdida, responsabilidad, costo o gasto de cualquier naturaleza que surja directa o indirectamente de, contribuya o resulte de enfermedades, epidemias o pandemias, tales como el Coronavirus (COVID-19), enfermedad respiratoria aguda grave síndrome coronavirus 2 (SARS-CoV-2), o cualquier mutación o variación de los mismos. Esta exclusión también aplica a cualquier reclamo, pérdida, costo o gasto de cualquier naturaleza que surja directa o indirectamente de, en contribución a, o resultante de: 1) Cualquier temor o amenaza que surja en respuesta a una enfermedad infecciosa real o potencial; o 2) Cualquier acción tomada para controlar, prevenir, suprimir o de cualquier manera relacionada con cualquier brote de enfermedades infecciosas tales como coronavirus (COVID-19), coronavirus 2 por síndrome respiratorio agudo severo (SARS-CoV-2), cualquier mutación o variación de los mismos, o de cualquier otra enfermedad, epidemia o pandemia.
B78: 4.8.2. EXCLUSIÓN CLAUSULA DE LIMITACIÓN DE SANCIONES: ningún asegurador ofrecerá cobertura ni será responsable por el pago de reclamos o proporcionará beneficios que deriven del presente contrato si la provisión de dicha cobertura, pago de dicho reclamo o provisión de dicho beneficio expusiera al asegurador a cualquier sanción, prohibición o restricción de acuerdo con las resoluciones de las Naciones Unidas o de las sanciones comerciales o económicas, leyes o regulaciones de la Unión Europea, Reino Unido, Francia, o Estados Unidos de América”. • Por medio de la presente cláusula, se aclara expresamente que quedan excluidos de cobertura aquellos los despachos o embarques con origen o destino en los siguientes países o regiones, puertos o aeropuertos ubicados en Crimea, incluido Sebastopol, Cuba, Irán, Siria, Corea del Norte, Bielorrusia, República Democrática del Congo, Somalia, Sudán del Sur, Sudán, Zimbabwe, Rusia, Ucrania.
B79: 4.9. | C79: COBERTURAS, AMPAROS Y BIENES SIN APLICACIÓN DE DEDUCIBLES EN FORMA OBLIGATORIA
B80: La Entidad, requiere oferta de cobertura SIN APLICACIÓN DE DEDUCIBLE, para los bienes y/o amparos y/o eventos, señalados a continuación y por lo tanto el proponente con la firma del FORMATO No. 1 - CARTA DE ACEPTACIÓN DE LAS CONDICIONES OBLIGATORIAS (MÍNIMAS TÉCNICAS), admite estas condiciones.
B81: 4.10. | C81: COMISIÓN MÍNIMA ACEPTABLE.
B82: En virtud de lo expuesto en el artículo 1341 del Código de Comercio el Corredor tendrá derecho a la comisión de intermediación, la cual será pagada por la Compañía de Seguros. La comisión mínima no deberá ser inferior al 15% el valor de la prima neta antes de IVA.
B83: By: Tiger | G83: =+'3. COND. BÁSICAS RCE'!G104 -> 46112

Sheet 5. COND. BÁSICAS TRANSP. MCIAS.
B3: =+'4. COND. BÁSICAS TRANSP. VAL.'!B3:G3 -> DEPARTAMENTO ADMINISTRATIVO PARA LA PROSPERIDAD SOCIAL - PROSPERIDAD SOCIAL
B4: ANEXO No. 1 - CONDICIONES OBLIGATORIAS (MÍNIMAS TÉCNICAS)
B5: GRUPO No. 1
B7: 5. PÓLIZA DE TRANSPORTE DE MERCANCÍAS
B8: 5.1. | C8: INFORMACIÓN GENERAL
B9: TOMADOR: | C9: =+'4. COND. BÁSICAS TRANSP. VAL.'!$C$9:$E$9 -> DEPARTAMENTO ADMINISTRATIVO PARA LA PROSPERIDAD SOCIAL - PROSPERIDAD SOCIAL | F9: NIT. | G9: =+'1. COND. BÁSICAS TRDM'!G9 -> 900.039.533-8
B10: ASEGURADO: | C10: =+C9 -> DEPARTAMENTO ADMINISTRATIVO PARA LA PROSPERIDAD SOCIAL - PROSPERIDAD SOCIAL | F10: NIT. | G10: =+G9 -> 900.039.533-8
B11: BENEFICIARIO: | C11: =+C9 -> DEPARTAMENTO ADMINISTRATIVO PARA LA PROSPERIDAD SOCIAL - PROSPERIDAD SOCIAL | F11: NIT. | G11: =+G10 -> 900.039.533-8
B12: 5.2 | C12: OBJETO DEL SEGURO
B13: Amparar las pérdidas y los daños materiales causados como consecuencia de los eventos que constituyen los amparos mencionados, en el transporte de cualquier tipo de mercancías nuevas y usadas incluida maquinaría, por cualquier medio de transporte, de los bienes de su propiedad, bajo tenencia, responsabilidad y/o control; propios del giro normal de las actividades del DEPARTAMENTO ADMINISTRATIVO PARA LA PROSPERIDAD SOCIAL - PROSPERIDAD.
B14: 5.3. | C14: LÍMITE ASEGURADO POR DESPACHO | F14: $160.000.000
B15: 5.3.1. | C15: Presupuesto anual de movilización | F15: $500.000.000
B16: 5.4. | C16: TRAYECTOS ASEGURADOS
B17: Importaciones, Exportaciones y Reexportaciones: Desde cualquier lugar del mundo, hasta su destino final en Colombia y viceversa, bodega a bodega. Despachos Nacionales: Desde y hasta cualquier ciudad en el territorio nacional. Despachos Urbanos: Desde cualquier parte de la ciudad hasta su destino final en la misma.
B18: 5.4.1. | C18: Medios de Transporte y alcance de la cobertura
B19: Cualquier vehículo propio, de terceros o de firma especializada, ya sea terrestre, ferreo, aéreo, charter, marítimo y fluvial (incluso para las maritimas y fluviales que no se encuentren clasificadas por las autoridades competentes), y cualquier otro que el asegurado deba utilizar para el transporte de los bienes objeto de este seguro, aclarando que la póliza cubre todo tipo de medio de movilización sin excepción y sin restricción de horarios para la movilización, incluido los bienes transportados en vehículos arrendados, de funcionarios o contratistas de la entidad o de terceros.
B20: 5.5. | C20: SISTEMA DE COBRO DE PRIMA
B21: La aseguradora acepta como sistema de cobro un único anual (o con base en las vigencias contratadas y con pago por vigencia fiscal) sobre el valor del presupuesto anual indicado sin reportes y sin ajuste al final de la vigencia. Procedimiento para reporte de movilizaciones: Se ampara cualquier despacho hasta el límite asegurado sin que se requiera suministro de relaciones periodicas de despachos y efectuando el cobro de una prima única por toda la vigencia de la póliza. Por tanto, la aseguradora no dará aplicación a la cláusula de falta de avisos o aplicaciones a la presente póliza, manteniendo de esta forma la cobertura durante la vigencia estipulada en la carátula de la póliza.
B22: 5.6. | C22: BASE PARA LA DETERMINACIÓN Y APLICACIÓN DEL CONCEPTO SUBLÍMITE / VIGENCIA / AGREGADO ANUAL.
B23: Para la totalidad de Coberturas y/o condiciones básicas sublímitadas, queda expresamente aceptado por parte de los proponentes que, en concordancia con la vigencia de la póliza que se adjudique, cada Sublímite operará así:
B24: - Si la vigencia es igual o mayor a doce (12) meses: Sublímite indicado Evento /Agregado Anual.
B25: En caso de discrepancia en alguna cobertura o cláusula básicas con relación al concepto de aplicación del sublímite / vigencia / agregado anual, frente a la vigencia ofertada, prevalece el establecido en este numeral con relación al plazo de la condición ofertada.
B26: 5.7. | C26: AMPAROS BÁSICOS
B27: COBERTURA COMPLETA, INCLUYENDO:
B28: PÉRDIDA TOTAL Y/O DAÑOS MATERIALES | E28: La aseguradora se compromete a indemnizar la pérdida o daño material de los bienes producida por cualquier riesgo no expresamente excluido, siempre que se produzca con ocasión de su transporte, incluidas las operaciones de cargue, trasiego, trasbordo, descargue o desenvasado y permanencias. Así mismo, esta cobertura incluye los amparos de incendio y/o rayo, vientos fuertes, caída a abismos, hundimiento, colisión, volcamiento, inundaciones, fallas mecánicas imprevistas, combustión espontánea, desbarrancamiento, explosión, derrames accidentales imprevistos y repentinos, caídas accidentales de mercancías, caída de aeronaves u otros objetos que se desprendan de ella u otros objetos aéreos, encallamiento, guerra internacional, maremoto, tsunami, mar de leva, marea alta, iceberg, tempestades, huracanes, vientos fuertes en general, nevadas, ciclón, granizo, deslizamiento de tierra, avalanchas, fallas geológicas, terremoto, temblor y/o erupción volcánica, asentamientos, inconsistencias del suelo o cualquier otra convulsión de la naturaleza, colisión por culpa concurrente y aquellos estipulados en la carátula de la póliza y/o sus condiciones particulares.
B29: FALTA DE ENTREGA | E29: Esta cobertura incluye los amparos de hurto calificado, asonada, motín, conmoción civil o popular, y huelga, actos malintencionados de terceros incluidos actos de piratería y terrorismo, guerra internacional, guerra civil, rebelión, insurrección, acto hostil de un poder beligerante o contra dicho poder, aprehensión, minas, torpedos, bombas u otros artefactos de guerra abandonado y aquellos estipulados en la carátula de la póliza y/o sus condiciones particulares.
B30: AVERÍA PARTICULAR | E30: La aseguradora se compromete a indemnizar los daños ocurridos a la mercancía como consecuencia de descargue forzoso, avería sin accidente del medio de transporte, en general daños por la movilización de los bienes y aquellos estipulados en la carátula de la póliza y/o sus condiciones particulares.
B31: SAQUEO | E31: La aseguradora se compromete a indemnizar las pérdidas de la mercancía ocasionadas por el extravio o el hurto de las mercancías transportadas.
B32: HUELGA ( ASONADA, MOTIN, CONMOCIÓN CIVIL O POPULAR, ACTOS MAL INTENCIONADOS DE TERCEROS, INCLUIDOS ACTOS TERRORISTAS Y DE MOVIMIENTOS SUBVERSIVOS) | E32: La aseguradora se compromete a indemnizar las pérdidas de la mercancías como consecuncia de la Huelga y definida como la Asonada, motín, conmoción civil o popular, actos mal intencionados de terceros, inlcuidos los actos terroristas y de movimientos subversivos.
B33: OPERACIONES DE CARGUE Y DESCARGUE | E33: La aseguradora se compromete a indemnizar las pérdidas de la mercancía ocasionadas en el cargue o descargu de las mismas.
B34: ACTOS DE AUTORIDAD | E34: La póliza se extiende a cubrir los daños o pérdidas materiales de los bienes asegurados, causados directamente por la acción de la autoridad legalmente constituida, ejercida con el fin de disminuir o aminorar las consecuencias de cualquiera de los riesgos amparados. Se excluye el embargo y la confiscación de bienes.
B35: 5.8. | C35: CLÁUSULAS BÁSICAS
B36: REVOCACIÓN DE LA PÓLIZA, CLÁUSULAS O CONDICIONES. Con termino de noventa (90) días y para AMIT, AMCCOPH, Terrorismo y Sabotaje diez (10) días. | E36: La aseguradora podrá revocar la póliza, cláusulas o condiciones unilateralmente por la compañía, mediante noticia escrita enviada al asegurado, a su última dirección registrada, con no menos de noventa (90) días y para AMIT Y AMCCOPH diez (10) días, de antelación; contados a partir de la fecha del envío. El asegurado podra pedir la revocación en cualquier momento, según lo previsto en el Código de Comercio. Así mismo, en el caso de que la aseguradora decida no otorgar renovación o prorroga del contrato de seguro, excepto para AMIT, AMCCOPH, Terrorismo y Sabotaje, deberá dar aviso de ello al asegurado con no menos de noventa (90) días de antelación a la fecha de vencimiento de la póliza, en caso contrario se dará por entendido que la aseguradora acepta la renovación o prorroga hasta el límite legal establecido en la Ley 80 de 1993, para la adición de los contratos y manteniendo las mismas condiciones ofertadas en este proceso de aseguradoras.
B37: ERRORES, OMISIONES O INEXACTITUDES | E37: El tomador está obligado a declarar sinceramente los hechos y circunstancias que determinen el estado del riesgo. La inexactitud sobre hechos o circunstancias que, conocidas por la compañía, la hubieren retraído de celebrar el contrato o inducido a estipular condiciones más onerosas, produce la nulidad relativa del seguro. Sin embargo, si se incurriere en errores, omisiones e inexactitudes inculpables al tomador o al asegurado, el contrato no será nulo ni habrá lugar a la aplicación del inciso tercero del artículo 1058 del Código de Comercio sobre reducción porcentual de la prestación asegurada. En este caso se deberá pagar la prima adecuada al verdadero estado del riesgo.
B38: AMPLIACIÓN AVISO DEL SINIESTRO Con termino de noventa (90) días. | E38: Queda convenido y aceptado que el asegurado podrá dar aviso de la ocurrencia del siniestro en un término de noventa (90), siguientes a la fecha en que haya conocido o debido conocer la ocurrencia del mismo.
B39: DESIGNACIÓN O DENOMINACIÓN DE BIENES | E39: La aseguradora acepta el título, nombre, denominación o nomenclatura con que el asegurado identifica o describe los bienes asegurados en sus registros o libros de comercio o contabilidad.
B40: CONOCIMIENTO DEL RIESGO | E40: La aseguradora acepta mediante la presente cláusula que la Entidad, le ha brindado la oportunidad para realizar la inspección de los bienes y riesgos a que están sujetos los mismos y el patrimonio del Asegurado, razón por la cual se deja constancia del conocimiento y aceptación de los hechos, circunstancias y, en general, condiciones de los mismos. La compañía se reserva el derecho de llevar a cabo la inspección cuantas veces lo juzgue pertinente.
B41: ANTICIPO DE INDEMNIZACIÓN DEL 70%. Se califica en Condiciones Adicionales (Formato No. 3) el porcentaje adicional a la condición requerida. | E41: Queda expresamente acordado que, a petición escrita de la Entidad, la aseguradora anticipará pagos parciales sobre el valor de cualquier reclamo, con base en el valor de la estimación preliminar de la pérdida aceptada por el ajustador, para adelantar la reparación, reposición o remplazo de los bienes asegurados. En el caso de que no haya nombramiento de ajustador, el anticipo se liquidará con base en la valoración de la cuantía de la pérdida amparada, acreditada por la entidad mediante cotización de la misma. Este anticipo también se extiende a cualquier tipo de gastos que se requiera para la operatividad de la póliza. En caso que el anticipo o suma de anticipos que la compañía adelante al asegurado llegare a exceder la suma total indemnizable a que tenga derecho, éste se compromete a devolver el exceso pagado. Para esta cláusula la aseguradora debe contemplar un plazo máximo para el pago del anticipo de diez (10) días hábiles contados a partir de la fecha de solicitud y formalización del mismo este y no se acepta el requerimiento de ningún requisito adicional para realizar el anticipo.
B42: MODIFICACIONES A FAVOR DEL ASEGURADO | E42: Los cambios o modificaciones a las condiciones de la presente póliza, serán acordados mutuamente entre la compañía y el asegurado. El certificado, documento o comunicaciones que se expidan para formalizarlos debe ser firmado, en señal de aceptación, por un representante legal del asegurado o funcionario autorizado, prevaleciendo sobre las condiciones de esta póliza. No obstante, si durante la vigencia de la póliza se presentan modificaciones en las condiciones del seguro, legalmente aprobadas que representen un beneficio a favor del asegurado, tales modificaciones se consideran automáticamente incorporadas. Siempre y cuando no causen cobro de prima adicional.
B43: NOMBRAMIENTO Y DESIGNACIÓN DE AJUSTADORES | E43: El nombramiento de ajustadores deberá efectuarse de común acuerdo entre la aseguradora y el asegurado, para lo cual la aseguradora presentará para cada reclamo una relación de cinco (5) firmas ajustadoras. No obstante la anterior condición, el asegurador con su propuesta se obliga a presentar la lista de todos sus ajustadores y la Entidad se reserva el derecho de nombrar al ajustador que considere más adecuado o solicitar el cambio de los mismos en caso de que no fueren de su entera satisfacción, sin que para ello se requiera motivación alguna.
B44: VARIACIONES DEL RIESGO | E44: Queda entendido, convenido y aceptado que las notificaciones que sobre los hechos o circunstancias no previsibles que sobrevengan con posterioridad a la celebración del contrato de seguro y que, conforme al criterio consignado en el inciso 1° del artículo 1058 del código de comercio, signifiquen agravación del riesgo, se efectuarán por la Entidad dentro de los cuarenta y cinco (45) días siguientes a la fecha de modificación del riesgo.
B45: NO CONCURRENCIA DE AMPAROS, CLÁUSULAS O CONDICIONES | E45: Queda entendido, convenido y aceptado, que si dos o más amparos, cláusulas o condiciones otorgan cobertura a un mismo evento, se indemnizará con base en aquella que ofrezca mayor protección para los intereses del asegurado. De igual manera prevalecerán los amparos, cláusulas o condiciones que otorguen coberturas sobre aquellos que las excluyan. En todo caso y ante cualquier discrepancia sobre cuál es el amparo, cláusula o condición aplicable a un caso determinado, se aplicara aquella o aquellas que en conjunto determine el asegurado de acuerdo a su conveniencia.
B46: NO APLICACIÓN DE GARANTÍAS | E46: Queda expresamente acordado y aceptado que la cobertura otorgada bajo la presente póliza no queda sujeta al cumplimiento de ningún tipo de garantía por parte de la entidad asegurada.
B47: EMBALAJE DE MERCANCÍAS | E47: Queda entendido, convenido y aceptado que con la introducción de esta cláusula dentro de la póliza, la Compañía de Seguros ampara la pérdida o daño material que sufran los bienes transportados, sin exigir por parte del asegurado o del transportador un embalaje especial o determinado, motivo por el cual se elimina la garantía que al respecto señalan las condiciones generales de la póliza.
... B70: CLÁUSULA DE JURISDICCION Y SOLUCION DE CONTROVERSIAS | E70: Toda y cualquier diferencia que surja entre las partes por la interpretación del presente contrato, su ejecución, cumplimiento, terminación o las consecuencias futuras del mismo, será dirimida bajo la jurisdicción y legislación de la República de Colombia. Las diferencias y controversias que surjan se solucionarán con sujeción a las siguientes instancias que se agotarán de forma sucesiva o a elección de las partes, así:
E71: a). Arreglo Directo: Las partes tratarán de resolver sus diferencias de forma directa y entre ellas mismas dentro del plazo de quince (15) días contados a partir de la notificación escrita en que cualquiera de ellas informe a la otra de un conflicto o controversia orIginado en el contrato. b). Conciliación: Agotado el plazo anterior sin que las partes lograsen un acuerdo por si mismas, acudirán a la asistencia de un conciliador legalmente autorizado que se designará y actuará según los parámetros establecidos por la Ley 446 de 1998 y el decreto 1818 del mismo año, la etapa de conciliación durará un mes (1) desde el momento en que las partes o cualquiera de ellas radique la solicitud de conciliación respectiva, en caso de lograrse la conciliación la misma producirá efectos de cosa juzgada entre las partes, en caso contrario agotará el requisito de procedibilidad para acudir a la jurisdicción ordinaria o arbitral según corresponda, de acuerdo con los literales c) y d) de la presente cláusula.
E72: c). Jurisdicción Ordinaria: Agotadas las instancias anteriores, si la cuantía de las pretensiones derivadas de la diferencia que surja entre las partes por la interpretación del presente contrato, su ejecución, cumplimiento, terminación o las consecuencias futuras del mismo, no excediere de 220 SMMLV las partes sujetarán su controversia a la decisión del juez de instancia que corresponda según la cuantía y competencia en arreglo a lo previsto por el código de procedimiento Civil. d). Jurisdicción Arbitral: Agotadas las instancias anteriores, si la cuantía de las pretensiones derivadas de la diferencia que surja entre las partes por la interpretación del presente contrato, su ejecución, cumplimiento, terminación o las consecuencias futuras del mismo, se llevará el conflicto a la decisión de un Tribunal de Arbitramento Institucional cuyo domicilio será la ciudad de Bogotá D.C., el Tribunal estará integrado por un (1) árbitro que será designado conjuntamente por las partes dentro de los quince (15) días hábiles siguientes al envío de la comunicación por correo certificado que una de ellas le haga llegar a la otra solicitando la conformación del Tribunal; en caso de desacuerdo o falta de respuesta de la parte requerida, la otra parte podrá solicitar la designación y conformación del Tribunal al centro de Arbitraje y Conciliación de la Cámara de Comercio de la ciudad de Bogotá D.C.. El Tribunal así conformado funcionará en la ciudad de Bogotá D.C. y el laudo deberá proferirse en derecho, sujetándose en un todo al Decreto 2279 de 1.989, la ley 23 de 1.991, a la Ley 446 de 1.998, sus decretos reglamentarios y demás normas que regulan esta figura judicial. Esta última sujeta a lo dispuesto en Directiva Presidencial 04 del 18 de mayo de 2018.
B73: LIQUIDACIÓN A PRORRATA EN CASO DE CANCELACIÓN DE LA PÓLIZA POR PARTE DEL ASEGURADO | E73: Bajo esta cláusula la aseguradora debe aceptar que en caso de cancelación de la póliza por parte del asegurado, la devolución de las primas respectivas se realizará a prorrata.
B74: LIQUIDACIÓN A PRORRATA PARA PRÓRROGA DE LA VIGENCIA | E74: En caso de que el asegurado lo requiera, la aseguradora realizara la liquidación de la prima de la prorroga a prorrata con las mismas tasas y condiciones de la póliza inicial. Siempre y cuando la siniestralidad de la póliza no sea mayor al 50%, en el caso que la siniestralidad supere el 50% la aseguradora acordará con el asegurado las condiciones en que se otorgará la prórroga.
B75: CONDICIONES DE RENOVACIÓN Y/O PRORROGA DE LA PÓLIZA | E75: En caso de que el asegurado decida renovar y/o prorrogar la póliza, la aseguradora se obliga a mantener los términos contratados con las mismas tasas y condiciones de la póliza inicial, siempre y cuando la siniestralidad de la póliza no sea mayor al 50%, en el caso que la siniestralidad supere el 50% la aseguradora acordará con el asegurado las condiciones en que se otorgará las condiciones de renovación. La aseguradora se obliga a entregar en cualquiera de las situaciones de resultado de siniestralidad, las condiciones con una antelación de cuarenta y cinco (45) días antes del vencimiento de la póliza.
B76: CLÁUSULA DE NO ACEPTACIÓN DE COASEGURO | E76: En el evento en el que el contrato de seguro sea celebrado a través de una figura asociativa, la misma se celebrará bajo alguna de las modalidades previstas en el artículo 7º del Estatuto General de Contratación de la Administración Pública – EGCP (Unión temporal, consorcio, entre otros). Adicionalmente, no serán aceptados los contratos de seguros estructurados por dos o más Compañías de seguros, en calidad de coaseguradores, y toda disposición que se realice con esta referencia (coaseguro), se entenderá por no escrita.
B77: CLÁUSULA DE CONOCIMIENTO POR LOS MIEMBROS DE LA FIGURA ASOCIATIVA | E77: Esta cláusula será aplicada cuando se presente la asociación de dos o más Aseguradoras, sin importar la figura utilizada para tal fin. Las Compañías de Seguros que actúan como integrantes de cualquier figura asociativa (consorcio, unión temporal, etc.) dentro del presente contrato de seguro, conocen y aceptan: i) las condiciones generales y particulares de la póliza, ii) Cualquier anexo y/o certificado que sobre la póliza inicial emita la Compañía líder de la figura asociativa. En igual sentido, declaran que cualquier reclamación, notificación, requerimiento o comunicación formulada por el asegurado o por un tercero a la compañía líder o cualquiera de sus integrantes, se entiende automáticamente formulada ante todos los integrantes de la figura asociativa establecida para tal fin.
B78: CLÁUSULA DE SOLIDARIDAD ENTRE LOS MIEMBROS DE LA FIGURA ASOCIATIVA | E78: En caso de figuras asociativas se considera lo contemplado en el parágrafo 2 del artículo 7 de la Ley 80 de 1993, el cual indica “En los casos en que se conformen sociedades bajo cualquiera de las modalidades previstas en la ley con el único objeto de presentar una propuesta, celebrar y ejecutar un contrato estatal, la responsabilidad y sus efectos se regirá por las disposiciones previstas en esta ley para los consorcios.”, por tanto, frente a la contratación estatal queda entendido que existirá la solidaridad en el cumplimiento del contrato de seguros y las obligaciones derivadas del mismo.
B79: CLÁUSULA IDENTIFICACIÓN DE LA FIGURA ASOCIATIVA EN LA PÓLIZA | E79: En el evento que el contrato se seguro sea celebrado a través alguna figura asociativa (consorcio, unión temporal, etc.) compuesta por dos o más compañías de seguros, en virtud del artículo 1047 del Código de Comercio, en la póliza deberá incorporarse: (i) el nombre del contratista (razón social de la figura asociativa establecida en su documento de conformación) y (ii) la razón social, número de identificación y porcentajes de participación de cada una de las ase
B80: CLÁUSULA DE CONDICIONES PARTICULARES | E80: Queda expresamente acordado y convenido, que la aseguradora acepta las condiciones obligatorias (mínimas técnicas) establecidas en este anexo, en los términos señalados en el mismo, por lo tanto, en caso de existir discrepancia ente los ofrecimientos contenidos en la propuesta técnica básica, frente a los textos de los ejemplares de las pólizas, a las condiciones generales, certificados, anexos o cualquier otro documento; prevalecerá la información y condiciones básicas técnicas establecidas de este anexo, de igual forma en caso de encontrarse contradicción en alguna condición prevalecerá la de mayor beneficio para el asegurado.
B81: DETERMINACIÓN DE CONDICIONES Y REQUISITOS PARA EL PAGO DE INDEMNIZACIONES | E81: La aseguradora manifiesta expresamente que acepta los requisitos y documentos contenidos en el ANEXO No. 10 REQUISITOS PARA EL PAGO DE LAS INDEMNIZACIONES, como únicos para la atención y pago de reclamaciones por siniestros. A futuro no podrá exigir documentos o trámites adicionales.
B82: 5.8. | C82: EXCLUSIÓNES
B83: 5.8.1. EXCLUSIÓN ABSOLUTA DE ENFERMEDADES INFECCIOSAS O CONTAGIOSAS: Sin perjuicio de cualquier otra disposición en contrario, se aclara que este seguro no cubre ninguna reclamación, pérdida, responsabilidad, costo o gasto de cualquier naturaleza que surja directa o indirectamente de, contribuya o resulte de enfermedades, epidemias o pandemias, tales como el Coronavirus (COVID-19), enfermedad respiratoria aguda grave síndrome coronavirus 2 (SARS-CoV-2), o cualquier mutación o variación de los mismos. Esta exclusión también aplica a cualquier reclamo, pérdida, costo o gasto de cualquier naturaleza que surja directa o indirectamente de, en contribución a, o resultante de: 1) Cualquier temor o amenaza que surja en respuesta a una enfermedad infecciosa real o potencial; o 2) Cualquier acción tomada para controlar, prevenir, suprimir o de cualquier manera relacionada con cualquier brote de enfermedades infecciosas tales como coronavirus (COVID-19), coronavirus 2 por síndrome respiratorio agudo severo (SARS-CoV-2), cualquier mutación o variación de los mismos, o de cualquier otra enfermedad, epidemia o pandemia.
B84: 5.8.2. EXCLUSIÓN CLAUSULA DE LIMITACIÓN DE SANCIONES: ningún asegurador ofrecerá cobertura ni será responsable por el pago de reclamos o proporcionará beneficios que deriven del presente contrato si la provisión de dicha cobertura, pago de dicho reclamo o provisión de dicho beneficio expusiera al asegurador a cualquier sanción, prohibición o restricción de acuerdo con las resoluciones de las Naciones Unidas o de las sanciones comerciales o económicas, leyes o regulaciones de la Unión Europea, Reino Unido, Francia, o Estados Unidos de América”. • Por medio de la presente cláusula, se aclara expresamente que quedan excluidos de cobertura aquellos los despachos o embarques con origen o destino en los siguientes países o regiones, puertos o aeropuertos ubicados en Crimea, incluido Sebastopol, Cuba, Irán, Siria, Corea del Norte, Bielorrusia, República Democrática del Congo, Somalia, Sudán del Sur, Sudán, Zimbabwe, Rusia, Ucrania.
B85: 5.9. | C85: COBERTURAS, AMPAROS Y BIENES SIN APLICACIÓN DE DEDUCIBLES EN FORMA OBLIGATORIA
B86: La Entidad, requiere oferta de cobertura SIN APLICACIÓN DE DEDUCIBLE, para los bienes y/o amparos y/o eventos, señalados a continuación y por lo tanto el proponente con la firma del FORMATO No. 1 - CARTA DE ACEPTACIÓN DE LAS CONDICIONES OBLIGATORIAS (MÍNIMAS TÉCNICAS), admite estas condiciones.
B87: 5.10. | C87: COMISIÓN MÍNIMA ACEPTABLE.
B88: En virtud de lo expuesto en el artículo 1341 del Código de Comercio el Corredor tendrá derecho a la comisión de intermediación, la cual será pagada por la Compañía de Seguros. La comisión mínima no deberá ser inferior al 15% el valor de la prima neta antes de IVA.
B89: By: Tiger | G89: =+'4. COND. BÁSICAS TRANSP. VAL.'!G83 -> 46112

Sheet 6. COND. BÁSICAS AUTOMÓVILES
B3: =+'5. COND. BÁSICAS TRANSP. MCIAS.'!B3:G3 -> DEPARTAMENTO ADMINISTRATIVO PARA LA PROSPERIDAD SOCIAL - PROSPERIDAD SOCIAL
B4: ANEXO No. 1 - CONDICIONES OBLIGATORIAS (MÍNIMAS TÉCNICAS)
B5: GRUPO No. 1
B7: 6. PÓLIZA DE AUTOMÓVILES
B8: 6.1. | C8: INFORMACIÓN GENERAL
B9: TOMADOR: | C9: =+B3 -> DEPARTAMENTO ADMINISTRATIVO PARA LA PROSPERIDAD SOCIAL - PROSPERIDAD SOCIAL | F9: NIT. | G9: =+'5. COND. BÁSICAS TRANSP. MCIAS.'!$G$9 -> 900.039.533-8
B10: ASEGURADO: | C10: =+C9 -> DEPARTAMENTO ADMINISTRATIVO PARA LA PROSPERIDAD SOCIAL - PROSPERIDAD SOCIAL | F10: NIT. | G10: =+G9 -> 900.039.533-8
B11: BENEFICIARIO: | C11: DEPARTAMENTO ADMINISTRATIVO PARA LA PROSPERIDAD SOCIAL - PROSPERIDAD / RCE LOS TERCEROS AFECTADOS | F11: NIT. | G11: =+G9 -> 900.039.533-8
B12: 6.2 | C12: OBJETO DEL SEGURO
B13: Amparar a la Entidad por los perjuicios que cause patrimonial (daños materiales incluyendo daño emergente y lucro cesante) y extrapatrimonialmnte (incluidos el daño moral, daño fisiológico y daño a la vida en relación), al igual que los daños a bienes o lesiones o muerte a terceros. De igual forma se amparan los daños y/o pérdidas que afecten a los vehículos de su propiedad, bajo tenencia, control o por los que sea legalmente responsable o incluidos aquellos recibidos por parte de otras entidades para el desarrollo misional de la Entidad.
B14: 6.3. | C14: PARQUE AUTOMOTOR ASEGURADO
B15: Corresponde al parque automotor relacionado en la hoja 4 del ANEXO No. 11 ESTUDIO DE MERCADO, incluyendo sus accesorios, blindajes y todos los equipos especiales de los vehículos. La aseguradora acepta que los accesorios se indemnizan a valor de reposición.
B16: NOTA: | C16: CADA SUBLÍMITE INDICADO ESTAN CONTEMPLADOS DENTRO DEL LÍMITE ASEGURADO.
B17: 6.4. | C17: BASE PARA LA DETERMINACIÓN Y APLICACIÓN DEL CONCEPTO SUBLÍMITE / VIGENCIA / AGREGADO ANUAL
B18: Para la totalidad de Coberturas y/o condiciones básicas sublímitadas, queda expresamente aceptado por parte de los proponentes que, en concordancia con la vigencia de la póliza que se adjudique, cada Sublímite operará así:
B19: - Si la vigencia es igual o mayor a doce (12) meses: Sublímite indicado Evento /Agregado Anual.
B20: En caso de discrepancia en alguna cobertura o cláusula básicas con relación al concepto de aplicación del sublímite / vigencia / agregado anual, frente a la vigencia ofertada, prevalece el establecido en este numeral con relación al plazo de la condición ofertada.
B22: 6.5. | C22: AMPAROS BÁSICOS
B23: RESPONSABILIDAD CIVIL EXTRACONTRACTUAL. Se califica en Condiciones Adicionales (Formato No. 3) el porcentaje adicional a la condición requerida. | E23: Se amparan los perjuicios patrimoniales y extrapatrimoniales, causados a terceros derivados de la responsabilidad civil extracontractual que de acuerdo con la ley incurra el asegurado al conducir el vehículo o cualquier otra persona que conduzca dicho vehículo con su autorización, proveniente de un accidente o serie de accidentes de tránsito emanados de un solo acontecimiento ocasionado por un vehículo asegurado, incluida la culpa grave del asegurado. Bajo este amparo se indemnizan los perjuicios patrimoniales, entiéndase daño emergente (es el coste de la reparación necesaria del daño causado y a los gastos en los que se ha incurrido con ocasión del perjuicio), el lucro cesante (es un tipo de daño patrimonial de perjuicio económico y se configura como la ganancia dejada de obtener o la pérdida de ingresos, como consecuencia directa e inmediata de un hecho lesivo), el daño a la vida de relación (se define como la imposibilidad de la persona afectada de poder realizar las mismas actividades que hacía antes de un siniestro por sí misma y en consecuencia el estilo de vida de la persona cambia afectando su relación con el entorno y las demás personas que la rodean).
E24: Límites de Responsabilidad Civil Extracontractual | F24: LÍMITE OBLIGATORIO POR EVENTO Se califica en Condiciones Adicionale el aumento de los siguientes límites
E25: Daños a Bienes de Terceros | F25: 1500000000
E26: Muerte o Lesiones a una persona | F26: 1500000000
E27: Muerte o Lesiones a dos o más Personas | F27: 3000000000
E28: Ó límite único combinado de: | F28: =+F27+F26 -> 4500000000
E29: Nota: Se precisa que la aseguradora debe indicar claramente el esquema ofertado, si es con rangos o bajo un límite unico combinado, en caso de no especificarlo se entenderá que es por rangos.
B30: PÉRDIDA TOTAL POR DAÑOS (Incluidos actos terroristas y riesgos asegurados por pólizas contratadas por el Gobierno Nacional o Entidades de cualquier orden). | E30: Se amparan los daños materiales sufridos por el vehículo asegurado como consecuencia de un accidente o de actos malintencionados de terceros en el que el costo de los repuestos, la mano de obra necesaria para las reparaciones y su impuesto a las ventas, tengan un valor igual o superior al 75% del valor comercial del vehículo al momento del accidente.
B31: PÉRDIDA PARCIAL POR DAÑOS (Incluidos actos terroristas y riesgos asegurados por pólizas contratadas por el Gobierno Nacional o Entidades de cualquier orden). | E31: Se amparan los daños materiales sufridos por el vehículo asegurado como consecuencia de un accidente o de actos malintencionados de terceros en el que el costo de los repuestos, la mano de obra necesaria para las reparaciones y su impuesto a las ventas, tengan un valor inferior al 75% del valor comercial del vehículo al momento de la ocurrencia del hecho. Se cubren, además, bajo este amparo, los daños a los equipos de audio, de calefacción u otros accesorios o equipos no necesarios para el funcionamiento normal del vehículo.
B32: PÉRDIDA TOTAL POR HURTO (Incluidos actos terroristas y riesgos asegurados por pólizas contratadas por el Gobierno Nacional o Entidades de cualquier orden). | E32: Se ampara la pérdida total y permanente del vehículo asegurado por causa de cualquier modalidad de hurto en los términos del código penal colombiano.
B33: PÉRDIDA PARCIAL POR HURTO (Incluidos actos terroristas y riesgos asegurados por pólizas contratadas por el Gobierno Nacional o Entidades de cualquier orden). | E33: Se ampara la pérdida parcial de las partes del vehículo asegurado por causa de cualquier modalidad de hurto en los términos del código penal colombiano.
B34: ACTOS MAL INTENCIONADOS DE TERCEROS ASONADA, MOTÍN, CONMOCIÓN CIVIL O POPULAR Y HUELGA (INCLUIDO TERRORISMO Y SABOTAJE) | E34: Se amparan las pérdidas o daños producidos al vehículo asegurado como consecuencia de AMIT (Actos Mal Intencionados de Terceros), terrorismo, huelgas, amotinamientos, conmociones civiles, actos de grupos subversivos o al margen de la ley, incluidos actos terroristas y riesgos asegurados por pólizas contratadas por el Gobierno Nacional o Entidades de cualquier orden, así como las pérdidas ocurridas a consecuencia de estos eventos o las ocurridas después de un accidente
B35: TERREMOTO, TEMBLOR Y/O ERUPCIÓN VOLCÁNICA Y DEMÁS EVENTOS DE LA NATURALEZA | E35: Se amparan los daños y pérdidas sufridas por el vehículo asegurado causados por temblor, terremoto erupción volcánica, maremotos, caída de piedras, inundación, vientos fuertes, lluvias, huracán, granizo, nevadas, tornado y ciclón, y cualquier otro evento de la naturaleza.
B36: 6.6. | C36: AMPAROS ADICIONALES
B37: NO APLICACIÓN DE DEDUCIBLES | E37: La aseguradora acepta que esta ópera póliza sin aplicación de deducible alguno.
B38: AMPARO DE PROTECCIÓN PATRIMONIAL | E38: Este amparo cubre los daños sufridos por el vehículo asegurado y los perjuicios que se causen con motivo de determinada Responsabilidad Civil Extracontractual en que incurra de acuerdo con la Ley, proveniente de un accidente de tránsito ocasionados por el vehículo asegurado cunado el asegurado o el conductor autorizado desatienda las señales reglamentarias de tránsito, no acate la seña roja de los semáforos, conduzca a una velocidad que exceda la permitida, o cuando el conductor se encuentre bajo el efecto de bebidas embriagantes, drogas tóxicas, heroicas o alucinógenas.
B39: ASISTENCIA EN VIAJE Para automóviles, vehículos, camionetas incluyendo motos y vehiculos pesados sin limitante alguno a los trayectos permitidos por evento. | E39: Queda expresamente convenido y aceptado, que bajo esta cobertura la aseguradora se compromete a prestar la asistencia en viajes para los vehículos asegurados y para tal efecto, se obliga a suministrar con la póliza el procedimiento bajo el cual se atenderá el servicio, el cual debe cumplir el requisito de atención inmediata veinticuatro (24) horas diarias continuas en vigencia de la póliza. Así mismo queda acordado que la aseguradora reconocerá la totalidad de los costos que se generen por este servicio y que en los casos en que no se llegue a prestar el servicio en forma inmediata, la asistencia será contratada por la Entidad y a su vez la compañía aseguradora responderá por los costos de ésta. El servicio de Asistencia en Viaje debe aplicar para amparar el transporte de todos los ocupantes del vehículo al destino que se tenía programado, además este servicio de asistencia debe operar sin restricción del número de servicios o limitación de kilometraje en todo el territorio y sin limitante alguna a zonas con problemas de orden público.
B40: GASTOS DE GRÚA, TRANSPORTE Y PROTECCIÓN AL VEHÍCULO (Aplica para todos los vehículos asegurados) | E40: La aseguradora acepta que bajo este seguro se amparan y paga directamente los gastos de grúa, transporte y protección de los vehículos, que se causen como consecuencia de siniestros que afecten las coberturas de pérdidas parciales y/o totales, incluidos los gastos de bodegajes y parqueaderos que se generen por accidentes sin que para la indemnización se aplique deducible u otro tipo de descuento. Bajo esta condición, la aseguradora acepta el pago de grúas, transporte y/o protección de los vehículos incluido los gastos de bodegajes y parqueaderos que se generen a consecuencia de reclamos presentados a la compañía, hasta tanto se defina la aplicación del siniestro bajo la póliza. Esta condición debe aplicar sin restricción del número de servicios grúas o limitación de kilometraje.
B41: GASTOS DE TRANSPORTE POR PÉRDIDAS TOTALES (Daños y/o Hurto) (esta condición no aplica para motos y vehículos pesados.) Limite de $35.000 diarios y hasta (90) días. Se califica en Condiciones Adicionales (Formato No. 3) el porcentaje adicional a la condición requerida. | E41: En caso de pérdida total por daños o por hurto, el asegurado recibirá de en adición a la indemnización a que hubiere lugar por dicho concepto, una suma diaria para compensar los gastos de transporte en que deba incurrir el asegurado mientras esté privado del uso del vehículo asegurado, la suma diaria por gastos de transporte será liquidada a partir del día siguiente al cual el asegurado haya demostrado la ocurrencia y cuantía de la pérdida y terminará cuando se haga efectivo el reconocimiento de la indemnización.
B42: GASTOS DE BODEGAJE Sublímite $5.000.000 evento / vigencia 6.4. Se califica en Condiciones Adicionales (Formato No. 3) el porcentaje adicional a la condición requerida. | E42: La aseguradora acepta expresamente que como causa de un siniestro se requiera el pago de bodegaje, este será por cuenta de la Compañía, sin cargo alguno a la Entidad asegurada y no aplica condición de pago por reembolso.
B43: EXTENSIÓN DE ASISTENCIA EN VIAJES (SERVICIO DE GRÚA) (Aplica para todos los vehículos asegurados) | E43: La aseguradora acepta que bajo esta cobertura se extiende la Asistencia en Viajes para atender todo el parque automotor, para lo cual la compañía se compromete a prestar este servicio y la aseguradora se obliga a suministrar con la póliza el procedimiento bajo el cual se atenderá éste, el cual debe cumplir el requisito de atención inmediata veinticuatro (24) horas diarias continuas, durante la vigencia del seguro. Así mismo queda acordado que la aseguradora reconocerá la totalidad de los costos que se generen por este servicio y que en los caso en que no se llegue a prestar el servicio en forma inmediata, la asistencia será contratada por la Entidad y a su vez la compañía aseguradora responderá por los costos de ésta. El servicio de Asistencia en Viaje debe aplicar sin restricción del número de servicios o limitación de kilometraje y sin limitante alguna a zonas con problemas de orden público.
B44: NO SUBROGACIÓN CONTRA CONDUCTORES Y/O COMODATARIOS | E44: Queda entendido, convenido y aceptado que en caso de un siniestro, que afecta la presente póliza, la Compañía de Seguros renuncia al derecho de subrogación sobre el conductor del vehículo, sus parientes en línea directa o colateral dentro del segundo grado civil de consanguinidad, su padre adoptante, su hijo adoptivo, su cónyuge no divorciado o sobre cualquier funcionario de la Entidad, o empleados temporales o personas que realicen asesorías o trabajos para la Entidad por contrato de prestación de servicios.
B45: ASISTENCIA JURÍDICA EN PROCESOS PENALES | E45: Queda expresamente acordado y convenido que bajo esta cobertura la aseguradora se obliga a prestar la asistencia penal que requiera la entidad asegurada, como consecuencia de cualquier evento amparado que estén involucrados los vehículos asegurados, a través de las firmas y/o profesionales de la compañía y/o contratados por la misma. De conformidad con lo anterior, la aseguradora se obliga a suministrar con la póliza el listado de las firmas y/o profesionales que prestarán la asistencia jurídica en Proceso Penal, el cual debe cumplir el requisito de atención veinticuatro (24) horas diarias continuas, durante la vigencia del seguro, e indicar el procedimiento a seguir para la atención a la Entidad. Se precisa que la actualización del listado será obligación de la aseguradora. De igual forma queda convenido que el costo de esta asistencia será reconocida por la aseguradora y por lo tanto en caso de que la , deba contratar la asistencia, por razón a la no prestación inmediata de la asistencia jurídica, la aseguradora se obliga a pagar los costos generados, hasta el límite asegurado ofrecido para este amparo.
E46: TABLA DE HONORARIOS PROCESO PENAL LEY 906 DE AGOSTO 31 DE 2004
E47: ETAPAS | F47: DELITOS
F48: LESIONES | G48: HOMICIDIO
E49: REACCION IMEDIATA Y/O ACTUACION PREVIA O PREPROCESAL | F49: 40 SMDLV | G49: 50 SMDLV
E50: AUDIENCIA DE CONCILIACION PREPROCESAL Y/O LEGALIZACION DE LA CAPTURA | F50: 32 SMDLV | G50: 40 SMDLV
E51: AUDIENCIA DE FORMULACION DE IMPUTACION | F51: 66 SMDLV | G51: 92 SMDLV
E52: AUDIENCIA DE SOLICITUD DE MEDIDA DE ASEGURAMIENTO | F52: 25 SMDLV | G52: 33 SMDLV
E53: AUDIENCIA DE ACUSACION O PRECLUSION | F53: 50 SMDLV | G53: 60 SMDLV
E54: AUDIENCIA PREPARATORIA | F54: 81 SMDLV | G54: 120 SMDLV
E55: AUDIENCIA DE JUICIO ORAL (SENTENCIA CONDENATORIA O ABSOLUTORIA) | F55: 120 SMDLV | G55: 261 SMDLV
E56: AUDIENCIA DE REPARACION DE PERJUICIOS | F56: 60 SMDLV | G56: 114 SMDLV
E57: AUDIENCIAS PRELIMINARES | F57: 11 SMDLV | G57: 11 SMDLV
B58: ASISTENCIA JURÍDICA EN PROCESOS CIVILES, POR EVENTO | E58: Queda expresamente acordado que la cobertura de responsabilidad extracontractual otorgada, de conformidad con lo estipulado en el Art. 1128.- del Código del Comercio, se extiende a amparar también los costos del proceso que el tercero damnificado o sus causahabientes promuevan en su contra o la del asegurado, para obtener la indemnización de perjuicios, por hechos imputables al asegurado y/o la Entidad tomadora que causen la muerte, lesión o menoscabo en la salud de las personas (daños personales) y/o el deterioro o destrucción de bienes (daños materiales) y perjuicios económicos (incluido lucro cesante y daño moral), como consecuencia directa de tales daños personales y/o daños materiales y/o cualquier evento amparado bajo la presente póliza. Queda igualmente convenido que la aseguradora de común acuerdo con la Entidad, podrá prestar la asistencia Jurídica en proceso civil que requiera la entidad asegurada, a través de las firmas y/o profesionales de la compañía y/o contratados por la misma, para lo cual la compañía se obliga a suministrar con la póliza el listado de las firmas y/o profesionales que prestarán la asistencia, el cual debe cumplir el requisito de atención veinticuatro (24) horas diarias continuas, durante la vigencia del seguro, e indicar el procedimiento a seguir para tal efecto. Se precisa que la actualización del listado será obligación de la aseguradora. De igual forma queda convenido que el costo de esta asistencia será reconocida por la aseguradora y por lo tanto en caso de que la , deba contratar la asistencia, por razón a la no prestación inmediata de la asistencia jurídica, la aseguradora se obliga a pagar los costos generados, hasta el límite asegurado ofrecido para este amparo.
E59: TABLA DE HONORARIOS PROCESO CIVILES
E60: ETAPAS | F60: VALORES
E61: AUDIENCIAS DE CONCILIACION PREJUDICIAL | F61: 11 Salarios mínimos Diarios Legales Vigentes
E62: CONTESTACION DE LA DEMANDA - LLAMAMIENTO EN GARANTIA | F62: 100 Salarios mínimos Diarios Legales Vigentes
E63: AUDIENCIA DE CONCILIACION | F63: 25 Salarios mínimos Diarios Legales VigentesV (Si se realiza la diligencia pero no se logra la conciliación) 75 Salarios mínimos Diarios Legales Vigentes (Si se logra la conciliación)
E64: ALEGATOS DE CONCLUSION | F64: 60 Salarios mínimos Diarios Legales Vigentes
E65: SENTENCIA | F65: 60 Salarios mínimos Diarios Legales Vigentes
B66: ASISTENCIA JURÍDICA EN PROCESOS DE REPARACIÓN DIRECTA, POR EVENTO | E66: Queda expresamente acordado que la cobertura de responsabilidad extracontractual otorgada, de conformidad con lo estipulado en el Artículo 1128.- del Código del Comercio y en el Artículo 86 del C.C.A., modificado por la Ley 446 de 1998, artículo 31, se extiende a amparar también los costos del proceso que el tercero damnificado o sus causahabientes promuevan en su contra o la del asegurado, para ejercer derechos emanados de la responsabilidad extracontractual, por hechos imputables al asegurado y/o la Entidad tomadora que causen la muerte, lesión o menoscabo en la salud de las personas (daños personales) y/o el deterioro o destrucción de bienes (daños materiales) y perjuicios económicos (incluido lucro cesante y daño moral), como consecuencia directa de tales daños personales y/o daños materiales y/o cualquier evento amparado bajo la presente póliza. Queda igualmente convenido que la aseguradora de común acuerdo con la Entidad, podrá prestar la asistencia Jurídica en en proceso de Reparación Directa que requiera la entidad asegurada, a tráves de las firmas y/o profesionales de la compañía y/o contratados por la misma, para lo cual la compañía se obliga a suministrar con la póliza el listado de las firmas y/o profesionales que prestarán la asistencia, el cual debe cumplir el requisito de atención veinticuatro (24) horas diarias continuas, durante la vigencia del seguro, e indicar el procedimiento a seguir para tal efecto. Se precisa que la actualización del listado será obligación de la aseguradora. Así mismo queda expresamente convenido que dentro de los costos del proceso, antes referidos, se consideran incluidos los honorarios de abogados en que incurra el asegurado para defender sus intereses y/o de la aseguradora, dentro de los procesos en que se discuta la responsabilidad del tomador y/o asegurado, aún en exceso de la suma asegurada; de conformidad con los siguientes límites:
E67: TABLA DE HONORARIOS PROCESOS DE REPARACIÓN DIRECTA
E68: ETAPAS | F68: VALORES
E69: CONCILIACION (LEY 640 DE 2001) | F69: 25 Salarios mínimos Diarios Legales VigentesV (Si se realiza la diligencia pero no se logra la conciliación) 75 Salarios mínimos Diarios Legales Vigentes (Si se logra la conciliación)
E70: CONTESTACION DE LA DEMANDA - LLAMAMIENTO EN GARANTIA | F70: 100 Salarios mínimos Diarios Legales Vigentes
E71: ALEGATOS DE CONCLUSION | F71: 60 Salarios mínimos Diarios Legales Vigentes
E72: SENTENCIA | F72: 60 Salarios mínimos Diarios Legales Vigentes
B73: DETERMINACIÓN DEL COSTO DEL SEGURO CON TASA ÚNICA | E73: La aseguradora de conformidad con la oferta económica presentada para este seguro, aplica tasa única para la determinación del costo del seguro y acepta la aplicación de la misma para las nuevas inclusiones de vehículos que se causen bajo la presente póliza.
B74: ACTOS DE AUTORIDAD | E74: La póliza se extiende a cubrir los daños o pérdidas materiales de los bienes asegurados, causados directamente por la acción de la autoridad legalmente constituida, ejercida con el fin de disminuir o aminorar las consecuencias de cualquiera de los riesgos amparados. Se excluye el embargo y la confiscación de bienes.
B75: 6.7. | C75: CLÁUSULAS BÁSICAS
B76: REVOCACIÓN DE LA PÓLIZA, CLÁUSULAS O CONDICIONES. Con termino de noventa (90) días y para AMIT, AMCCOPH, Terrorismo y Sabotaje diez (10) días. | E76: La aseguradora podrá revocar la póliza, cláusulas o condiciones unilateralmente por la compañía, mediante noticia escrita enviada al asegurado, a su última dirección registrada, con no menos de noventa (90) días y para AMIT Y AMCCOPH diez (10) días, de antelación; contados a partir de la fecha del envío. El asegurado podra pedir la revocación en cualquier momento, según lo previsto en el Código de Comercio. Así mismo, en el caso de que la aseguradora decida no otorgar renovación o prorroga del contrato de seguro, excepto para AMIT, AMCCOPH, Terrorismo y Sabotaje, deberá dar aviso de ello al asegurado con no menos de noventa (90) días de antelación a la fecha de vencimiento de la póliza, en caso contrario se dará por entendido que la aseguradora acepta la renovación o prorroga hasta el límite legal establecido en la Ley 80 de 1993, para la adición de los contratos y manteniendo las mismas condiciones ofertadas en este proceso de aseguradoras.
B77: ERRORES, OMISIONES O INEXACTITUDES | E77: El tomador está obligado a declarar sinceramente los hechos y circunstancias que determinen el estado del riesgo. La inexactitud sobre hechos o circunstancias que, conocidas por la compañía, la hubieren retraído de celebrar el contrato o inducido a estipular condiciones más onerosas, produce la nulidad relativa del seguro. Sin embargo, si se incurriere en errores, omisiones e inexactitudes inculpables al tomador o al asegurado, el contrato no será nulo ni habrá lugar a la aplicación del inciso tercero del artículo 1058 del Código de Comercio sobre reducción porcentual de la prestación asegurada. En este caso se deberá pagar la prima adecuada al verdadero estado del riesgo.
B78: AMPLIACIÓN AVISO DEL SINIESTRO Con termino de noventa (90) días. | E78: Queda convenido y aceptado que el asegurado podrá dar aviso de la ocurrencia del siniestro en un término de noventa (90) dias siguientes a la fecha en que haya conocido o debido conocer la ocurrencia del mismo.
B79: DESIGNACIÓN O DENOMINACIÓN DE BIENES | E79: La aseguradora acepta el título, nombre, denominación o nomenclatura con que el asegurado identifica o describe los bienes asegurados en sus registros o libros de comercio o contabilidad.
B80: CONOCIMIENTO DEL RIESGO | E80: La aseguradora acepta mediante la presente cláusula que la Entidad, le ha brindado la oportunidad para realizar la inspección de los bienes y riesgos a que están sujetos los mismos y el patrimonio del Asegurado, razón por la cual se deja constancia del conocimiento y aceptación de los hechos, circunstancias y, en general, condiciones de los mismos. La compañía se reserva el derecho de llevar a cabo la inspección cuantas veces lo juzgue pertinente.
B81: ANTICIPO DE INDEMNIZACIÓN DEL 80%. Se califica en Condiciones Adicionales (Formato No. 3) el porcentaje adicional a la condición requerida. | E81: Queda expresamente acordado que, a petición escrita de la Entidad, la aseguradora anticipará pagos parciales sobre el valor de cualquier reclamo, con base en el valor de la estimación preliminar de la pérdida aceptada por el ajustador, para adelantar la reparación, reposición o remplazo de los bienes asegurados. En el caso de que no haya nombramiento de ajustador, el anticipo se liquidará con base en la valoración de la cuantía de la pérdida amparada, acreditada por la entidad mediante cotización de la misma. Este anticipo también se extiende a cualquier tipo de gastos que se requiera para la operatividad de la póliza. En caso que el anticipo o suma de anticipos que la compañía adelante al asegurado llegare a exceder la suma total indemnizable a que tenga derecho, éste se compromete a devolver el exceso pagado. Para esta cláusula la aseguradora debe contemplar un plazo máximo para el pago del anticipo de diez (10) días hábiles contados a partir de la fecha de solicitud y formalización del mismo este y no se acepta el requerimiento de ningún requisito adicional para realizar el anticipo
B82: MODIFICACIONES A FAVOR DEL ASEGURADO | E82: Los cambios o modificaciones a las condiciones de la presente póliza, serán acordados mutuamente entre la compañía y el asegurado. El certificado, documento o comunicaciones que se expidan para formalizarlos debe ser firmado, en señal de aceptación, por un representante legal del asegurado o funcionario autorizado, prevaleciendo sobre las condiciones de esta póliza. No obstante si durante la vigencia de la póliza se presentan modificaciones en las condiciones del seguro, legalmente aprobadas que representen un beneficio a favor del asegurado, tales modificaciones se consideran automáticamente incorporadas. Siempre y cuando no causen cobro de prima adicional.
B83: NOMBRAMIENTO Y DESIGNACIÓN DE AJUSTADORES | E83: El nombramiento de ajustadores deberá efectuarse de común acuerdo entre la aseguradora y el asegurado, para lo cual la aseguradora presentará para cada reclamo una relación de cinco (5) firmas ajustadoras. No obstante la anterior condición, el asegurador con su propuesta se obliga a presentar la lista de todos sus ajustadores y la Entidad se reserva el derecho de nombrar al ajustador que considere más adecuado o solicitar el cambio de los mismos en caso de que no fueren de su entera satisfacción, sin que para ello se requiera motivación alguna.
B84: RESTITUCIÓN AUTOMÁTICA DEL LÍMITE ASEGURADO PARA EL AMPARO DE RESPONSABILIDAD CIVIL EXTRACONTRACTUAL | E84: Mediante la presente cláusula la aseguradora acepta expresamente, que en el caso de presentarse un siniestro que afecte la presente póliza, la cuantía del mismo se considerará inmediatamente restablecida desde el momento de la ocurrencia del siniestro. Esta condición no aplica para las coberturas de Pérdidas totales por daños o hurto. El restablecimiento ofrecido por esta condición, dará derecho a la Compañía al cobro de la prima, a prorrata, correspondiente al monto restablecido, únicamente para los siniestros que afecten la cobertura de Responsabilidad Civil Extracontractual; desde la fecha de la ocurrencia de la pérdida hasta el vencimiento de la póliza, expedición de cuyo certificado de seguro realizará una vez efectuado el pago de la indemnización.
B85: VARIACIONES DEL RIESGO | E85: Queda entendido, convenido y aceptado que las notificaciones que sobre los hechos o circunstancias no previsibles que sobrevengan con posterioridad a la celebración del contrato de seguro y que, conforme al criterio consignado en el inciso 1° del artículo 1058 del código de comercio, signifiquen agravación del riesgo, se efectuarán por la Entidad dentro de los cuarenta y cinco (45) días siguientes a la fecha de modificación del riesgo.
B86: NO CONCURRENCIA DE AMPAROS, CLÁUSULAS O CONDICIONES | E86: Queda entendido, convenido y aceptado, que si dos o más amparos, cláusulas o condiciones otorgan cobertura a un mismo evento, se indemnizará con base en aquella que ofrezca mayor protección para los intereses del asegurado. De igual manera prevalecerán los amparos, cláusulas o condiciones que otorguen coberturas sobre aquellos que las excluyan. En todo caso y ante cualquier discrepancia sobre cual es el amparo, cláusula o condición aplicable a un caso determinado, se aplicara aquella o aquellas que en conjunto determine el asegurado de acuerdo a su conveniencia.
B87: NO APLICACIÓN DE GARANTÍAS | E87: Queda expresamente acordado y aceptado que la cobertura otorgada bajo la presente póliza no queda sujeta al cumplimiento de ningún tipo de garantía por parte de la entidad asegurada.
... B124: CLÁUSULA DE JURISDICCION Y SOLUCION DE CONTROVERSIAS | E124: Toda y cualquier diferencia que surja entre las partes por la interpretación del presente contrato, su ejecución, cumplimiento, terminación o las consecuencias futuras del mismo, será dirimida bajo la jurisdicción y legislación de la República de Colombia. Las diferencias y controversias que surjan se solucionarán con sujeción a las siguientes instancias que se agotarán de forma sucesiva o a elección de las partes, así:
E125: a). Arreglo Directo: Las partes tratarán de resolver sus diferencias de forma directa y entre ellas mismas dentro del plazo de quince (15) días contados a partir de la notificación escrita en que cualquiera de ellas informe a la otra de un conflicto o controversia orIginado en el contrato. b). Conciliación: Agotado el plazo anterior sin que las partes lograsen un acuerdo por si mismas, acudirán a la asistencia de un conciliador legalmente autorizado que se designará y actuará según los parámetros establecidos por la Ley 446 de 1998 y el decreto 1818 del mismo año, la etapa de conciliación durará un mes (1) desde el momento en que las partes o cualquiera de ellas radique la solicitud de conciliación respectiva, en caso de lograrse la conciliación la misma producirá efectos de cosa juzgada entre las partes, en caso contrario agotará el requisito de procedibilidad para acudir a la jurisdicción ordinaria o arbitral según corresponda, de acuerdo con los literales c) y d) de la presente cláusula.
E126: c). Jurisdicción Ordinaria: Agotadas las instancias anteriores, si la cuantía de las pretensiones derivadas de la diferencia que surja entre las partes por la interpretación del presente contrato, su ejecución, cumplimiento, terminación o las consecuencias futuras del mismo, no excediere de 220 SMMLV las partes sujetarán su controversia a la decisión del juez de instancia que corresponda según la cuantía y competencia en arreglo a lo previsto por el código de procedimiento Civil. d). Jurisdicción Arbitral: Agotadas las instancias anteriores, si la cuantía de las pretensiones derivadas de la diferencia que surja entre las partes por la interpretación del presente contrato, su ejecución, cumplimiento, terminación o las consecuencias futuras del mismo, se llevará el conflicto a la decisión de un Tribunal de Arbitramento Institucional cuyo domicilio será la ciudad de Bogotá D.C., el Tribunal estará integrado por un (1) árbitro que será designado conjuntamente por las partes dentro de los quince (15) días hábiles siguientes al envío de la comunicación por correo certificado que una de ellas le haga llegar a la otra solicitando la conformación del Tribunal; en caso de desacuerdo o falta de respuesta de la parte requerida, la otra parte podrá solicitar la designación y conformación del Tribunal al centro de Arbitraje y Conciliación de la Cámara de Comercio de la ciudad de Bogotá D.C.. El Tribunal así conformado funcionará en la ciudad de Bogotá D.C. y el laudo deberá proferirse en derecho, sujetándose en un todo al Decreto 2279 de 1.989, la ley 23 de 1.991, a la Ley 446 de 1.998, sus decretos reglamentarios y demás normas que regulan esta figura judicial. Esta última sujeta a lo dispuesto en Directiva Presidencial 04 del 18 de mayo de 2018.
B127: LIQUIDACIÓN A PRORRATA PARA PRÓRROGA DE LA VIGENCIA | E127: En caso de que el asegurado lo requiera, la aseguradora realizara la liquidación de la prima de la prorroga a prorrata con las mismas tasas y condiciones de la póliza inicial. Siempre y cuando la siniestralidad de la póliza no sea mayor al 50%, en el caso que la siniestralidad supere el 50% la aseguradora acordará con el asegurado las condiciones en que se otorgará la prórroga.
B128: COBERTURA ACCIDENTES PERSONALES PARA LOS CONDUCTORES DE LOS VEHICULOS ASEGURADOS. SE EXCLUYEN MOTOS Sublímite de $10.000.000 por persona. | E128: Queda entendido, convenido y aceptado que en caso de un siniestro, que afecte la presente póliza, la Compañía de Seguros extiende la cobertura en caso de muerte accidental e incapacidad permanente para el conductor del vehículo asegurado, con límite básico señalado por cada el conductor del vehículo. Esta condición aplica únicamente por muerte accidental del conductor. Se excluyen motos
B129: CONTABILIZACIÓN DE TÉRMINOS DE PRESCRIPCIÓN DE LA ACEPTACIÓN DE LA INDEMNIZACIÓN | E129: Queda expresamente entendido, convenido y aceptado que frente a la interrupción de la prescripción cuando se reconoce la obligación por parte del asegurador, en los términos del artículo 2539 del Código Civil, el término se empezará a contabilizar nuevamente a partir del momento en que se notifique al asegurado la liquidación final y definitiva del siniestro y no desde cuando se emitan comunicaciones de reconocimiento del tipo de pérdida ocurrida y/o liquidaciones parciales y/o cualquier otro tipo de documento.
B130: CONDICIONES DE RENOVACIÓN Y/O PRORROGA DE LA PÓLIZA | E130: En caso de que el asegurado decida renovar y/o prorrogar la póliza, la aseguradora se obliga a mantener los términos contratados con las mismas tasas y condiciones de la póliza inicial, siempre y cuando la siniestralidad de la póliza no sea mayor al 50%, en el caso que la siniestralidad supere el 50% la aseguradora acordará con el asegurado las condiciones en que se otorgará las condiciones de renovación. La aseguradora se obliga a entregar en cualquiera de las situaciones de resultado de siniestralidad, las condiciones con una antelación de cuarenta y cinco (45) días antes del vencimiento de la póliza.
B131: CLÁUSULA DE NO ACEPTACIÓN DE COASEGURO | E131: En el evento en el que el contrato de seguro sea celebrado a través de una figura asociativa, la misma se celebrará bajo alguna de las modalidades previstas en el artículo 7º del Estatuto General de Contratación de la Administración Pública – EGCP (Unión temporal, consorcio, entre otros). Adicionalmente, no serán aceptados los contratos de seguros estructurados por dos o más Compañías de seguros, en calidad de coaseguradores, y toda disposición que se realice con esta referencia (coaseguro), se entenderá por no escrita.
B132: CLÁUSULA DE CONOCIMIENTO POR LOS MIEMBROS DE LA FIGURA ASOCIATIVA | E132: Esta cláusula será aplicada cuando se presente la asociación de dos o más Aseguradoras, sin importar la figura utilizada para tal fin. Las Compañías de Seguros que actúan como integrantes de cualquier figura asociativa (consorcio, unión temporal, etc.) dentro del presente contrato de seguro, conocen y aceptan: i) las condiciones generales y particulares de la póliza, ii) Cualquier anexo y/o certificado que sobre la póliza inicial emita la Compañía líder de la figura asociativa. En igual sentido, declaran que cualquier reclamación, notificación, requerimiento o comunicación formulada por el asegurado o por un tercero a la compañía líder o cualquiera de sus integrantes, se entiende automáticamente formulada ante todos los integrantes de la figura asociativa establecida para tal fin.
B133: CLÁUSULA DE SOLIDARIDAD ENTRE LOS MIEMBROS DE LA FIGURA ASOCIATIVA | E133: En caso de figuras asociativas se considera lo contemplado en el parágrafo 2 del artículo 7 de la Ley 80 de 1993, el cual indica “En los casos en que se conformen sociedades bajo cualquiera de las modalidades previstas en la ley con el único objeto de presentar una propuesta, celebrar y ejecutar un contrato estatal, la responsabilidad y sus efectos se regirá por las disposiciones previstas en esta ley para los consorcios.”, por tanto, frente a la contratación estatal queda entendido que existirá la solidaridad en el cumplimiento del contrato de seguros y las obligaciones derivadas del mismo.
B134: CLÁUSULA IDENTIFICACIÓN DE LA FIGURA ASOCIATIVA EN LA PÓLIZA | E134: En el evento que el contrato se seguro sea celebrado a través alguna figura asociativa (consorcio, unión temporal, etc.) compuesta por dos o más compañías de seguros, en virtud del artículo 1047 del Código de Comercio, en la póliza deberá incorporarse: (i) el nombre del contratista (razón social de la figura asociativa establecida en su documento de conformación) y (ii) la razón social, número de identificación y porcentajes de participación de cada una de las ase
B135: CLÁUSULA DE CONDICIONES PARTICULARES | E135: Queda expresamente acordado y convenido, que la aseguradora acepta las condiciones obligatorias (mínimas técnicas) establecidas en este anexo, en los términos señalados en el mismo, por lo tanto, en caso de existir discrepancia ente los ofrecimientos contenidos en la propuesta técnica básica, frente a los textos de los ejemplares de las pólizas, a las condiciones generales, certificados, anexos o cualquier otro documento; prevalecerá la información y condiciones básicas técnicas establecidas de este anexo, de igual forma en caso de encontrarse contradicción en alguna condición prevalecerá la de mayor beneficio para el asegurado.
B136: DETERMINACIÓN DE CONDICIONES Y REQUISITOS PARA EL PAGO DE INDEMNIZACIONES | E136: La aseguradora manifiesta expresamente que acepta los requisitos y documentos contenidos en el ANEXO No. 10 REQUISITOS PARA EL PAGO DE LAS INDEMNIZACIONES, como únicos para la atención y pago de reclamaciones por siniestros. A futuro no podrá exigir documentos o trámites adicionales.
B137: 6.8. | C137: EXCLUSIÓN DE ENFERMEDADES TRANSMISIBLES O CONTAGIOSAS
B138: Exclusión absoluta de enfermedades infecciosas o contagiosas: Sin perjuicio de cualquier otra disposición en contrario, se aclara que este seguro no cubre ninguna reclamación, pérdida, responsabilidad, costo o gasto de cualquier naturaleza que surja directa o indirectamente de, contribuya o resulte de enfermedades, epidemias o pandemias, tales como el Coronavirus (COVID-19), enfermedad respiratoria aguda grave síndrome coronavirus 2 (SARS-CoV-2), o cualquier mutación o variación de los mismos. Esta exclusión también aplica a cualquier reclamo, pérdida, costo o gasto de cualquier naturaleza que surja directa o indirectamente de, en contribución a, o resultante de: 1) Cualquier temor o amenaza que surja en respuesta a una enfermedad infecciosa real o potencial; o 2) Cualquier acción tomada para controlar, prevenir, suprimir o de cualquier manera relacionada con cualquier brote de enfermedades infecciosas tales como coronavirus (COVID-19), coronavirus 2 por síndrome respiratorio agudo severo (SARS-CoV-2), cualquier mutación o variación de los mismos, o de cualquier otra enfermedad, epidemia o pandemia.
B139: 6.9. | C139: COBERTURAS, AMPAROS Y BIENES SIN APLICACIÓN DE DEDUCIBLES EN FORMA OBLIGATORIA
B140: La Entidad, requiere oferta de cobertura SIN APLICACIÓN DE DEDUCIBLE, para los bienes y/o amparos y/o eventos, de está póliza y por lo tanto el proponente con la firma del FORMATO No. 1 - CARTA DE ACEPTACIÓN DE LAS CONDICIONES OBLIGATORIAS (MÍNIMAS TÉCNICAS), admite estas condiciones, so pena de rechazo de oferta.
...

Sheet 7. COND. BÁSICAS RCSP
